Workbook
Name Con_2020_Escalation: 'I2 Escalation factors'!$G$12
Name Con_2021_Escalation: 'I2 Escalation factors'!$G$13
Name Con2_Traffic_Mgmt_Lookup: Con2_CostAllowances!$G$3:$H$6
Name HistoricConstructEscalation: 'I2 Escalation factors'!$A$17:$D$18
Name I1_CurrentYear: 'I1 Assumptions'!$F$8
Name I1_Traffic_Mgmt_Lookup: 'I1 Assumptions'!$C$27:$D$30
Name I10_RenewalProject: I10_Renewals!$A$4:$A$60
Name I10_RenewalRate: I10_Renewals!$O$4:$O$60
Name I2_Const_Escal: 'I2 Escalation factors'!$A$3:$AR$5
Name I2_LandPriceEscalation: 'I2 Escalation factors'!$A$3:$AR$8
Name I2_LndPrcYearLkUP: 'I2 Escalation factors'!$A$3:$AR$3
Name I2_LndPrice_Lkup: 'I2 Escalation factors'!$A$3:$A$8
Name I2_LndPriceEsclrate: 'I2 Escalation factors'!$A$48:$AR$49
Name I2_LndPriceEscrate: 'I2 Escalation factors'!$A$7:$AR$8
Name I6_CurrentYear_DevStagePrice: 'I6 Land price model'!$F$4:$F$25
Name I6_CurrentYearDevStagePrice: 'I6 Land price model'!$F$4:$F$16
Name I6_DevelopmentArea: 'I6 Land price model'!$B$4:$B$25
Name I6_LandPriceModelYear: 'I6 Land price model'!$B$4:$AR$4
Name I6_UnescLandPriceModel: 'I6 Land price model'!$B$4:$AR$25
Name I9_AltPricePercent: I9_AlternativePricing!$D$4:$D$12
Name I9_AltPriceProperties: I9_AlternativePricing!$A$4:$A$12
Name I9_StandardPricePercent: I9_AlternativePricing!$E$4:$E$12
Name Land_2021_Escalation: 'I2 Escalation factors'!$G$14
Name Land_RID_Escalation: 'I2 Escalation factors'!$B$20
Name LandZoneEscalated: '[1]Land zone costs'!$B$32:$AR$48
Name LandZoneEscalated: '[1]Land zone costs'!$B$32:$AR$48
Name LandZoneEscalated: '[1]Land zone costs'!$B$32:$AR$48
Name LandZoneEscalated: '[2]Land zone costs'!$B$32:$AR$48
Name LandZoneUnescalated: '[1]Land zone costs'!$B$5:$AR$20
Name LandZoneUnescalated: '[1]Land zone costs'!$B$5:$AR$20
Name LandZoneUnescalated: '[1]Land zone costs'!$B$5:$AR$20
Name LandZoneUnescalated: '[2]Land zone costs'!$B$5:$AR$20
Name xxx: '[1]Land zone costs'!$B$5:$AR$20
Name xxxx: '[1]Land zone costs'!$B$32:$AR$48

Sheet Schematic

Sheet Project_Summary
F1: =SUMIFS(Lnd6_Proj_Prop_map!Z:Z,Lnd6_Proj_Prop_map!A:A,A11)/1.3 -> 0
A4: Project ID | B4: Project Number | C4: Project name | D4: Project description | E4: Include in DCs? | F4: Corridor Type | G4: Construction year | H4: Land Aqusition/Lease Cost (incl transaction costs) | I4: Contingency | J4: Land Cost Escalation due to Development Stage | K4: Land Price Escalation | L4: Total Property Cost | M4: Share of Property costs to expected to be provided through Mitigation | N4: Total Property Cost to be funded through NZTA, DCs and rates | O4: Construction Base Cost | P4: Contingency | Q4: Escalation | R4: Total Construction Costs | S4: Share of construction costs to expected to be provided through Mitigation | T4: Total Construction Cost to be funded through NZTA, DCs and rates | U4: Total project cost before mitigation (Property and Construction) | V4: Total project cost after mitigation (Property and Construction) | W4: Share of construction costs related to AT asset Renewal (these costs are deducted before loading to DC model) | X4: Project costs loaded to DC model before applying NZTA funding and DC growth percentage | Y4: Expected NZTA FAR rate funding | Z4: Level of Servce Share (rates funded) | AA4: Growth Share to be funded by DCs
A5: ="Drury_"&'Total project cost for DCs'!A4 -> Drury_1a | B5: ='Total project cost for DCs'!A4 -> 1a | C5: ='Total project cost for DCs'!B4 -> GSR improvements - Waihoehoe Rd to Drury Interchange | D5: ='Total project cost for DCs'!C4 -> 2-lane urban- existing road layout with active modes on both sides + intersection improvements (TDM) | E5: ='Total project cost for DCs'!D4 -> Exclude | F5: ='Total project cost for DCs'!E4 -> Interim Arterial | G5: ='Total project cost for DCs'!F4 -> 2024 | H5: 0 | I5: 0 | J5: 0 | K5: 0 | L5: 0 | M5: =IF($E5="Include",SUMIFS(Lnd8_Mitigation!AS:AS,Lnd8_Mitigation!A:A,$A5),0) -> 0 | N5: =L5+M5 -> 0 | O5: =IF($E5="Include",Con3_ClientCosts!O5,0) -> 0 | P5: =IF($E5="Include",Con4_Contigency!K5-Con3_ClientCosts!O5,0) -> 0 | Q5: =IF($E5="Include",Con6_EscalatedConst!AP5-Con4_Contigency!K5,0) -> 0 | R5: =O5+P5+Q5 -> 0 | S5: =IF($E5="Include",Con6_Mitigation!AN5-Con6_EscalatedConst!AP5,0) -> 0 | T5: =R5+S5 -> 0 | U5: =+R5+L5 -> 0 | V5: =+T5+N5 -> 0 | W5: =Con7_Renewal!AN5-Con6_Mitigation!AN5 -> 0 | X5: =IF(E5="Include",Prj1_GrowthLOSCost!AR5,0) -> 0 | Y5: =('Total project cost for DCs'!AT4+'Total project cost for DCs'!AU4)*-1 -> 0 | Z5: =+X5-AA5+Y5 -> 0 | AA5: =SUMIFS('LTP_for DC_model'!AG:AG,'LTP_for DC_model'!A:A,B5)+SUMIFS(Beyond_LTP_for_DC_model!AM:AM,Beyond_LTP_for_DC_model!A:A,B5) -> 0
A6: ="Drury_"&'Total project cost for DCs'!A5 -> Drury_1b | B6: ='Total project cost for DCs'!A5 -> 1b | C6: ='Total project cost for DCs'!B5 -> GSR improvements - Waihoehoe Rd to Drury Interchange | D6: ='Total project cost for DCs'!C5 -> 4-lane urban- existing road layout with active modes on both sides + intersection improvements (TDM) | E6: ='Total project cost for DCs'!D5 -> Include | F6: ='Total project cost for DCs'!E5 -> 4-lane arterial | G6: ='Total project cost for DCs'!F5 -> 2031 | H6: 0 | I6: 0 | J6: 0 | K6: 0 | L6: 0 | M6: =IF($E6="Include",SUMIFS(Lnd8_Mitigation!AS:AS,Lnd8_Mitigation!A:A,$A6),0) -> 0 | N6: =L6+M6 -> 0 | O6: =IF($E6="Include",Con3_ClientCosts!O6,0) -> 17505572 | P6: =IF($E6="Include",Con4_Contigency!K6-Con3_ClientCosts!O6,0) -> 8752786.1 | Q6: =IF($E6="Include",Con6_EscalatedConst!AP6-Con4_Contigency!K6,0) -> 5953088.5 | R6: =O6+P6+Q6 -> 32211447 | S6: =IF($E6="Include",Con6_Mitigation!AN6-Con6_EscalatedConst!AP6,0) -> 0 | T6: =R6+S6 -> 32211447 | U6: =+R6+L6 -> 32211447 | V6: =+T6+N6 -> 32211447 | W6: =Con7_Renewal!AN6-Con6_Mitigation!AN6 -> -1243497.8 | X6: =IF(E6="Include",Prj1_GrowthLOSCost!AR6,0) -> 30967949 | Y6: =('Total project cost for DCs'!AT5+'Total project cost for DCs'!AU5)*-1 -> -15793654 | Z6: =+X6-AA6+Y6 -> 2835831.8 | AA6: =SUMIFS('LTP_for DC_model'!AG:AG,'LTP_for DC_model'!A:A,B6)+SUMIFS(Beyond_LTP_for_DC_model!AM:AM,Beyond_LTP_for_DC_model!A:A,B6) -> 12338463
A7: ="Drury_"&'Total project cost for DCs'!A6 -> Drury_2a | B7: ='Total project cost for DCs'!A6 -> 2a | C7: ='Total project cost for DCs'!B6 -> GSR improvements - From Drury School to Waihoehoe Rd | D7: ='Total project cost for DCs'!C6 -> 2-lane urban- existing road layout with active modes on both sides + intersection improvements (TDM) | E7: ='Total project cost for DCs'!D6 -> Include | F7: ='Total project cost for DCs'!E6 -> Interim Arterial | G7: ='Total project cost for DCs'!F6 -> 2030 | H7: 0 | I7: 0 | J7: 0 | K7: 0 | L7: 0 | M7: =IF($E7="Include",SUMIFS(Lnd8_Mitigation!AS:AS,Lnd8_Mitigation!A:A,$A7),0) -> 0 | N7: =L7+M7 -> 0 | O7: =IF($E7="Include",Con3_ClientCosts!O7,0) -> 5192565.3 | P7: =IF($E7="Include",Con4_Contigency!K7-Con3_ClientCosts!O7,0) -> 2596282.6 | Q7: =IF($E7="Include",Con6_EscalatedConst!AP7-Con4_Contigency!K7,0) -> 1478537.4 | R7: =O7+P7+Q7 -> 9267385.3 | S7: =IF($E7="Include",Con6_Mitigation!AN7-Con6_EscalatedConst!AP7,0) -> 0 | T7: =R7+S7 -> 9267385.3 | U7: =+R7+L7 -> 9267385.3 | V7: =+T7+N7 -> 9267385.3 | W7: =Con7_Renewal!AN7-Con6_Mitigation!AN7 -> -692685.18 | X7: =IF(E7="Include",Prj1_GrowthLOSCost!AR7,0) -> 8574700.2 | Y7: =('Total project cost for DCs'!AT6+'Total project cost for DCs'!AU6)*-1 -> -4373097.1 | Z7: =+X7-AA7+Y7 -> 854922.54 | AA7: =SUMIFS('LTP_for DC_model'!AG:AG,'LTP_for DC_model'!A:A,B7)+SUMIFS(Beyond_LTP_for_DC_model!AM:AM,Beyond_LTP_for_DC_model!A:A,B7) -> 3346680.5
A8: ="Drury_"&'Total project cost for DCs'!A7 -> Drury_2b | B8: ='Total project cost for DCs'!A7 -> 2b | C8: ='Total project cost for DCs'!B7 -> GSR improvements - From Drury School to Waihoehoe Rd | D8: ='Total project cost for DCs'!C7 -> 4-lane urban- existing road layout with active modes on both sides + intersection improvements (TDM) | E8: ='Total project cost for DCs'!D7 -> Exclude - NZTA | F8: ='Total project cost for DCs'!E7 -> 4-lane arterial | G8: ='Total project cost for DCs'!F7 -> 2040 | H8: 0 | I8: 0 | J8: 0 | K8: 0 | L8: 0 | M8: =IF($E8="Include",SUMIFS(Lnd8_Mitigation!AS:AS,Lnd8_Mitigation!A:A,$A8),0) -> 0 | N8: =L8+M8 -> 0 | O8: =IF($E8="Include",Con3_ClientCosts!O8,0) -> 0 | P8: =IF($E8="Include",Con4_Contigency!K8-Con3_ClientCosts!O8,0) -> 0 | Q8: =IF($E8="Include",Con6_EscalatedConst!AP8-Con4_Contigency!K8,0) -> 0 | R8: =O8+P8+Q8 -> 0 | S8: =IF($E8="Include",Con6_Mitigation!AN8-Con6_EscalatedConst!AP8,0) -> 0 | T8: =R8+S8 -> 0 | U8: =+R8+L8 -> 0 | V8: =+T8+N8 -> 0 | W8: =Con7_Renewal!AN8-Con6_Mitigation!AN8 -> 0 | X8: =IF(E8="Include",Prj1_GrowthLOSCost!AR8,0) -> 0 | Y8: =('Total project cost for DCs'!AT7+'Total project cost for DCs'!AU7)*-1 -> 0 | Z8: =+X8-AA8+Y8 -> 0 | AA8: =SUMIFS('LTP_for DC_model'!AG:AG,'LTP_for DC_model'!A:A,B8)+SUMIFS(Beyond_LTP_for_DC_model!AM:AM,Beyond_LTP_for_DC_model!A:A,B8) -> 0
A9: ="Drury_"&'Total project cost for DCs'!A8 -> Drury_3 | B9: ='Total project cost for DCs'!A8 -> 3 | C9: ='Total project cost for DCs'!B8 -> Intersection upgrade on GSR/Karaka Rd intersection | D9: ='Total project cost for DCs'!C8 -> Intersection upgrades- existing intersection with active modes crossings (TDM) | E9: ='Total project cost for DCs'!D8 -> Exclude - NZTA | F9: ='Total project cost for DCs'!E8 -> 4-lane arterial | G9: ='Total project cost for DCs'!F8 -> 2026 | H9: 0 | I9: 0 | J9: 0 | K9: 0 | L9: 0 | M9: =IF($E9="Include",SUMIFS(Lnd8_Mitigation!AS:AS,Lnd8_Mitigation!A:A,$A9),0) -> 0 | N9: =L9+M9 -> 0 | O9: =IF($E9="Include",Con3_ClientCosts!O9,0) -> 0 | P9: =IF($E9="Include",Con4_Contigency!K9-Con3_ClientCosts!O9,0) -> 0 | Q9: =IF($E9="Include",Con6_EscalatedConst!AP9-Con4_Contigency!K9,0) -> 0 | R9: =O9+P9+Q9 -> 0 | S9: =IF($E9="Include",Con6_Mitigation!AN9-Con6_EscalatedConst!AP9,0) -> 0 | T9: =R9+S9 -> 0 | U9: =+R9+L9 -> 0 | V9: =+T9+N9 -> 0 | W9: =Con7_Renewal!AN9-Con6_Mitigation!AN9 -> 0 | X9: =IF(E9="Include",Prj1_GrowthLOSCost!AR9,0) -> 0 | Y9: =('Total project cost for DCs'!AT8+'Total project cost for DCs'!AU8)*-1 -> 0 | Z9: =+X9-AA9+Y9 -> 0 | AA9: =SUMIFS('LTP_for DC_model'!AG:AG,'LTP_for DC_model'!A:A,B9)+SUMIFS(Beyond_LTP_for_DC_model!AM:AM,Beyond_LTP_for_DC_model!A:A,B9) -> 0
A10: ="Drury_"&'Total project cost for DCs'!A9 -> Drury_4a | B10: ='Total project cost for DCs'!A9 -> 4a | C10: ='Total project cost for DCs'!B9 -> Waihoehoe Rd East upgrades- from Fitzgerald Rd to before Cossey Rd (development boundary) | D10: ='Total project cost for DCs'!C9 -> 2-lane urban - upgrade existing road layout with active modes on both sides, 20m cross-section | E10: ='Total project cost for DCs'!D9 -> Exclude | F10: ='Total project cost for DCs'!E9 -> 0 | G10: ='Total project cost for DCs'!F9 -> 0 | H10: 0 | I10: 0 | J10: 0 | K10: 0 | L10: 0 | M10: =IF($E10="Include",SUMIFS(Lnd8_Mitigation!AS:AS,Lnd8_Mitigation!A:A,$A10),0) -> 0 | N10: =L10+M10 -> 0 | O10: =IF($E10="Include",Con3_ClientCosts!O10,0) -> 0 | P10: =IF($E10="Include",Con4_Contigency!K10-Con3_ClientCosts!O10,0) -> 0 | Q10: =IF($E10="Include",Con6_EscalatedConst!AP10-Con4_Contigency!K10,0) -> 0 | R10: =O10+P10+Q10 -> 0 | S10: =IF($E10="Include",Con6_Mitigation!AN10-Con6_EscalatedConst!AP10,0) -> 0 | T10: =R10+S10 -> 0 | U10: =+R10+L10 -> 0 | V10: =+T10+N10 -> 0 | W10: =Con7_Renewal!AN10-Con6_Mitigation!AN10 -> 0 | X10: =IF(E10="Include",Prj1_GrowthLOSCost!AR10,0) -> 0 | Y10: =('Total project cost for DCs'!AT9+'Total project cost for DCs'!AU9)*-1 -> 0 | Z10: =+X10-AA10+Y10 -> 0 | AA10: =SUMIFS('LTP_for DC_model'!AG:AG,'LTP_for DC_model'!A:A,B10)+SUMIFS(Beyond_LTP_for_DC_model!AM:AM,Beyond_LTP_for_DC_model!A:A,B10) -> 0
A11: ="Drury_"&'Total project cost for DCs'!A10 -> Drury_4b | B11: ='Total project cost for DCs'!A10 -> 4b | C11: ='Total project cost for DCs'!B10 -> Waihoehoe Rd East upgrades- from Fitzgerald Rd to before Cossey Rd (development boundary) | D11: ='Total project cost for DCs'!C10 -> Expand to 24m cross section | E11: ='Total project cost for DCs'!D10 -> Include | F11: ='Total project cost for DCs'!E10 -> 2-lane Arterial | G11: ='Total project cost for DCs'!F10 -> 2029 | H11: 2615580.6 | I11: 784674.18 | J11: 9751.56 | K11: 515171.33 | L11: 3925177.7 | M11: =IF($E11="Include",SUMIFS(Lnd8_Mitigation!AS:AS,Lnd8_Mitigation!A:A,$A11),0) -> -1177553.3 | N11: =L11+M11 -> 2747624.4 | O11: =IF($E11="Include",Con3_ClientCosts!O11,0) -> 21933542 | P11: =IF($E11="Include",Con4_Contigency!K11-Con3_ClientCosts!O11,0) -> 10966771 | Q11: =IF($E11="Include",Con6_EscalatedConst!AP11-Con4_Contigency!K11,0) -> 5068354.9 | R11: =O11+P11+Q11 -> 37968667 | S11: =IF($E11="Include",Con6_Mitigation!AN11-Con6_EscalatedConst!AP11,0) -> -30374934 | T11: =R11+S11 -> 7593733.5 | U11: =+R11+L11 -> 41893845 | V11: =+T11+N11 -> 10341358 | W11: =Con7_Renewal!AN11-Con6_Mitigation!AN11 -> -524622.88 | X11: =IF(E11="Include",Prj1_GrowthLOSCost!AR11,0) -> 9816734.7 | Y11: =('Total project cost for DCs'!AT10+'Total project cost for DCs'!AU10)*-1 -> -5006534.8 | Z11: =+X11-AA11+Y11 -> 376427.07 | AA11: =SUMIFS('LTP_for DC_model'!AG:AG,'LTP_for DC_model'!A:A,B11)+SUMIFS(Beyond_LTP_for_DC_model!AM:AM,Beyond_LTP_for_DC_model!A:A,B11) -> 4433772.8
A12: ="Drury_"&'Total project cost for DCs'!A11 -> Drury_4 | B12: ='Total project cost for DCs'!A11 -> 4 | C12: ='Total project cost for DCs'!B11 -> Waihoehoe Rd East upgrades- from Fitzgerald Rd to before Cossey Rd (development boundary) | D12: ='Total project cost for DCs'!C11 -> Construct Ultimate 24m Cross section initially (i.e. no interim stage) | E12: ='Total project cost for DCs'!D11 -> Exclude | F12: ='Total project cost for DCs'!E11 -> 2-lane Arterial | G12: ='Total project cost for DCs'!F11 -> 0 | H12: 0 | I12: 0 | J12: 0 | K12: 0 | L12: 0 | M12: =IF($E12="Include",SUMIFS(Lnd8_Mitigation!AS:AS,Lnd8_Mitigation!A:A,$A12),0) -> 0 | N12: =L12+M12 -> 0 | O12: =IF($E12="Include",Con3_ClientCosts!O12,0) -> 0 | P12: =IF($E12="Include",Con4_Contigency!K12-Con3_ClientCosts!O12,0) -> 0 | Q12: =IF($E12="Include",Con6_EscalatedConst!AP12-Con4_Contigency!K12,0) -> 0 | R12: =O12+P12+Q12 -> 0 | S12: =IF($E12="Include",Con6_Mitigation!AN12-Con6_EscalatedConst!AP12,0) -> 0 | T12: =R12+S12 -> 0 | U12: =+R12+L12 -> 0 | V12: =+T12+N12 -> 0 | W12: =Con7_Renewal!AN12-Con6_Mitigation!AN12 -> 0 | X12: =IF(E12="Include",Prj1_GrowthLOSCost!AR12,0) -> 0 | Y12: =('Total project cost for DCs'!AT11+'Total project cost for DCs'!AU11)*-1 -> 0 | Z12: =+X12-AA12+Y12 -> 0 | AA12: =SUMIFS('LTP_for DC_model'!AG:AG,'LTP_for DC_model'!A:A,B12)+SUMIFS(Beyond_LTP_for_DC_model!AM:AM,Beyond_LTP_for_DC_model!A:A,B12) -> 0
A13: ="Drury_"&'Total project cost for DCs'!A12 -> Drury_5 | B13: ='Total project cost for DCs'!A12 -> 5 | C13: ='Total project cost for DCs'!B12 -> Drury Central Station | D13: ='Total project cost for DCs'!C12 -> Not feasible without access. Refer to item 6 below | E13: ='Total project cost for DCs'!D12 -> Exclude | F13: ='Total project cost for DCs'!E12 -> 0 | G13: ='Total project cost for DCs'!F12 -> 2024 | H13: 0 | I13: 0 | J13: 0 | K13: 0 | L13: 0 | M13: =IF($E13="Include",SUMIFS(Lnd8_Mitigation!AS:AS,Lnd8_Mitigation!A:A,$A13),0) -> 0 | N13: =L13+M13 -> 0 | O13: =IF($E13="Include",Con3_ClientCosts!O13,0) -> 0 | P13: =IF($E13="Include",Con4_Contigency!K13-Con3_ClientCosts!O13,0) -> 0 | Q13: =IF($E13="Include",Con6_EscalatedConst!AP13-Con4_Contigency!K13,0) -> 0 | R13: =O13+P13+Q13 -> 0 | S13: =IF($E13="Include",Con6_Mitigation!AN13-Con6_EscalatedConst!AP13,0) -> 0 | T13: =R13+S13 -> 0 | U13: =+R13+L13 -> 0 | V13: =+T13+N13 -> 0 | W13: =Con7_Renewal!AN13-Con6_Mitigation!AN13 -> 0 | X13: =IF(E13="Include",Prj1_GrowthLOSCost!AR13,0) -> 0 | Y13: =('Total project cost for DCs'!AT12+'Total project cost for DCs'!AU12)*-1 -> 0 | Z13: =+X13-AA13+Y13 -> 0 | AA13: =SUMIFS('LTP_for DC_model'!AG:AG,'LTP_for DC_model'!A:A,B13)+SUMIFS(Beyond_LTP_for_DC_model!AM:AM,Beyond_LTP_for_DC_model!A:A,B13) -> 0
A14: ="Drury_"&'Total project cost for DCs'!A13 -> Drury_6 | B14: ='Total project cost for DCs'!A13 -> 6 | C14: ='Total project cost for DCs'!B13 -> Drury Station Connection+ intersection | D14: ='Total project cost for DCs'!C13 -> NZUP tbc | E14: ='Total project cost for DCs'!D13 -> Exclude | F14: ='Total project cost for DCs'!E13 -> 0 | G14: ='Total project cost for DCs'!F13 -> 2024 | H14: 0 | I14: 0 | J14: 0 | K14: 0 | L14: 0 | M14: =IF($E14="Include",SUMIFS(Lnd8_Mitigation!AS:AS,Lnd8_Mitigation!A:A,$A14),0) -> 0 | N14: =L14+M14 -> 0 | O14: =IF($E14="Include",Con3_ClientCosts!O14,0) -> 0 | P14: =IF($E14="Include",Con4_Contigency!K14-Con3_ClientCosts!O14,0) -> 0 | Q14: =IF($E14="Include",Con6_EscalatedConst!AP14-Con4_Contigency!K14,0) -> 0 | R14: =O14+P14+Q14 -> 0 | S14: =IF($E14="Include",Con6_Mitigation!AN14-Con6_EscalatedConst!AP14,0) -> 0 | T14: =R14+S14 -> 0 | U14: =+R14+L14 -> 0 | V14: =+T14+N14 -> 0 | W14: =Con7_Renewal!AN14-Con6_Mitigation!AN14 -> 0 | X14: =IF(E14="Include",Prj1_GrowthLOSCost!AR14,0) -> 0 | Y14: =('Total project cost for DCs'!AT13+'Total project cost for DCs'!AU13)*-1 -> 0 | Z14: =+X14-AA14+Y14 -> 0 | AA14: =SUMIFS('LTP_for DC_model'!AG:AG,'LTP_for DC_model'!A:A,B14)+SUMIFS(Beyond_LTP_for_DC_model!AM:AM,Beyond_LTP_for_DC_model!A:A,B14) -> 0
A15: ="Drury_"&'Total project cost for DCs'!A14 -> Drury_7 | B15: ='Total project cost for DCs'!A14 -> 7 | C15: ='Total project cost for DCs'!B14 -> Fitzgerald Rd upgrades (from Waihoehoe Rd to development boundary) | D15: ='Total project cost for DCs'!C14 -> 2-lane urban - upgrade existing road layout with active modes on both sides | E15: ='Total project cost for DCs'!D14 -> Include | F15: ='Total project cost for DCs'!E14 -> Upgrade Collector | G15: ='Total project cost for DCs'!F14 -> 2036 | H15: 0 | I15: 0 | J15: 0 | K15: 0 | L15: 0 | M15: =IF($E15="Include",SUMIFS(Lnd8_Mitigation!AS:AS,Lnd8_Mitigation!A:A,$A15),0) -> 0 | N15: =L15+M15 -> 0 | O15: =IF($E15="Include",Con3_ClientCosts!O15,0) -> 5393233.7 | P15: =IF($E15="Include",Con4_Contigency!K15-Con3_ClientCosts!O15,0) -> 2696616.8 | Q15: =IF($E15="Include",Con6_EscalatedConst!AP15-Con4_Contigency!K15,0) -> 3470646 | R15: =O15+P15+Q15 -> 11560496 | S15: =IF($E15="Include",Con6_Mitigation!AN15-Con6_EscalatedConst!AP15,0) -> -10982472 | T15: =R15+S15 -> 578024.82 | U15: =+R15+L15 -> 11560496 | V15: =+T15+N15 -> 578024.82 | W15: =Con7_Renewal!AN15-Con6_Mitigation!AN15 -> 0 | X15: =IF(E15="Include",Prj1_GrowthLOSCost!AR15,0) -> 578024.82 | Y15: =('Total project cost for DCs'!AT14+'Total project cost for DCs'!AU14)*-1 -> 0 | Z15: =+X15-AA15+Y15 -> 25221.647 | AA15: =SUMIFS('LTP_for DC_model'!AG:AG,'LTP_for DC_model'!A:A,B15)+SUMIFS(Beyond_LTP_for_DC_model!AM:AM,Beyond_LTP_for_DC_model!A:A,B15) -> 552803.18
A16: ="Drury_"&'Total project cost for DCs'!A15 -> Drury_8 | B16: ='Total project cost for DCs'!A15 -> 8 | C16: ='Total project cost for DCs'!B15 -> Fielding Rd upgrades ( from Waihoehoe Rd to development boundary ) | D16: ='Total project cost for DCs'!C15 -> 2-lane urban - upgrade existing road layout with active modes on both sides | E16: ='Total project cost for DCs'!D15 -> Include | F16: ='Total project cost for DCs'!E15 -> Upgrade Collector | G16: ='Total project cost for DCs'!F15 -> 2036 | H16: 0 | I16: 0 | J16: 0 | K16: 0 | L16: 0 | M16: =IF($E16="Include",SUMIFS(Lnd8_Mitigation!AS:AS,Lnd8_Mitigation!A:A,$A16),0) -> 0 | N16: =L16+M16 -> 0 | O16: =IF($E16="Include",Con3_ClientCosts!O16,0) -> 5393233.7 | P16: =IF($E16="Include",Con4_Contigency!K16-Con3_ClientCosts!O16,0) -> 2696616.8 | Q16: =IF($E16="Include",Con6_EscalatedConst!AP16-Con4_Contigency!K16,0) -> 3470646 | R16: =O16+P16+Q16 -> 11560496 | S16: =IF($E16="Include",Con6_Mitigation!AN16-Con6_EscalatedConst!AP16,0) -> -10982472 | T16: =R16+S16 -> 578024.82 | U16: =+R16+L16 -> 11560496 | V16: =+T16+N16 -> 578024.82 | W16: =Con7_Renewal!AN16-Con6_Mitigation!AN16 -> 0 | X16: =IF(E16="Include",Prj1_GrowthLOSCost!AR16,0) -> 578024.82 | Y16: =('Total project cost for DCs'!AT15+'Total project cost for DCs'!AU15)*-1 -> 0 | Z16: =+X16-AA16+Y16 -> 25341.569 | AA16: =SUMIFS('LTP_for DC_model'!AG:AG,'LTP_for DC_model'!A:A,B16)+SUMIFS(Beyond_LTP_for_DC_model!AM:AM,Beyond_LTP_for_DC_model!A:A,B16) -> 552683.26
... A112: ="Drury_"&'Total project cost for DCs'!A111 -> Drury_70 | B112: ='Total project cost for DCs'!A111 -> 70 | C112: ='Total project cost for DCs'!B111 -> walk/cycle bridges on GSR Road bridge over the rail corridor | D112: ='Total project cost for DCs'!C111 -> New cycle bridge 5m wide, 80m long, approach lengths 270m total for both sides. No property required | E112: ='Total project cost for DCs'!D111 -> Include | F112: ='Total project cost for DCs'!E111 -> Major Infrastructure | G112: ='Total project cost for DCs'!F111 -> 2031 | H112: 1236.9628 | I112: 371.08883 | J112: 500.5 | K112: 980.52546 | L112: 3089.0771 | M112: =IF($E112="Include",SUMIFS(Lnd8_Mitigation!AS:AS,Lnd8_Mitigation!A:A,$A112),0) -> 0 | N112: =L112+M112 -> 3089.0771 | O112: =IF($E112="Include",Con3_ClientCosts!O112,0) -> 3825206.5 | P112: =IF($E112="Include",Con4_Contigency!K112-Con3_ClientCosts!O112,0) -> 1912603.3 | Q112: =IF($E112="Include",Con6_EscalatedConst!AP112-Con4_Contigency!K112,0) -> 1300831.1 | R112: =O112+P112+Q112 -> 7038640.9 | S112: =IF($E112="Include",Con6_Mitigation!AN112-Con6_EscalatedConst!AP112,0) -> 0 | T112: =R112+S112 -> 7038640.9 | U112: =+R112+L112 -> 7041730 | V112: =+T112+N112 -> 7041730 | W112: =Con7_Renewal!AN112-Con6_Mitigation!AN112 -> 0 | X112: =IF(E112="Include",Prj1_GrowthLOSCost!AR112,0) -> 7040479.6 | Y112: =('Total project cost for DCs'!AT111+'Total project cost for DCs'!AU111)*-1 -> -3590644.6 | Z112: =+X112-AA112+Y112 -> 692331.3 | AA112: =SUMIFS('LTP_for DC_model'!AG:AG,'LTP_for DC_model'!A:A,B112)+SUMIFS(Beyond_LTP_for_DC_model!AM:AM,Beyond_LTP_for_DC_model!A:A,B112) -> 2757503.7
H114: =SUM(H5:H112) -> 1.1321978e+08 | I114: =SUM(I5:I112) -> 33965933 | J114: =SUM(J5:J112) -> 2.2185618e+08 | K114: =SUM(K5:K112) -> 6.3248205e+08 | L114: =SUM(L5:L112) -> 1.0015239e+09 | M114: =SUM(M5:M112) -> -3.5216863e+08 | N114: =SUM(N5:N112) -> 6.4935531e+08 | O114: =SUM(O5:O112) -> 6.7811329e+08 | ... AA114: =SUM(AA5:AA112) -> 7.3063222e+08

Sheet I1 Assumptions
A1: Cost Assmptions and Allowances
A3: Date and soure of cost estimates as shown below.
A4: Cost allowances have been prepared in accordance with the requirements of the Cost Estimation Manual (CEM which can be found at https://www.nzta.govt.nz/resources/cost-estimation-manual/) for preparation of a Programme Business Case Estimate (PBE).
A5: The costs reflect the Expected Estimate as defined in the CEM for a programme level Business Case (PBE).
A7: Allowance Category | B7: Allowance | C7: Applies to | D7: Rate | E7: Date Rate Assessed | F7: Rate baselined to current Year for model | G7: Escalation | H7: Source/Description
A8: Current Year for costs | F8: 2024
A9: Property Cost Allowances | B9: Lease cost % of land cost | C9: All leases | D9: 0.07 | E9: 44995 | F9: =D9 -> 0.07 | G9: Land Escalation (as part of lease cost) | H9: Estimated leases cost as a % of land cost. Rate based on experience.
A10: Property Cost Allowances | B10: Property contingency factor | C10: All property | D10: 0.3 | E10: 44995 | F10: =D10 -> 0.3 | G10: Land Escalation (as part of property cost) | H10: A contingency is required for cost estimation in accordance with the CEM to provide for uncertainty in relation to the estimate inputs and specific project related threats and opportunities with a cost impact.Transport property cost allowances for Drury include a 15 per cent contingency for the property valuation and an additional 15 per cent for the uncertainty in project scope.
A11: Property Cost Allowances | B11: Property risk factor | C11: N/A | D11: 0 | E11: 44995 | F11: =D11 -> 0 | G11: Land Escalation (as part of property cost)
A12: Public Works Act (PWA) Transaction Costs | B12: Total | C12: Full Acquisitions | D12: 80000 | E12: 2020 | F12: =D12*'I2 Escalation factors'!$G$12 -> 102138.55 | G12: Construction Rate | H12: The PWA entitles owners of land "reasonable" compensation for costs incurred for legal representation, valuations and moving. PWA Transaction Csts inclue allowances for: = legal costs ($50k for full and partial acqusitions; $15k for leases) =section 72 compensation. Section s72 provides additional compensation where a dwelling on the property is used as a primary residence. It allows compenstation of up to $50,000 for full aquisition. For partial aquisition, compensation is assessed as 10% of the land value, up to a maximum of $25,000. PWA compensation limits are reviewed periodically and may increase before the land is aquired. We have therefore assumed (based on experience) a flat $45,000 allowance for all full aquisition. We have assessed s72 costs for partial acquisitions based on the escalated land price. No escalation has been otherwise applied to these transactions
A13: Public Works Act (PWA) Transaction Costs | B13: Total (Excluding s72 compensation below) | C13: Partial Acquisitions | D13: 110000 | E13: 2020 | F13: =D13*'I2 Escalation factors'!$G$12 -> 140440.51 | G13: Construction Rate
A14: Public Works Act (PWA) Transaction Costs | B14: Total | C14: Temporary Leases | D14: 22000 | E14: 2020 | F14: =D14*'I2 Escalation factors'!$G$12 -> 28088.102 | G14: Construction Rate
A15: Public Works Act (PWA) Transaction Costs | B15: S72 compensation for primary residence | C15: Partial Acquisitions of land used as primary residence with value < $250,000 | D15: 0.1 | E15: 2020 | F15: =D15 -> 0.1 | G15: None
A16: Public Works Act (PWA) Transaction Costs | B16: S72 compensation for primary residence | C16: Partial Acquisitions of land used as primary residence with value >= $250,000 | D16: 25000 | E16: 2020 | F16: =D16 -> 25000 | G16: None
A17: Public Works Act (PWA) Transaction Costs | B17: S72 compensation for primary residence | C17: Full Acquisitions | D17: 45000 | E17: 2020 | F17: =D17 -> 45000
A18: PWA Injurious Affection Allowancefor partial acqusition | B18: Injurious Affection Risk level : | C18: High | D18: 0.3 | E18: 2020 | F18: =D18 -> 0.3 | G18: Land Escalation (as part of property cost) | H18: In some cases, primarily where we are acquiring part of a property, we may need to pay an additional amount to compensate an owner for negative effects the project will have on their remaining land. This is known as Injurious Affection (IA), and needs to be considered for all partial land acquisitions. The amount is often subjective and often agreement is not reached with the landowner, resulting in matters being determined by the Land Valuation Tribunal (LVT). Project cost estimates for Drury are based on the risk assessment, and do not include any additional factors/costs for LVT hearings The level of allowance applied reflects the relative level of risk of these costs being incurred for specific projects. The table shows the assessed risk profile for Drury based on greenfield developments. Due to the early stage of project planning, it is not possible to assess risks for individual properties. Instead the medium risk profile has been assumed for all permanent partial land aquisitions. It is escalated for land zone and land aquisition price escalation
A19: PWA Injurious Affection Allowancefor partial acqusition | B19: Injurious Affection Risk level : | C19: Medium | D19: 0.2 | E19: 2020 | F19: =D19 -> 0.2 | G19: Land Escalation (as part of property cost)
A20: PWA Injurious Affection Allowancefor partial acqusition | B20: Injurious Affection Risk level : | C20: Low | D20: 0.1 | E20: 2020 | F20: =D20 -> 0.1 | G20: Land Escalation (as part of property cost)
A21: PWA Injurious Affection Allowancefor partial acqusition | B21: Injurious Affection Risk level : | C21: None | D21: 0 | E21: 2020 | F21: =D21 -> 0 | G21: Land Escalation (as part of property cost)
A22: PWA Injurious Affection Allowancefor partial acqusition | B22: Injurious Affection Risk level : | C22: Default | D22: =D19 -> 0.2 | E22: 2020 | F22: =D22 -> 0.2 | G22: Land Escalation (as part of property cost)
A23: Land acquisition timing assumption | B23: Land Acquisition occurs: | C23: 2 | F23: =C23 -> 2 | H23: Construction year is provided on Project List. From experience, permanent land acqusitions occur in the three years leading up to start pf physical works. An average of 2 years before construction has therefore been used as the assumed acqusition date for property in the model. Where a property is required for multiple projects, the aqusition is assumed to occur two years prior to earliest project construction year
A24: Land acquisition timing assumption | B24: project Development and Pre-implentation work occurs: | C24: 1 | F24: =C24 -> 1 | H24: See Client Managed Costs below
A25: Land acquisition timing assumption | B25: Temporary Leases incurred only in construction year | C25: 0 | F25: =C25 -> 0
A26: Physical Works Cost Allowances | B26: Environmental Compliance allowance | C26: All | D26: 0.06 | E26: 2024 | F26: =D26 -> 0.06 | G26: Costruction Escalation as part of PW Costs | H26: Management of environmental compliance requirements, preparation and management of compliance management plans, construction of permanent erosion and sediment control measures, maintenance and monitoring, noise attenuation and earthworks bunds. | I26: % applied to (Base PW cost +Traffic Management & Temporary Works Allowance)
A27: Physical Works Cost Allowances | B27: Traffic Management & Temporary Works | C27: No Traffic Management | D27: 0 | E27: 2024 | F27: =D27 -> 0 | G27: Costruction Escalation as part of PW Costs | H27: Implementation of traffic management plans, public notification, lane changeovers, road diversions, temporary roads, plant, and equipment hire costs, temporary construction. Note that Traffic management rates used are as per the Trafiic Management Coloumn on the Project Inout tab, rather than derived from this table | I27: % applied to Base PW cost
A28: Physical Works Cost Allowances | B28: Traffic Management & Temporary Works | C28: Greenfields | D28: 0.02 | E28: 2024 | F28: =D28 -> 0.02 | G28: Costruction Escalation as part of PW Costs
A29: Physical Works Cost Allowances | B29: Traffic Management & Temporary Works | C29: Brownfields | D29: 0.13 | E29: 2024 | F29: =D29 -> 0.13 | G29: Costruction Escalation as part of PW Costs
A30: Physical Works Cost Allowances | B30: Traffic Management & Temporary Works | C30: Brownfields intersection | D30: 0.2 | E30: 2024 | F30: =D30 -> 0.2 | G30: Costruction Escalation as part of PW Costs
A31: Physical Works Cost Allowances | B31: Preliminary and general (P&G) allowance | C31: All | D31: 0.25 | E31: 2024 | F31: =D31 -> 0.25 | G31: Costruction Escalation as part of PW Costs | H31: Site establishment, operation, disestablishment, and clean-up; site management, bonds, and insurances, preparing and maintaining quality, health & safety, security, temporary erosion and sediment control, temporary traffic management plans, programming, and reporting. | I31: % applied to (Base PW cost +Traffic Management & Temporary Works + Environmental Compliance Allowances )
A32: Physical Works Cost Allowances | B32: Contingency rate | C32: All | D32: 0.5 | E32: 2024 | F32: =D32 -> 0.5 | G32: Costruction Escalation as part of PW Costs | H32: A contingency is required for cost estimation in accordance with the CEM and is added to the ‘Base Estimate’ to provide for uncertainty in relation to the estimate inputs and specific project related threats and opportunities with a cost impact. For the DIFF programme, the cost estimates have been developed using linear rates and proportional assessment of earlier cost estimates prepared for the Drury Arterial Network DBC. Therefore, they reflect a programme wide approach where the specific scope and extent of works is undefined, resulting in significant uncertainty in quantities. Therefore, the physical works cost allowances for the updated DIFF programme’ include a 40% contingency, reflecting the uncertainty in the final form of the projects. | I32: % applied to (Base PW cost +Traffic Management & Temporary Works + Environmental Compliance + P&G Allowances )
A33: Physical Works Cost Allowances | B33: Funding Risk Contingency | C33: All | D33: 0 | E33: 2024 | F33: =D33 -> 0 | G33: Costruction Escalation as part of PW Costs
A34: Client Managed Costs | H34: Client managed costs are incurred throughout the project lifecycle and would vary depending on each project. Basic elements that make up Client Managed Costs include: • Reviews: Economics Peer Review, Cost Estimate Peer Review / Parallel Estimate, Technical Peer Reviews, Constructability Review, O&M Review, Road Safety Audit • Investigations: Geotechnical Investigations, Utility Location, Pavement Investigations • Third Party Physical Works: Enabling Works such as utilities • Communications and Engagement: Open Days, Production of Engagement Collateral, Iwi Engagement, Communications Consultant • Third Party Professional Services: Procurement Support, Property acquisition support, Investigation and Design, Specialist Advisors, Legal Review, Engineer to Contract, etc • Consenting: Council lodgement and hearing fees, Environment Court / EPA Costs, Legal Advice, Consent Monitoring by Council, Building Consent • Post Construction Monitoring: Noise Monitoring, Traffic counts, speed surveys, consent conditions • Miscellaneous Costs: Insurances, Procurement Disbursements, Statutory Compliance, Revocation costs
A35: Client Managed Cost allowances | B35: Project Development allowance | C35: Pre-implementation | D35: 0.02 | E35: 2024 | F35: =D35 -> 0.02 | H35: Preliminary design, Implementation Business case, Investigations, Engagment | I35: Each calc is % applied to (Base PW cost +Traffic Management & Temporary Works + Environmental Compliance + P&G Allowances ). Project Development & Pre-implementation costs are assumed to be incurred in the year before construction. Escalated at Construction rate
A36: Client Managed Cost allowances | B36: Pre-Implementation allowance | C36: Pre-implementation | D36: 0.09 | E36: 2024 | F36: =D36 -> 0.09 | H36: Speciman/Details Desgn/Investigations,Statutory Applications
A37: Client Managed Cost allowances | B37: Implementation allowance | C37: Construction | D37: 0.09 | E37: 2024 | F37: =D37 -> 0.09 | H37: Procurment, Construction Monitoring & Supervision

Sheet I2 Escalation factors
A1: Date | B1: 45413 | D1: Source: | E1: Chief Economist Unit
A3: Financial year | C3: 2020 | D3: =+C3+1 -> 2021 | E3: =+D3+1 -> 2022 | F3: =+E3+1 -> 2023 | G3: =+F3+1 -> 2024 | H3: =+G3+1 -> 2025 | I3: =+H3+1 -> 2026 | J3: =+I3+1 -> 2027 | K3: =+J3+1 -> 2028 | ... AR3: =+AQ3+1 -> 2061
A4: Construction escalation rate | C4: 0 | D4: 0.031 | E4: 0.127 | F4: 0.068 | G4: 0.02883537 | H4: 0.027642776 | I4: 0.028718375 | J4: 0.029835826 | K4: 0.031 | L4: 0.031 | M4: 0.031 | N4: 0.031 | O4: 0.031 | P4: 0.031 | Q4: 0.031 | R4: 0.031 | S4: 0.031 | T4: 0.031 | U4: 0.031 | V4: 0.031 | W4: 0.031 | X4: 0.031 | Y4: 0.031 | Z4: 0.031 | AA4: 0.031 | AB4: 0.031 | AC4: 0.031 | AD4: 0.031 | AE4: 0.031 | AF4: 0.031 | AG4: 0.031 | AH4: 0.031 | AI4: 0.031 | AJ4: 0.031 | AK4: 0.031 | AL4: 0.031 | AM4: 0.031 | AN4: 0.031 | AO4: 0.031 | AP4: 0.031 | AQ4: 0.031 | AR4: 0.031
A5: Compounded Construction rate from 2024 | C5: 1 | D5: 1 | E5: 1 | F5: 1 | G5: 1 | H5: =+G5*(1+H4) -> 1.0276428 | I5: =+H5*(1+I4) -> 1.057155 | J5: =+I5*(1+J4) -> 1.0886961 | K5: =+J5*(1+K4) -> 1.1224457 | L5: =+K5*(1+L4) -> 1.1572415 | M5: =+L5*(1+M4) -> 1.193116 | N5: =+M5*(1+N4) -> 1.2301026 | O5: =+N5*(1+O4) -> 1.2682358 | ... AR5: =+AQ5*(1+AR4) -> 3.0739818
A6: Land acquisition price escalation rate | C6: 0 | D6: 0 | E6: 0.042 | F6: -0.090180899 | G6: 0.027534862 | H6: 0.041690627 | I6: 0.050786641 | J6: 0.06369936 | K6: 0.071 | L6: 0.071 | M6: 0.071 | N6: 0.071 | O6: 0.071 | P6: 0.071 | Q6: 0.071 | R6: 0.071 | S6: 0.071 | T6: 0.071 | U6: 0.071 | V6: 0.071 | W6: 0.071 | X6: 0.071 | Y6: 0.071 | Z6: 0.071 | AA6: 0.071 | AB6: 0.071 | AC6: 0.071 | AD6: 0.071 | AE6: 0.071 | AF6: 0.071 | AG6: 0.071 | AH6: 0.071 | AI6: 0.071 | AJ6: 0.071 | AK6: 0.071 | AL6: 0.071 | AM6: 0.071 | AN6: 0.071 | AO6: 0.071 | AP6: 0.071 | AQ6: 0.071 | AR6: 0.071
A7: Financial year | C7: 2020 | D7: =+C7+1 -> 2021 | E7: =+D7+1 -> 2022 | F7: =+E7+1 -> 2023 | G7: =+F7+1 -> 2024 | H7: =+G7+1 -> 2025 | I7: =+H7+1 -> 2026 | J7: =+I7+1 -> 2027 | K7: =+J7+1 -> 2028 | ... AR7: =+AQ7+1 -> 2061
A8: LPR_escalation | B8: Compounded rate from FY24 | C8: 1 | D8: 1 | E8: 1 | F8: 1 | G8: 1 | H8: =+G8*(1+H6) -> 1.0416906 | I8: =+H8*(1+I6) -> 1.0945946 | J8: =+I8*(1+J6) -> 1.1643196 | K8: =+J8*(1+K6) -> 1.2469863 | L8: =+K8*(1+L6) -> 1.3355223 | M8: =+L8*(1+M6) -> 1.4303444 | N8: =+M8*(1+N6) -> 1.5318988 | O8: =+N8*(1+O6) -> 1.6406636 | ... AR8: =+AQ8*(1+AR6) -> 11.992624
H9: =H5*Con_2020_Escalation -> 1.3120243 | I9: =I5*Con_2020_Escalation -> 1.3497036 | J9: =J5*Con_2020_Escalation -> 1.3899731 | K9: =K5*Con_2020_Escalation -> 1.4330622 | L9: =L5*Con_2020_Escalation -> 1.4774872 | M9: =M5*Con_2020_Escalation -> 1.5232893 | N9: =N5*Con_2020_Escalation -> 1.5705112 | O9: =O5*Con_2020_Escalation -> 1.6191971 | ... V9: =V5*Con_2020_Escalation -> 2.0049815
A10: Rates Compounded from Earlier Years to Current Year
B11: From Year | H11: Lookup_Variable Name
A12: Compounded Construction rate from 2020 to 2024 | B12: 2020 | C12: 1 | D12: =+C12*(1+D4) -> 1.031 | E12: =+D12*(1+E4) -> 1.161937 | F12: =+E12*(1+F4) -> 1.2409487 | G12: =+F12*(1+G4) -> 1.2767319 | H12: Con_2020_Escalation
A13: Compounded Construction rate from 2021 to 2024 | B13: 2021 | C13: 1 | D13: 1 | E13: =+D13*(1+E4) -> 1.127 | F13: =+E13*(1+F4) -> 1.203636 | G13: =+F13*(1+G4) -> 1.2383433 | H13: Con_2021_Escalation
A14: Compounded Land Price rate from 2021 to 2024 | B14: 2021 | C14: 1 | D14: =+C14*(1+D6) -> 1 | E14: =+D14*(1+E6) -> 1.042 | F14: =+E14*(1+F6) -> 0.9480315 | G14: =+F14*(1+G6) -> 0.97413542 | H14: Land_2021_Escalation
A16: HistoricConstructEscalation
A17: Category | B17: 2020 | C17: 2021 | D17: 2024
A18: Construction | B18: =Con_2020_Escalation -> 1.2767319 | C18: =Con_2021_Escalation -> 1.2383433 | D18: 1
A20: Land_RID_Escalation | B20: =Land_2021_Escalation -> 0.97413542
A48: Financial year | C48: 2020 | D48: =+C48+1 -> 2021 | E48: =+D48+1 -> 2022 | F48: =+E48+1 -> 2023 | G48: =+F48+1 -> 2024 | H48: =+G48+1 -> 2025 | I48: =+H48+1 -> 2026 | J48: =+I48+1 -> 2027 | K48: =+J48+1 -> 2028 | ... AR48: =+AQ48+1 -> 2061
A49: Compounded Land Esc rate from FY24 | C49: 1 | D49: 1 | E49: 1 | F49: 1 | G49: 1 | H49: 1.0507866 | I49: 1.1177211 | J49: 1.1970793 | K49: 1.2820719 | L49: 1.373099 | M49: 1.470589 | N49: 1.5750009 | O49: 1.6868259 | P49: 1.8065906 | Q49: 1.9348585 | R49: 2.0722334 | S49: 2.219362 | T49: 2.3769367 | U49: 2.5456992 | V49: 2.7264439 | W49: 2.9200214 | X49: 3.1273429 | Y49: 3.3493843 | Z49: 3.5871905 | AA49: 3.8418811 | AB49: 4.1146546 | AC49: 4.4067951 | AD49: 4.7196775 | AE49: 5.0547747 | AF49: 5.4136637 | AG49: 5.7980338 | AH49: 6.2096942 | AI49: 6.6505825 | AJ49: 7.1227738 | AK49: 7.6284908 | AL49: 8.1701136 | AM49: 8.7501917 | AN49: 9.3714553 | AO49: 10.036829 | AP49: 10.749443 | AQ49: 11.512654 | AR49: 12.330052

Sheet I3 Project list
A1: Review Date: | I1: Data Source: | J1: 44994 | P1: =P43*Q43 -> 0 | Q1: Date DBc Costs assessed: | T1: =Q6*0.65 -> 4960373.5
I3: Andrew Murray's 2022 assessment | J3: Dury DC Analysis Update_v25.xlsx Tab: Project Schedule Col M DC Timing (2023) | O3: No longer used | Q3: 43891 | R3: for Diff projects | T3: Check against diff report | AI3: Rob Mason
A4: Location | B4: Project number | C4: Project ID | D4: Project name | E4: Project Description | F4: Project Scope | G4: Include in DC model | H4: Reasoning for inclusion/exclusion | I4: Operational Date: Initial Transport Assessment date | J4: Construction Date: Revised Transport Assessment Date Adopted 2023 | K4: Rational for Date- triggers, or supporting document | L4: Corridor Type (determines if WK Funding subsidy applied ) | M4: Current corridor designation status (Designated, NOR, None) | N4: Source of Land/Construction cost estimate | O4: Land Cost Estimate (excl escalation) | P4: % of Land Cost to be included in model | Q4: DBC Construction Cost Estimate (excl allowances & escalation) | R4: % DBC Cost Estimate for Council | S4: DBC Cost assessmnt year | T4: Cost estimate inc allowances | U4: Length of Linear Rate 1 | V4: Length of Linear Rate 2 | W4: Length of Linear Rate 3 | X4: Bridge Area (m2) | Y4: Roundabout 2-lane | Z4: Roundabout 4-lane | AA4: New Signals simple | AB4: New Signals complex | AC4: 2-lane interim | AD4: E/O for future 4-lane | AE4: Greenfields 4 lane rate 4 | AF4: Brownfields 4-lane rate 5 | AG4: 2-lane Rate 6 | AH4: footpath retrofit | AI4: Traffic Mangement Category | AJ4: Transport corridor/intersection before project: | AK4: Scope and assumptions in previous DC assessment | AL4: NZUP project engineering/scope assumptions within project extent | AM4: Changes to DC assumptions/scope | AN4: Revised DC assumptions/scope
A5: Drury | B5: 1a | C5: =A5 & "_" &B5 -> Drury_1a | D5: GSR improvements - Waihoehoe Rd to Drury Interchange | E5: 2-lane urban- existing road layout with active modes on both sides + intersection improvements (TDM) | G5: Exclude | J5: 2024 | L5: Interim Arterial | N5: Assessed | Q5: 0 | R5: 0 | T5: No | U5: 0 | V5: 0 | W5: 0 | X5: 0 | Y5: 0 | Z5: 0 | AA5: 1 | AB5: 0 | AC5: 0 | AD5: 0 | AE5: 0 | AF5: 0 | AG5: 0 | AH5: 0 | AI5: Brownfields | AJ5: 2-lane urban with kerbline along some of the extents. Crosses Hingaia Stream. | AK5: - Linear rate 1 for ‘Roadside Berm Construction’ for the addition of separated footpath and cycleway on each side. This has been applied over a length of 810m to reflect an upgrade to both sides of the road. - New pedestrian bridge added to both sides of the Hingaia Stream Bridge. Each shared path bridge is 40m long and 3m wide. - Signalisation of the Firth St intersection – included as a Simple Signalised intersection. | AL5: Overlap with crossing to access train station in Drury Rail Stations Drury Central - VM - Stage 1 design. Partial overlap with Waihoehoe Road Upgrade design on approach to GSR/Waihoehoe Rd intersection. Assume extents of 1a end at the start of LT bay indicated in Waihoehoe Rd Upgrade design. Drury Rail Stations Drury Central - VM - Stage 1: design indicates new kerbline at midblock crossing on both sides to accommodate crossing facilities, bus stops and active mode improvements. Assume 80m linear rate 1 on western side, and 70m linear rate 1 on eastern side. NZUP will provide bi-directional active mode facility on North/West side of Great South Road including parallel bridge at same level as current road one. There will be minimal kerb and channel work and Firth St will not be signalised. Therefore, almost all of previous assumptions superseded by NZUP design besides Firth St signals. | AM5: It is accepted that provision of a shared path with kerb and channel on one side of the road will suffice for an interim option. Therefore linear rates for berm upgrades can be removed from the assessment. A Shared path bridge is provided on one side to support the shared path. Therefore no interim bridge works are required. The NZUP project does not include signalisation of the Firth Street intersection, so this is required in the interim option. | AN5: Signalisation of the Firth St intersection – included as a ‘Simple Signalised intersection. | AO5: no
A6: Drury | B6: 1b | C6: =A6 & "_" &B6 -> Drury_1b | D6: GSR improvements - Waihoehoe Rd to Drury Interchange | E6: 4-lane urban- existing road layout with active modes on both sides + intersection improvements (TDM) | G6: Include | I6: 2036 | J6: 2031 | L6: 4-lane arterial | N6: Assessed | Q6: 7631343.9 | R6: 1 | S6: 2020 | T6: No | U6: 0 | V6: 0 | W6: 0 | X6: 0 | Y6: 0 | Z6: 0 | AA6: 0 | AB6: 0 | AC6: 0 | AD6: 0 | AE6: 0 | AF6: 0 | AG6: 0 | AH6: 0 | AI6: Brownfields | AJ6: Extents from GSR/Waihoehoe Rd intersection to Drury Interchange. 2-lane urban with kerb and channel with active modes. Crosses Hingaia Stream with active mode bridges alongside road bridge. | AK6: Cost based on measure and value of set of prelim design drawings by Te Tupu Ngātahi. Assumes new pavement, berm, bridge across Hingaia Stream, allowance for upgrade up to GSR/Waihoehoe intersection. The length that the cost estimate considered was longer than the actual project length, as some of the extents included within the cost estimate were assumed to be constructed as part of the NZUP SH1 Papakura to Drury project at the SH1 interchange. 60% of cost of full buildout works assumed for full 4-lane to account for reduced length of design relative to cost estimate as well as portion of retained works from interim. | AL6: Crossing to rail station from Drury Rail Stations Drury Central - VM - Stage 1 design is likely to be reconstructed, alongside kerblines in design. Waihoehoe Rd Upgrade accounts for 4-lanes at tie-in, although this tapers to 2-lanes. Assume 4-lane extent up to intersection is included within 9a rather than 1b. Kerblines within extents of 1a near this intersection are likely to be reconstructed to accommodate 4-lanes. There will be few components retained from NZUP projects, besides minor length near GSR/Waihoehoe intersection, of which little will be retained as new kerb and channel are likely to be reconstructed on both sides. As the scale of works for 1a is reduced from its previous assumption, it is assumed that additional works at the bridge across Hingaia Stream will be required to reach the ultimate form for 1b. Therefore, higher rate than cost report (65% of cost of full 4-lane buildout works). | AM6: Increase from 60% to 65% of measure and value cost for prelim design drawings. | AN6: 65% of cost of full buildout works previously assumed for full 4-lane. | AO6: no
A7: Drury | B7: 2a | C7: =A7 & "_" &B7 -> Drury_2a | D7: GSR improvements - From Drury School to Waihoehoe Rd | E7: 2-lane urban- existing road layout with active modes on both sides + intersection improvements (TDM) | G7: Include | I7: 2030 | J7: 2030 | L7: Interim Arterial | N7: Assessed | Q7: 0 | R7: 0 | T7: No | U7: 1140 | V7: 0 | W7: 0 | X7: 0 | Y7: 0 | Z7: 0 | AA7: 0 | AB7: 0 | AC7: 0 | AD7: 0 | AE7: 0 | AF7: 0 | AG7: 0 | AH7: 80 | AI7: Brownfields | AJ7: 2-lane urban arterial with kerbline for almost entire extent. | AK7: Active mode facilities extend 600m from northern boundary of Drury School site. - Linear rate for ‘Roadside Berm Construction’ for the addition of separated footpath and cycleway on each side. This has been applied over a length of 1200m to reflect an upgrade to both sides of the road. - Signalisation of the Great South Road/ Waihoehoe Road intersection – included as a ‘Simple Signalised intersection | AL7: Overlap with Waihoehoe Rd Upgrade Design on northern leg of intersection. Assume extents of 2a extend to start of RT bay in Waihoehoe Rd Upgrade design. Waihoehoe Rd Upgrade western side: design indicates new kerbline, footpath and retaining structure on western side of road, although retaining structure is within the extents of the intersection (9a). 20m linear rate 1 for new kerbline/footpath on western side within extents of 2a. Waihoehoe Rd Upgrade eastern side: design indicates new footpath on eastern side of road, and new kerb and channel where the road transitions from one lane to 2 on approach to intersection. 40m footpath retrofit for new footpath, 40m linear rate 1 for new kerb and channel. Waihoehoe Rd Upgrade design does not indicate any cycle facilities within the extents of 2a. Limited space on western side due to retaining structure, assume no cycle facilities to be implemented on western side near intersection, and these will begin on western side outside of the extents of the Waihoehoe Rd Upgrade design. 80m footpath retrofit rate included in 2a (not NZUP) for cycle facilities on eastern side. | AM7: All linear rate 1 that has been assumed for NZUP project design overlaps with the linear rate 1 extents originally assumed in DC model, therefore reduce original assumptions by 20+40 = 60m. Some kerbline in NZUP design does not include cycle facilities, add footpath retrofit rate for 80m. Signalisation of GSR/Waihoehoe Rd intersection is excluded, as the intersection upgrades will be included within the extents of 9a. | AN7: - Linear rate 1 for ‘Roadside Berm Construction’ for the addition of separated footpath and cycleway on each side. This has been applied over a length of 1140m to reflect an upgrade to both sides of the road. - Footpath retrofit for 80m for additional cycle facilities | AO7: no
A8: Drury | B8: 2b | C8: =A8 & "_" &B8 -> Drury_2b | D8: GSR improvements - From Drury School to Waihoehoe Rd | E8: 4-lane urban- existing road layout with active modes on both sides + intersection improvements (TDM) | G8: Exclude - NZTA | I8: 2034 | J8: 2040 | L8: 4-lane arterial | N8: Assessed | Q8: 0 | R8: 0 | T8: No | U8: 0 | V8: 0 | W8: 0 | X8: 0 | Y8: 0 | Z8: 0 | AA8: 0 | AB8: 0 | AC8: 0 | AD8: 0 | AE8: 0 | AF8: 0 | AG8: 0 | AH8: 0 | AI8: Brownfields | AJ8: 2-lane urban with active mode facilities on both sides for almost the entire length, as is outlined in 2a. | AK8: Previous DC cost report assumptions: - Linear rate for ‘4-lane transport corridor brownfields’ for the reconstruction of the existing road and provision of a full width 4-lane corridor with active modes on each side. This has been applied over the full length of 600m. - Upgrade of the Great South Road/ Waihoehoe Road intersection which was signalised as part of the interim works – included as a ‘Simple Signalised intersection'. However, this form is superseded by the recent SGA business case that identifies this a a 3-lane corridor with a bus lane in the northbound direction through this section. | AL8: Overlap with Waihoehoe Rd Upgrade design on northern leg of intersection. Northern leg design considers road space for future 2-lane northbound exit, so the costs will be minimal to transition this to a 3-lane bus priority corridor. Assume extents continue to start of RT bay at tie in, same as for 2a. As corridor is to be 3-lanes with northbound bus lane only, assume the interim project (2a) provides kerb and channel in the correct location so that implementation of the bus lane is a simple line marking exercise on top of the interim form. Therefore, assume any costs associated with 2b are very minimal and therefore 2b can be excluded from the DC model. | AM8: Removal of all previous DC cost assumptions: - Linear rate for ‘4-lane transport corridor brownfields’ for the reconstruction of the existing road and provision of a full width 4-lane corridor with active modes on each side. This has been applied over the full length of 600m. - Upgrade of the Great South Road/ Waihoehoe Road intersection which was signalised as part of the interim works – included as a ‘Simple Signalised intersection'. | AN8: No significant works required for 2b, no cost included in DC. | AO8: no
A9: Drury | B9: 3 | C9: =A9 & "_" &B9 -> Drury_3 | D9: Intersection upgrade on GSR/Karaka Rd intersection | E9: Intersection upgrades- existing intersection with active modes crossings (TDM) | G9: Exclude - NZTA | I9: 2030 | J9: 2026 | L9: 4-lane arterial | N9: Assessed | Q9: 0 | R9: 0 | T9: No | U9: 0 | V9: 0 | W9: 0 | X9: 0 | Y9: 0 | Z9: 0 | AA9: 0 | AB9: 0 | AC9: 0 | AD9: 0 | AE9: 0 | AF9: 0 | AG9: 0 | AH9: 0 | AI9: Brownfields | AJ9: Rural, unsignalised. | AK9: Simple signals rate assumed, includes active mode upgrades at intersection. | AL9: SH22 design indicates 4-lane signalised intersection with active mode improvements. Full overlap with SH22 design, assume project is excluded from DC model. | AM9: Removal of simple signals rate. | AN9: Full overlap with SH22 design, assume no signal rate included for DC. | AO9: no
A10: Drury | B10: 4a | C10: =A10 & "_" &B10 -> Drury_4a | D10: Waihoehoe Rd East upgrades- from Fitzgerald Rd to before Cossey Rd (development boundary) | E10: 2-lane urban - upgrade existing road layout with active modes on both sides, 20m cross-section | G10: Exclude | I10: 2031 | L10: 0 | N10: Assessed | Q10: 0 | R10: 0 | T10: No | U10: =2*900 -> 1800 | V10: 0 | W10: 0 | X10: 0 | Y10: 0 | Z10: 0 | AA10: 0 | AB10: 0 | AC10: 0 | AD10: 0 | AE10: 0 | AF10: 0 | AG10: 0 | AH10: 0 | AI10: Brownfields | AO10: yes
A11: Drury | B11: 4b | C11: =A11 & "_" &B11 -> Drury_4b | D11: Waihoehoe Rd East upgrades- from Fitzgerald Rd to before Cossey Rd (development boundary) | E11: Expand to 24m cross section | G11: Include | I11: 2032 | J11: 2029 | L11: 2-lane Arterial | N11: Assessed | Q11: 0 | R11: 0 | T11: No | U11: 0 | V11: 0 | W11: 0 | X11: 0 | Y11: 1 | Z11: 0 | AA11: 0 | AB11: 0 | AC11: 0 | AD11: 0 | AE11: 0 | AF11: 0 | AG11: =80%*900 -> 720 | AH11: 0 | AI11: Brownfields | AO11: yes
A12: Drury | B12: 4 | C12: =A12 & "_" &B12 -> Drury_4 | D12: Waihoehoe Rd East upgrades- from Fitzgerald Rd to before Cossey Rd (development boundary) | E12: Construct Ultimate 24m Cross section initially (i.e. no interim stage) | G12: Exclude | L12: 2-lane Arterial | N12: Assessed | Q12: =39.86*1000000 -> 39860000 | R12: 0.45 | S12: 2020 | T12: Yes | U12: 0 | V12: 0 | W12: 0 | X12: 0 | Y12: 0 | Z12: 0 | AA12: 0 | AB12: 0 | AC12: 0 | AD12: 0 | AE12: 0 | AF12: 0 | AG12: 0 | AH12: 0 | AI12: No Traffic Management | AO12: yes
A13: Drury | B13: 5 | C13: =A13 & "_" &B13 -> Drury_5 | D13: Drury Central Station | E13: Not feasible without access. Refer to item 6 below | G13: Exclude | I13: 2030 | J13: 2024 | L13: 0 | N13: Assessed | Q13: 0 | R13: 0 | T13: No | AI13: No Traffic Management | AO13: yes
A14: Drury | B14: 6 | C14: =A14 & "_" &B14 -> Drury_6 | D14: Drury Station Connection+ intersection | E14: NZUP tbc | G14: Exclude | I14: 2030 | J14: 2024 | L14: 0 | N14: Assessed | R14: 0 | T14: No | AI14: Brownfields | AO14: yes
A15: Drury | B15: 7 | C15: =A15 & "_" &B15 -> Drury_7 | D15: Fitzgerald Rd upgrades (from Waihoehoe Rd to development boundary) | E15: 2-lane urban - upgrade existing road layout with active modes on both sides | G15: Include | I15: 2033 | J15: 2033 | L15: Upgrade Collector | N15: Assessed | Q15: 0 | R15: 0 | T15: No | U15: 1200 | AI15: Brownfields | AO15: yes
A16: Drury | B16: 8 | C16: =A16 & "_" &B16 -> Drury_8 | D16: Fielding Rd upgrades ( from Waihoehoe Rd to development boundary ) | E16: 2-lane urban - upgrade existing road layout with active modes on both sides | G16: Include | I16: 2033 | J16: 2033 | L16: Upgrade Collector | N16: Assessed | Q16: 0 | R16: 0 | T16: No | U16: 1200 | AI16: Brownfields | AO16: yes
A17: Drury | B17: 9a | C17: =A17 & "_" &B17 -> Drury_9a | D17: Upgrade in Norrie Rd/GSR/Waihoehoe intersection | E17: 2-lane signalised intersection with active mode crossings | G17: Exclude - NZTA | I17: 2031 | J17: 2026 | L17: 2-lane Arterial | N17: Assessed | Q17: 0 | R17: 0 | T17: No | U17: 0 | V17: 0 | W17: 0 | X17: 0 | Y17: 0 | Z17: 0 | AA17: 0 | AB17: 0 | AC17: 0 | AD17: 0 | AE17: 0 | AF17: 0 | AG17: 0 | AH17: 0 | AI17: Brownfields | AJ17: Urban roundabout. | AK17: Complex signals rate assumed for full reconstruction to new form. | AL17: Waihoehoe Road Upgrade includes full signalisation to align with future FTN bus requirements. | AM17: NZUP project covers the entire extents of the previous DC assumption, Removal of complex signals rate as it is no longer required. | AN17: Full overlap with SH22 design, assume no signal rate included for DC. | AO17: no
A18: Drury | B18: 9b | C18: =A18 & "_" &B18 -> Drury_9b | D18: Upgrade in Norrie Rd/GSR/Waihoehoe intersection | E18: multi-lane signalised intersection with active mode crossings, SGA design | G18: Exclude - NZTA | I18: 2032 | J18: 2031 | L18: 4-lane arterial | N18: Assessed | Q18: =6.28*1000000 -> 6280000 | R18: 0 | S18: 2020 | T18: No | U18: 0 | V18: 0 | W18: 0 | X18: 0 | Y18: 0 | Z18: 0 | AA18: 0 | AB18: 0 | AC18: 0 | AD18: 0 | AE18: 0 | AF18: 0 | AG18: 0 | AH18: 0 | AI18: No Traffic Management | AJ18: Waihoehoe Rd Upgrade design - 2-lane signalised intersection. | AK18: 70% of cost from DBC assessment, accounting for retained facilities from interim. | AL18: Waihoehoe Road Upgrade includes full signalisation to align with future FTN bus requirements. | AM18: No cost associated with this project, reduction of 70% of DBC cost estimate to 0%. | AN18: No cost associated with this project as the works to upgrade to 4 lanes are minor. | AO18: no
A19: Drury | B19: 10a | C19: =A19 & "_" &B19 -> Drury_10a | D19: New intersection on Waihoehoe Rd/Fitzgerald Rd( including approach cross-sections) | E19: 2-lane signalised intersection with active mode crossings | G19: Include | I19: 2031 | J19: 2029 | K19: Adjusted to 2029 to push out land acquisition date (this project is 100% mitigation so no impact on on costs) | L19: 2-lane Arterial | N19: Assessed | Q19: 0 | R19: 0 | T19: No | AA19: 1 | AI19: Brownfields | AO19: yes
A20: Drury | B20: 10b | C20: =A20 & "_" &B20 -> Drury_10b | D20: New intersection on Waihoehoe Rd/Fitzgerald Rd( including approach cross-sections) | E20: multi-lane roundabout with active mode crossings, SGA design | G20: Include | I20: 2035 | J20: 2031 | L20: 4-lane arterial | N20: Assessed | Q20: 2500000 | R20: 1 | S20: 2020 | T20: No | AI20: Brownfields | AO20: yes
A21: Drury | B21: 11 | C21: =A21 & "_" &B21 -> Drury_11 | D21: Intersection upgrade Waihoehoe Rd/Fielding Rd/Appleby Rd | E21: Roundabout as per SGA design | G21: Include | I21: 2032 | J21: 2031 | L21: 2-lane Arterial | N21: Assessed | Q21: 0 | R21: 0 | T21: No | Y21: 1 | AI21: Brownfields | AO21: yes
A22: Drury | B22: 12 | C22: =A22 & "_" &B22 -> Drury_12 | D22: Interim walking, cycling and bus connections within Drury Centre (includes Bremner/Norrie/Firth Intersection upgrades, active mode on Norrie) -overlap with project 36 and 46 | E22: Intersection improvements on Bremner-Firth Rd, Norrie-Firth Rd, GSR-Firth Rd, Active mode facilities on both sides of Firth & Norrie Rd | G22: Include | I22: 2033 | J22: 2033 | L22: New Collector (AT) | N22: Assessed | Q22: 0 | R22: 0 | T22: No | AA22: 3 | AH22: 670 | AI22: Brownfields | AO22: yes
A23: Drury | B23: 13a | C23: =A23 & "_" &B23 -> Drury_13a | D23: N-S Opaheke Arterial across development (upto Waihoehoe Stream) | E23: 2-lane urban- new 2-lane arterial with active modes on both sides + intersection improvements (TDM) | G23: Include | I23: 2032 | J23: 2029 | L23: Interim 2-lane Arterial | N23: Assessed | Q23: 0 | R23: 0 | T23: No | AA23: 1 | AC23: 550 | AI23: Greenfields | AO23: yes
A24: Drury | B24: 13b | C24: =A24 & "_" &B24 -> Drury_13b | D24: N-S Opaheke Arterial across development (upto Waihoihoi Stream) | E24: 4-lane urban- upgrade 2-lane arterial with SGA design + intersection improvements (TDM) | G24: Include | I24: 2035 | J24: 2050 | L24: 4-lane arterial upgrade | N24: Assessed | Q24: 0 | R24: 0 | T24: No | AA24: 1 | AD24: 550 | AI24: Brownfields | AO24: yes
A25: Drury | B25: 14 | C25: =A25 & "_" &B25 -> Drury_14 | D25: Upgrade Brookefield Road from Fitzgerald to Quarry Rd+ New connection + Intersections on Quarry & Fitzgerald | E25: 2-lane urban (upgrade existing road layout with active modes on both sides + intersection improvements + new connection to Quarry Rd) | G25: Exclude | L25: Upgrade Collector | N25: Assessed | Q25: 0 | R25: 0 | T25: No | X25: =50*18 -> 900 | AA25: 2 | AG25: 700 | AI25: Brownfields | AO25: yes
A26: Drury | B26: 14a | C26: =A26 & "_" &B26 -> Drury_14a | D26: Western end of Brookefield Road Extension tie in with Quarry Rd | E26: 2-lane urban (New Road connection to Quarry Road with active modes on both sides + intersection improvements) | G26: Include | I26: 2035 | J26: 2035 | L26: New Collector (AT) | N26: Assessed | Q26: 0 | R26: 0 | T26: No | X26: =50*18 -> 900 | AA26: 1 | AG26: 170 | AI26: Brownfields | AO26: yes
A27: Drury | B27: 14b | C27: =A27 & "_" &B27 -> Drury_14b | D27: Brookefield Road Upgrade | E27: 2-lane urban (upgrade existing road layout with active modes on both sides + intersection improvements) | G27: Include | I27: 2035 | J27: 2033 | L27: Upgrade Collector | N27: Assessed | Q27: 0 | R27: 0 | T27: No | X27: =X25-X26 -> 0 | AA27: =AA25-AA26 -> 1 | AG27: =AG25-AG26 -> 530 | AI27: Brownfields | AO27: yes
A28: Drury | B28: 15 | C28: =A28 & "_" &B28 -> Drury_15 | D28: New Collector road E-W from Fitgerald Rd (collector 1) + Intersections | E28: 2-lane collector- new collector with active mode on both sides + intersection improvements (TDM) | G28: Exclude | I28: 2035 | J28: 2033 | L28: Greenfields Collector | N28: Assessed | Q28: 0 | R28: 0 | T28: No | Y28: 2 | AG28: 700 | AI28: Greenfields | AO28: yes
A29: Drury | B29: 16a | C29: =A29 & "_" &B29 -> Drury_16a | D29: Replace 2-lane Bremner Road Bridge over State Highway 1 | E29: 2-lane urban with active modes on both sides (replacing existing bridge as part of SH1 P2D NZUP) | G29: Exclude | I29: 2046 | J29: 2033 | L29: Upgrade Collector | N29: Assessed | Q29: 0 | R29: 0 | T29: No | X29: =60*18 -> 1080 | AG29: 100 | AI29: Brownfields | AO29: yes
A30: Drury | B30: 16b | C30: =A30 & "_" &B30 -> Drury_16b | D30: Widen Bremner Road Bridge ove SH1 to 4-lanes | E30: 4-lane urban- upgrade 2-lane urban with active modes on both sides (SGA design) | G30: Include | I30: 2046 | J30: 2050 | L30: 4-lane arterial | N30: Assessed | Q30: 0 | R30: 0 | T30: No | X30: =60*10 -> 600 | AF30: 100 | AI30: Brownfields | AO30: yes
A31: Drury | B31: 17 | C31: =A31 & "_" &B31 -> Drury_17 | D31: Oira Road to Jesmond Road Collector | E31: New 2-lane urban collector with active modes on both sides | G31: Exclude | J31: 2036 | L31: Greenfields Collector | N31: Assessed | Q31: 0 | R31: 0 | T31: No | AG31: 615 | AI31: Brownfields | AO31: yes
A32: Drury | B32: 19-1 | C32: =A32 & "_" &B32 -> Drury_19-1 | D32: SH1 3-laning and cycleway upgrades from Papakura to Drury Interchange | E32: NZUP tbc | G32: Exclude | J32: Under Construction | L32: State Highway | N32: Assessed | Q32: 0 | R32: 0 | T32: No | AI32: No Traffic Management | AO32: yes
A33: Drury | B33: 19-2 | C33: =A33 & "_" &B33 -> Drury_19-2 | D33: SH1 Drury Interchange including ramps | E33: NZUP tbc | G33: Exclude | J33: Under Construction | L33: State Highway | N33: Assessed | Q33: 0 | R33: 0 | T33: No | AI33: No Traffic Management | AO33: yes
A34: Drury | B34: 19-3 | C34: =A34 & "_" &B34 -> Drury_19-3 | D34: SH1 3-laning and cycleway upgrades from Drury Interchange To Drury South | E34: NZUP tbc | G34: Exclude | I34: 2036 | J34: 2036 | L34: State Highway | N34: Assessed | Q34: 0 | R34: 0 | T34: No | AI34: No Traffic Management | AO34: yes
A35: Drury | B35: 20a | C35: =A35 & "_" &B35 -> Drury_20a | D35: Upgrade Fitzgerald Rd from Brookefield to Cossey Rd for active modes | E35: Active mode upgrades- existing road layout with active modes on both sides + intersection upgrades for active mode crossing | G35: Include | I35: 2035 | J35: 2035 | L35: Upgrade Collector | N35: Assessed | Q35: 0 | R35: 0 | T35: No | U35: 1900 | V35: 300 | Y35: 2 | AI35: Brownfields | AO35: yes
A36: Drury | B36: 21 | C36: =A36 & "_" &B36 -> Drury_21 | D36: Fielding Rd upgrades for active modes ( from Fitzgerald Rd to development boundary ) | E36: Active mode upgrades- existing road layout with active modes on both sides + intersection upgrades for active mode crossing | G36: Include | I36: 2035 | J36: 2035 | L36: Upgrade Collector | N36: Assessed | Q36: 0 | R36: 0 | T36: No | U36: 680 | AI36: Brownfields | AO36: yes
A37: Drury | B37: 22 | C37: =A37 & "_" &B37 -> Drury_22 | D37: Upgrade Intersection at Quarry/ GSR | E37: Upgrade intersection with active modes facilities(TDM) | G37: Include | I37: 2033 | J37: 2033 | L37: New Collector (AT) | N37: Assessed | Q37: 0 | R37: 0 | T37: No | AA37: 1 | AI37: Brownfields | AO37: yes
A38: Drury | B38: 23a | C38: =A38 & "_" &B38 -> Drury_23a | D38: Waihoehoe Rd West upgrades- between GSR & Kath Henry | E38: Interim 2-lane – install kerb and channel within existing road corridor with provision of active modes on both sides, 20m cross-section | G38: Exclude | I38: 2031 | J38: 2025 | L38: Interim Arterial | N38: Assessed | Q38: 0 | R38: 0 | T38: No | U38: 0 | V38: 0 | W38: 0 | X38: 0 | Y38: 0 | Z38: 0 | AA38: 0 | AB38: 0 | AC38: 0 | AD38: 0 | AE38: 0 | AF38: 0 | AG38: 0 | AH38: 0 | AI38: Brownfields | AJ38: Rural 2-lane corridor, no kerb and channel. | AK38: - Active mode facilities on both sides, 520m linear rate 1 assumed. - 2 120m2 active mode bridges alongside existing bridge, 240m2 total 23a and 23c do not account for the Kath Henry Ln intersection as they are active mode upgrades only. Assume the boundary between the two projects is at the centre of the Kath Henry Ln intersection. | AL38: Overlap with Waihoehoe Road Upgrade design. Design includes final 4 lanes for future FTN with active mode facilities on both sides. This facility accommodates the full corridor upgrade, therefore the full costs of 23a can be removed from the DC model. | AM38: Removal of previous DC assumptions as there is full overlap with the NZUP design: - Active mode facilities on both sides, 520m linear rate 1 assumed. - 2 120m2 active mode bridges alongside existing bridge, 240m2 total | AN38: Full overlap with SH22 design, assume no costs included in DC. | AO38: no
A39: Drury | B39: 23b | C39: =A39 & "_" &B39 -> Drury_23b | D39: Waihoehoe Rd West upgrades- between GSR & Kath Henry Lane | E39: Final 4-lane - following interim option, upgrade Road corridor to provide four lanes with additional turning lanes at intersections where required (as indicated in SGA Design | G39: Exclude | I39: 2032 | J39: 2031 | L39: 4-lane arterial | N39: Assessed | Q39: =16.66688*1000000 -> 16666880 | R39: 0 | S39: 2020 | T39: No | U39: 0 | V39: 0 | W39: 0 | X39: 0 | Y39: 0 | Z39: 0 | AA39: 0 | AB39: 0 | AC39: 0 | AD39: 0 | AE39: 0 | AF39: 0 | AG39: 0 | AH39: 0 | AI39: No Traffic Management | AJ39: 2-lane corridor with active mode facilities on both sides as outlined in 23a. | AK39: Measure and value of DBC design. Assumes full reconstruction of western section, over about 220m to allow extra height for electification requirements for the NIMT. Kerb and channel and active modes on southern side remain, although road is reconstructed. Intersection with Kath Henry Ln signalised, full intersection included within scope of 23b. Most interim works redundant (besides southern berm), bridges would also need to be reconstructed. Assumed 100% of measure and value cost of DBC design. | AL39: Form of Waihoehoe Rd Upgrade design is realigned, 4 lanes, with Kath Henry Ln signalised. Similar level of works required compared to DBC design. Waihoehoe Rd Upgrade design fully supersedes 23b so no cost associated with 23b. | AM39: Full overlap with NZUP design, assume no works required for 23b as they are already completed in NZUP design, Reduction of 100% of DBC cost allowance. | AN39: No cost in DC. | AO39: no
A40: Drury | B40: 23c | C40: =A40 & "_" &B40 -> Drury_23c | D40: Waihoehoe Rd West upgrades- between Kath Henry Lane and Fitzgerald Rd | E40: Interim 2-lane – install kerb and channel within existing road corridor with provision of active modes on both sides, 20m cross-section | G40: Include | I40: 2032 | J40: 2025 | L40: Interim Arterial | N40: Assessed | Q40: 0 | R40: 0 | T40: No | U40: 540 | V40: 0 | W40: 0 | X40: 0 | Y40: 0 | Z40: 0 | AA40: 0 | AB40: 0 | AC40: 0 | AD40: 0 | AE40: 0 | AF40: 0 | AG40: 0 | AH40: 110 | AI40: Brownfields | AJ40: Rural 2-lane corridor, no kerb and channel. | AK40: Active modes on both sides of the road. 'Linear rate 1 for ‘Roadside Berm Construction’ for the addition of separated footpath and cycleway on each side. This has been applied over a length of 740m to reflect an upgrade to both sides of the road. The project does not include the Kath Henry Ln intersection as it is an active mode upgrade only. Assume the boundary between the two projects is at the centre of the Kath Henry Ln intersection, so the total project length is 370m, up to the Fitzgerald Rd intersection. | AL40: Overlap with Waihoehoe Road Upgrade design near Kath Henry Ln intersection. Design indicates 4 lanes with sufficient active mode facilities from Kath Henry Ln intersection, and taper into 2 lanes. Kerbline for 120m on northern side. 60m of this does not have cycle facility. Kerbline for 80m on southern side. 50m of this does not have active mode facilities. Footpath retrofit for 60m on northern side and 50m on southern side should be included in 23c, as these are not included in NZUP design. | AM40: Remove 200m linear rate 1 from previous DC assumptions for new kerbline included in NZUP design. Add 60m + 50m = 110m footpath retrofit to DC project assumptions for active mode facilities along NZUP design extents where these facilities are not present. | AN40: - Linear rate 1 for ‘Roadside Berm Construction’ for the addition of separated footpath and cycleway on each side. This has been applied over a length of 540m to reflect an upgrade to both sides of the road. - 110m footpath retrofit along extents of NZUP project where there is insufficient active mode facilities to meet DC proejct requirements. | AO40: no
A41: Drury | B41: 23d | C41: =A41 & "_" &B41 -> Drury_23d | D41: Waihoehoe Rd West upgrades- between Kath Henry Lane and Fitzgerald Rd | E41: Final 4-lane - following interim option, upgrade Road corridor to provide four lanes with additional turning lanes at intersections where required (as indicated in SGA Design | G41: Include | I41: 2031 | J41: 2031 | L41: 4-lane arterial | N41: Assessed | Q41: 0 | R41: 0 | T41: No | U41: 0 | V41: 0 | W41: 0 | X41: 0 | Y41: 0 | Z41: 0 | AA41: 0 | AB41: 0 | AC41: 0 | AD41: 0 | AE41: 0 | AF41: 240 | AG41: 0 | AH41: 0 | AI41: Brownfields | AJ41: 2-lane corridor with active mode facilities on both sides as outlined in 23c. | AK41: Previous DC assumptions state shift in road to the north, carriageway reconstructed. Kerb and channel on southern side remain. As most interim works redundant, assumed only small section of southern berm area remain, this cost saving is minimal compared to rest of works. Linear rate for ‘4 Lane brownfields upgrade’. This has been applied over a length of 240m. | AL41: Waihoehoe Road Upgrade design includes 4-lanes at Kath Henry intersection with 50m tie-in, where it tapers to 2-lanes to the east. The intersection at Kath Henry Ln and tie in in the eastern leg is within the extents of project 23b, and is therefore not included in the extents of 23d. Approximately 350m from Kath Henry Ln to Fitzgerald Rd. 50m is tie-in in 23b so outside of 23d scope, 50m is assumed to be tie-in for project 10 at Fitzgerald Rd so also outside of 23d scope. Therefore, approx 250m included in scope of 23d which is similar to 240m assumed in previous DC assessment. Therefore, minimal overlap with NZUP design as the components included in the taper in NZUP design are likely to be reconstructed. | AM41: No change. | AN41: Linear rate for ‘4 Lane brownfields upgrade’. This has been applied over a length of 240m. | AO41: no
A42: Drury | B42: 23 | C42: =A42 & "_" &B42 -> Drury_23 | D42: Waihoehoe Rd West upgrades- between GSR & Fitzgerald Rd, including bridge replacement over the rail corridor | E42: 4-lane urban- upgrade 2-lane with active modes on both sides, SGA design | G42: Exclude | L42: 4-lane arterial | N42: Assessed | Q42: =22.94*1000000 -> 22940000 | R42: 1 | S42: 2020 | T42: Yes | U42: 0 | V42: 0 | W42: 0 | X42: 0 | Y42: 0 | Z42: 0 | AA42: 0 | AB42: 0 | AC42: 0 | AD42: 0 | AE42: 0 | AF42: 0 | AG42: 0 | AH42: 0 | AI42: No Traffic Management | AO42: yes
A43: Drury | B43: 24 | C43: =A43 & "_" &B43 -> Drury_24 | D43: Upgrades on Waihoehoe Rd east- from project 4 to Drury Hills + Drury Hills Intersection | E43: 2-lane urban - upgrade existing road layout with active modes on both sides, 20m cross-section | G43: Include | I43: 2032 | J43: 2038 | L43: 2-lane Arterial | N43: Assessed | Q43: =39.86*1000000 -> 39860000 | R43: 0.55 | S43: 2020 | T43: Yes | U43: 0 | V43: 0 | W43: 0 | X43: 0 | Y43: 0 | Z43: 0 | AA43: 0 | AB43: 0 | AC43: 0 | AD43: 0 | AE43: 0 | AF43: 0 | AG43: 0 | AH43: 0 | AI43: No Traffic Management | AO43: yes
A44: Drury | B44: 25 | C44: =A44 & "_" &B44 -> Drury_25 | D44: Upgrades on Drury Hills from Waihoehoe Rd to Macwhinney Dr | E44: 2-lane urban- upgrade existing road layout to 2-lane urban with active modes on both sides | G44: Include | I44: 2038 | J44: 2039 | L44: Upgrade Collector | N44: Assessed | Q44: 0 | R44: 0 | T44: No | U44: =2*950 -> 1900 | V44: 0 | W44: 0 | X44: 0 | Y44: 0 | Z44: 0 | AA44: 0 | AB44: 0 | AC44: 0 | AD44: 0 | AE44: 0 | AF44: 0 | AG44: 0 | AH44: 0 | AI44: Brownfields | AO44: yes
A45: Drury | B45: 27a | C45: =A45 & "_" &B45 -> Drury_27a | D45: Active mode facilities from Drury hills and Fitzgerald to Quarry Rd (2 links and intersections) | E45: Active mode upgrades- existing road layout with active modes on both sides + intersection upgrades for active mode crossing | G45: Include | I45: 2038 | J45: 2039 | L45: Upgrade Collector | N45: Assessed | Q45: 0 | R45: 0 | T45: No | U45: 1450 | V45: 0 | W45: 250 | X45: 0 | Y45: 0 | Z45: 0 | AA45: 0 | AB45: 0 | AC45: 0 | AD45: 0 | AE45: 0 | AF45: 0 | AG45: 0 | AH45: 0 | AI45: Brownfields | AO45: yes
A46: Drury | B46: 27b | C46: =A46 & "_" &B46 -> Drury_27b | D46: Upgrade from Drury hills and Fitzgerald to Quarry Rd (2 links and intersections) | E46: 4-lane urban- upgrade existing road layout with active modes on both sides + intersection upgrades (TDM) | G46: Exclude | I46: 2036 | J46: 2039 | L46: 0 | N46: Assessed | Q46: 0 | R46: 0 | T46: No | AI46: Brownfields | AO46: yes
A47: Drury | B47: 28 | C47: =A47 & "_" &B47 -> Drury_28 | D47: New collector in N-S direction parallel to Fitzgerald Rd | E47: 2-lane collector- new collector with active mode on both sides + intersection improvements (TDM) | G47: Exclude | I47: 2036 | J47: 2035 | L47: Greenfields Collector | N47: Assessed | Q47: 0 | R47: 0 | T47: No | X47: =10*16 -> 160 | Y47: 1 | AG47: 990 | AI47: Greenfields | AO47: yes
A48: Drury | B48: 28a | C48: =A48 & "_" &B48 -> Drury_28a | D48: Northern Section of new collector in N-S direction parallel to Fitzgerald Rd | E48: 2-lane collector to connect with Drury Central Station, including bridge over streamM) | G48: Include | I48: 2036 | J48: 2035 | L48: New Collector (AT) | N48: Assessed | Q48: 0 | R48: 0 | T48: No | X48: =10*16 -> 160 | Y48: 1 | AG48: 90 | AI48: Greenfields | AO48: yes
A49: Drury | B49: 29 | C49: =A49 & "_" &B49 -> Drury_29 | D49: New collector in E-W direction between Flanagan & Fitzgerald Rd (collector 2) | E49: 2-lane collector- new collector with active mode on both sides + intersection improvements (TDM) | G49: Exclude | I49: 2036 | J49: 2035 | L49: Greenfields Collector | N49: Assessed | Q49: 0 | R49: 0 | T49: No | AG49: 850 | AI49: Greenfields | AO49: yes
A50: Drury | B50: 30 | C50: =A50 & "_" &B50 -> Drury_30 | D50: 2-lane internal collector between Fitzgerald & Drury Hills E-W direction | E50: 2-lane collector- new collector with active mode on both sides + intersection improvements (TDM) | G50: Exclude | L50: Greenfields Collector | N50: Assessed | Q50: 0 | R50: 0 | T50: No | AG50: 2000 | AI50: Greenfields | AO50: yes
A51: Drury | B51: 30.1 | C51: =A51 & "_" &B51 -> Drury_30.1 | D51: 2-lane internal collector between Fitzgerald & Fielding Road E-W direction | E51: 2-lane collector- new collector with active mode on both sides + intersection improvements (TDM) | G51: Exclude | I51: 2035 | J51: 2033 | L51: Greenfields Collector | N51: Assessed | Q51: 0 | R51: 0 | T51: No | AG51: 650 | AI51: Greenfields | AO51: yes
A52: Drury | B52: 30.2 | C52: =A52 & "_" &B52 -> Drury_30.2 | D52: 2-lane internal collector between Fielding Road & Drury Hills E-W direction | E52: 2-lane collector- new collector with active mode on both sides + intersection improvements (TDM) | G52: Exclude | I52: 2038 | J52: 2039 | L52: Greenfields Collector | N52: Assessed | Q52: 0 | R52: 0 | T52: No | AG52: 1350 | AI52: Greenfields | AO52: yes
A53: Drury | B53: 31 | C53: =A53 & "_" &B53 -> Drury_31 | D53: Upgrades on Cossey Rd between Fitzgerald & Waihoehoe Rd | E53: 2-lane urban - upgrade existing roadwith active modes on both sides / Mill Road design ? | G53: Include | I53: 2038 | J53: 2039 | L53: Upgrade Collector | N53: Assessed | Q53: 0 | R53: 0 | T53: No | U53: 1860 | AI53: Brownfields | AO53: yes
A54: Drury | B54: 32 | C54: =A54 & "_" &B54 -> Drury_32 | D54: New Intersection on Cossey Rd/Waihoehoe Rd | E54: Assume 1 simple roundabout intesection | G54: Include | I54: 2038 | J54: 2039 | L54: 2-lane Arterial | N54: Assessed | Q54: 0 | R54: 0 | T54: No | Y54: 1 | AI54: Brownfields | AO54: yes
A55: Drury | B55: 33 | C55: =A55 & "_" &B55 -> Drury_33 | D55: Upgrade Fitzgerald Rd from project 7 to Brookefield Rd | E55: 2-lane urban- upgrade existing road layout to 2-lane urban with active modes on both sides (TDM ) | G55: Include | I55: 2033 | J55: 2033 | L55: Upgrade Collector | N55: Assessed | Q55: 0 | R55: 0 | T55: No | U55: =2*380 -> 760 | AI55: Brownfields | AO55: yes
A56: Drury | B56: 34 | C56: =A56 & "_" &B56 -> Drury_34 | D56: New Drury Interchange connection to Kiwi development | E56: 2-lane urban- new road layout with active modes on both sides (TDM) | G56: Exclude | I56: 2035 | J56: 2034 | L56: State Highway | N56: Assessed | Q56: 0 | R56: 0 | T56: No | AI56: Brownfields | AO56: yes
A57: Drury | B57: 35a | C57: =A57 & "_" &B57 -> Drury_35a | D57: Mill Road : Drury South connection from Fitzgerald/Cossey intersection to SH1 + Interchange | E57: 2-lane- new road layout with active modes on both sides (depends on Mill Road design and sequencing) | G57: Exclude | I57: 2038 | J57: 2043 | L57: 4-lane arterial | N57: Assessed | Q57: 0 | R57: 0 | T57: No | AI57: Brownfields | AO57: yes
A58: Drury | B58: 35b | C58: =A58 & "_" &B58 -> Drury_35b | D58: Mill Road : Drury South connection from Fitzgerald/Cossey intersection to SH1 + Interchange | E58: 4-lane- new road layout with active modes on both sides (depends on Mill Road design and sequencing) | G58: Exclude | I58: 2041 | J58: 2050 | L58: 4-lane arterial | N58: Assessed | Q58: 0 | R58: 0 | T58: No | AI58: Brownfields | AO58: yes
A59: Drury | B59: 36 | C59: =A59 & "_" &B59 -> Drury_36 | D59: Complete Bremner-Norrie Road connection from SH1 upto GSR (overlap with project 12) | E59: 4-lane urban- upgrade with active modes on both sides (SGA design) | G59: Exclude | L59: 4-lane arterial | N59: Assessed | Q59: =40.348997809748*1000000 -> 40348998 | R59: 1 | S59: 2020 | T59: Yes | AI59: Brownfields | AO59: yes
A60: Drury | B60: 36a | C60: =A60 & "_" &B60 -> Drury_36a | D60: Bremner-Norrie Road east of SH1 up to GSR (overlap with project 12) | E60: 2-lane urban- upgrade existing road layout with active modes on both sides (Under construction) | G60: Include | I60: 2032 | J60: 2033 | L60: Interim 2-lane Arterial | N60: Assessed | Q60: 0 | R60: 0 | T60: No | U60: 200 | X60: =70*16 -> 1120 | AA60: 1 | AG60: 180 | AI60: Brownfields | AJ60: 2 lane urban, with kerb and channel. Brownfields where there will be new alignment of road. | AK60: Scope from Creek St to Norrie Rd tie-in. Retrofitting active modes to existing corridor, and providing a 2-lane connection from Bremner Rod to the western end of Norrie Rd. - New Bridge of 1120m2 over Hingaia Stream - Linear rate for ‘Roadside Berm Construction’ for the addition of separated footpath and cycleway on each side of the road between Creek Street and Firth Street. This has been applied over a length of 200m to reflect an upgrade to both sides of the road. - Linear rate for a new ‘2-lane Transport Corridor’ for the new section of road between Firth street and Norrie Road tie-in, excluding the bridge. This has been applied over a length of 210m. - Simple signals rate for Bremner/Firth intersection. | AL60: NZUP design has 30m overlap with 36a, of which the previous DC assumption was 2 lane transport corridor rate. Alignment of road should follow the existing alignment for this extent, so this 30m on each side (60m total) can be assumed to be linear rate 2 for NZUP extents rather than 2 lane transport corridor rate. Linear rate 2 considers retaining structure required indicated by design. | AM60: Assume 36a ends at start of RT bay at the tie in to GSR/Waihoehoe intersection indicated in the Waihoehoe Rd Upgrade design. Tie-ins are included in project 9a. Reduce previous DC assumptions on 2 lane transport corridor rate by 30m. | AN60: - New Bridge of 1120m2 over Hingaia Stream - Linear rate for ‘Roadside Berm Construction’ for the addition of separated footpath and cycleway on each side of the road between Creek Street and Firth Street. This has been applied over a length of 200m to reflect an upgrade to both sides of the road. - Linear rate for a new ‘2-lane Transport Corridor’ for the new section of road between Firth street and Norrie Road tie-in, excluding the bridge. This has been applied over a length of 180m. - Simple signals rate for Bremner/Firth intersection. | AO60: no
A61: Drury | B61: 36b | C61: =A61 & "_" &B61 -> Drury_36b | D61: Complete Bremner-Norrie Road connection from SH1 up to GSR excluding Bridge (overlap with project 12) | E61: 4-lane urban- upgrade interim 2-lane urban corridor to a 4-lane corridor with active modes on both sides (SGA design) | G61: Include | I61: 2046 | J61: 2050 | L61: 4-lane arterial | N61: Assessed | Q61: 0 | R61: 0.8 | T61: No | AA61: 2 | AD61: 180 | AF61: 280 | AI61: Brownfields | AJ61: 2 lane urban with kerb and channel and active mode facilities on both sides, as outlined for 36a. | AK61: Project extents from western end of Ngakoroa stream bridge to Norrie Rd tie-in. - Widen the new section east of Norrie road to 4 lanes over a length of 180m with extra over, assume interim is future proofed for extra over. - Corridor upgrade from 2 lanes to 4-lanes over a length of 280m for existing section of Bremner Rd - 2 sets of simple signal upgrade for Firth Street and Creek Street | AL61: Assume only northern kerbline of 30m from NZUP project as outlined in 36a may be retained, which is minimal relative to remainder of works. Assume no change to DC cost from previous. | AM61: No change from previous DC assumptions. | AN61: - Widen the new section east of Norrie road to 4 lanes over a length of 180m with extra over, assume interim is future proofed for extra over. - Corridor upgrade from 2 lanes to 4-lanes over a length of 280m for existing section of Bremner Rd - 2 sets of simple signal upgrade for Firth Street and Creek Street | AO61: no
A62: Drury | B62: 36c | C62: =A62 & "_" &B62 -> Drury_36c | D62: Complete Bremner-Norrie Road connection from SH1 up to GSR - Bridge structure (overlap with project 12) | E62: Upgrade interim 2-lane bridges (3No. to 4 lane bridges with active modes on both sides (SGA design) | G62: Include | I62: 2046 | J62: 2050 | L62: Major Infrastructure | N62: Assessed | Q62: 0 | R62: 0.8 | T62: No | X62: =(50*12)+(60*12)+(70*12) -> 2160 | AI62: Brownfields | AO62: yes
A63: Drury | B63: 37a(i) | C63: =A63 & "_" &B63 -> Drury_37a(i) | D63: N-S Opaheke Arterial from development to Ponga Rd | E63: 2-lane urban- new road layout with active modes on both sides (TDM) | G63: Include | I63: 2042 | J63: 2044 | L63: Interim 2-lane Arterial | N63: Assessed | Q63: =18.8199623260468*1000000 -> 18819962 | R63: 1 | S63: 2020 | T63: No | AI63: Greenfields | AO63: yes
A64: Drury | B64: 37a(ii) | C64: =A64 & "_" &B64 -> Drury_37a(ii) | D64: N-S Opaheke Arterial from development to Ponga Rd | E64: 2-lane urban- bridge construction | G64: Include | I64: 2041 | J64: 2044 | L64: Major Infrastructure | N64: Assessed | Q64: =20.6666666666667*1000000 -> 20666667 | R64: 1 | S64: 2020 | T64: No | AI64: Greenfields | AO64: yes
A65: Drury | B65: 37b(i) | C65: =A65 & "_" &B65 -> Drury_37b(i) | D65: N-S Opaheke Arterial from development to Ponga Rd | E65: 4-lane urban- upgrade 2-lane urban with active modes on both sides (SGA design) | G65: Include | I65: 2046 | J65: 2049 | L65: 4-lane arterial upgrade | N65: Assessed | Q65: 0 | R65: 0 | T65: No | Z65: 1 | AD65: 1020 | AI65: Greenfields | AO65: yes
A66: Drury | B66: 37b(ii) | C66: =A66 & "_" &B66 -> Drury_37b(ii) | D66: N-S Opaheke Arterial from development to Ponga Rd | E66: 4-lane urban- Bridge Widening | G66: Include | I66: 2046 | J66: 2049 | L66: Major Infrastructure | N66: Assessed | Q66: 0 | R66: 0 | T66: No | X66: =12*230 -> 2760 | AI66: Greenfields | AO66: yes
A67: Drury | B67: 38a | C67: =A67 & "_" &B67 -> Drury_38a | D67: Mill Road: From Waihoehoe Rd to Papakura (alternative project 37) | E67: 2-lane urban- new road layout with active modes on both sides, TDM , (depends on Mill Rd) | G67: Exclude | J67: 2046 | L67: 2-lane Arterial | N67: Assessed | Q67: 0 | R67: 0 | T67: No | AI67: Brownfields | AO67: yes
A68: Drury | B68: 38b | C68: =A68 & "_" &B68 -> Drury_38b | D68: Mill Road: From Waihoehoe Rd to Papakura (alternative project 37) | E68: 4-lane urban- with active modes on both sides, TDM , (depends on Mill Rd) | G68: Exclude | J68: 2055 | L68: 4-lane arterial | N68: Assessed | Q68: 0 | T68: No | AI68: Brownfields | AO68: yes
A69: Drury | B69: 18a | C69: =A69 & "_" &B69 -> Drury_18a | D69: Mill Road: From Waihoehoe Rd to Fitzgerald Road (depends on Mill Road alignment) | E69: 2-lane urban- new road layout with active modes on both sides, TDM , (depends on Mill Rd) | G69: Exclude | I69: 2036 | J69: 2036 | N69: Assessed | T69: No | AI69: No Traffic Management | AO69: yes
A70: Drury | B70: 18b | C70: =A70 & "_" &B70 -> Drury_18b | D70: Mill Road: From Waihoehoe Rd to Fitzgerald Road (depends on Mill Road alignment) | E70: 4-lane urban- with active modes on both sides, TDM , (depends on Mill Rd) | G70: Exclude | I70: 2046 | J70: 2052 | N70: Assessed | T70: No | AI70: No Traffic Management | AO70: yes
A71: Drury | B71: 39a | C71: =A71 & "_" &B71 -> Drury_39a | D71: New Bremner Rd arterial from SH1 to Auranga development | E71: 2-lane urban- new road layout with active modes on both sides (Under construction) | G71: Exclude | J71: Under Construction | L71: Interim 2-lane Arterial | N71: Assessed | Q71: 0 | R71: 0 | T71: No | AI71: No Traffic Management | AO71: yes
A72: Drury | B72: 39b | C72: =A72 & "_" &B72 -> Drury_39b | D72: New Bremner Rd arterial from SH1 to Auranga development | E72: 4-lane urban- upgrade 2-lane urban excl bridge | G72: Include | I72: 2046 | J72: 2047 | L72: 4-lane arterial upgrade | N72: Assessed | Q72: 0 | R72: 0 | T72: No | AD72: 620 | AI72: Brownfields | AO72: yes
A73: Drury | B73: 39c | C73: =A73 & "_" &B73 -> Drury_39c | D73: New Bremner Rd arterial from SH1 to Auranga development | E73: 4-lane urban- upgrade 2-lane bridge widening | G73: Include | I73: 2046 | J73: 2047 | L73: Major Infrastructure | N73: Assessed | Q73: 0 | R73: 0 | T73: No | X73: =40*12 -> 480 | AI73: Brownfields | AO73: yes
A74: Drury | B74: 40a | C74: =A74 & "_" &B74 -> Drury_40a | D74: New intersection on Jesmond/Bremner Rd | E74: 2-lane signalised intersection (new intersection with active mode crossings) | G74: Include | I74: 2031 | J74: 2027 | L74: 2-lane Arterial | N74: Assessed | Q74: 0 | R74: 0 | T74: No | AB74: 1 | AI74: Greenfields | AO74: yes
A75: Drury | B75: 40b | C75: =A75 & "_" &B75 -> Drury_40b | D75: Upgrade intersection on Jesmond/Bremner Rd | E75: Multi-lane signalised intersection (upgrade intersection with active mode crossings) | G75: Include | I75: 2036 | J75: 2031 | L75: 4-lane arterial | N75: Assessed | Q75: 0 | R75: 0 | T75: No | AA75: 1 | AI75: Brownfields | AO75: yes
A76: Drury | B76: 41a | C76: =A76 & "_" &B76 -> Drury_41a | D76: Jesmond Rd upgrades from SH22 to Waipupuke development boundary | E76: 2-lane urban- upgrade existing road with active modes on both sides (TDM) | G76: Exclude | I76: 2030 | J76: 2027 | L76: Interim Arterial | N76: Assessed | Q76: 0 | R76: 0 | T76: No | AG76: 0 | AI76: Brownfields | AJ76: 2-lane rural, no kerb and channel. | AK76: Full reconstruction of road assumed to achieve 2 lane. Interim active mode facility constructed on western side of road. 520m 2-lane rate. | AL76: SH22 design of Jesmond road covers same extents and is the similar form as previous DC assumption (2 lane with active modes on one side). Assume full overlap, so reduction of cost included in DC for 41a removed. | AM76: Reduction of 2-lane transport corridor rate from 520m to 0m | AN76: Full overlap with NZUP design, assume no works required for 41a as they are already completed in NZUP design. | AO76: no
A77: Drury | B77: 41b | C77: =A77 & "_" &B77 -> Drury_41b | D77: Jesmond Rd from SH22 to Waipupuke development boundary | E77: 4-lane urban- upgrade 2-lane urban to 4-lane with active modes on both sides, (TDM) | G77: Include | I77: 2047 | J77: 2047 | L77: 4-lane arterial | N77: Assessed | Q77: 0 | R77: 1 | T77: No | AD77: 220 | AF77: 300 | AI77: Brownfields | AJ77: 2 lane urban with active mode facility on western side, as detailed in 41b. | AK77: - 220m extra over for widening on western side of road at northern end - 300m 4 lane brownfields rate on southern side as widening moves to the eastern side of the road to tie into SH22 | AL77: SH22 design is 2 lane and matches with interim form. Therefore, it is assumed that the assumptions for previous DC assessment remain, as these have already been reduced to account for retained works, which are now part of the SH22 design. | AM77: No change from previous DC assumptions. | AN77: - 220m extra over for widening on western side of road at northern end - 300m 4 lane brownfields rate on southern side as widening moves to the eastern side of the road to tie into SH22 | AO77: no
A78: Drury | B78: 42a | C78: =A78 & "_" &B78 -> Drury_42a | D78: Jesmond Rd upgrades from project 41 to New Bremner Rd | E78: Interim active modes e.g. shared path on one side | G78: Include | I78: 2030 | J78: 2028 | L78: Interim Arterial | N78: Assessed | Q78: 0 | R78: 0 | T78: No | U78: 780 | AI78: Brownfields | AO78: yes
A79: Drury | B79: 42b | C79: =A79 & "_" &B79 -> Drury_42b | D79: Jesmond Rd upgrades from project 41 to New Bremner Rd | E79: 2-lane urban- upgrade existing road with active mode facility on both sides (TDM) | G79: Include | I79: 2031 | J79: 2031 | L79: Interim Arterial | N79: Assessed | Q79: 0 | R79: 1 | T79: No | AG79: 780 | AI79: Brownfields | AO79: yes
A80: Drury | B80: 42c | C80: =A80 & "_" &B80 -> Drury_42c | D80: Jesmond Rd upgrades from project 41 to New Bremner Rd | E80: 4-lane urban FTN- upgrade 2-lane urban to 4-lane with active modes on both sides, (TDM) | G80: Include | I80: 2047 | J80: 2047 | L80: 4-lane arterial | N80: Assessed | Q80: 0 | R80: 0 | T80: No | AD80: 780 | AI80: Brownfields | AO80: yes
A81: Drury | B81: 43a | C81: =A81 & "_" &B81 -> Drury_43a | D81: Intersection upgrade on Jesmond Rd/SH22 Rd | E81: 2-lane intersection (Intersection upgrade + active mode crossings) | G81: Exclude | L81: State Highway | N81: Assessed | Q81: 0 | R81: 0 | T81: No | AB81: 1 | AI81: Brownfields | AO81: yes
A82: Drury | B82: 43b | C82: =A82 & "_" &B82 -> Drury_43b | D82: Intersection upgrade on Jesmond Rd/SH22 Rd | E82: Multi-lane signalised intersection (Intersection upgrade + active mode crossings) | G82: Exclude | I82: 2033 | J82: 2024 | L82: 4-lane arterial | N82: Assessed | Q82: 0 | R82: 0 | T82: No | AA82: 1 | AI82: Brownfields | AO82: yes
A83: Drury | B83: 44 | C83: =A83 & "_" &B83 -> Drury_44 | D83: Intersection at SH22/Burberry Rd (likely to close entirely) | E83: Interim design and likely to close - subject to Auranga assessment | G83: Exclude | I83: 2030 | J83: 2023 | L83: 4-lane arterial | N83: Assessed | Q83: 0 | R83: 0 | T83: No | AA83: 1 | AI83: Brownfields | AJ83: Existing priority controlled intersection. | AK83: Upgrade to simple signalised intersection. | AL83: SH22 design does not include intersection, although includes 4 lanes across the location of the intersection. As the pavement and much of kerb and channel will be retained from SH22 design, assume additional works required are limited to traffic signal hardware and localised widening/works on Jesmond Road leg. Therefore assume simple signals rate is included in DC assessment, same as previous DC assumption. | AM83: No change from previous DC assumptions. | AN83: Upgrade to simple signalised intersection. | AO83: no
A84: Drury | B84: 45 | C84: =A84 & "_" &B84 -> Drury_45 | D84: Upgrade intersection at SH22/Victoria Rd | E84: subject to Auranga assessment | G84: Exclude | I84: 2030 | J84: 2024 | L84: State Highway | N84: Assessed | Q84: 0 | R84: 0 | T84: No | AA84: 1 | AI84: Brownfields | AO84: yes
A85: Drury | B85: 46 | C85: =A85 & "_" &B85 -> Drury_46 | D85: Upgrades in GSR/Firth St intersection (overlap with project12) | E85: Possible signals(subject to Auranga assessment) | G85: Include | I85: 2031 | J85: 2031 | L85: 4-lane arterial | N85: Assessed | Q85: 0 | R85: 0 | T85: No | AA85: 1 | AI85: Brownfields | AO85: yes
A86: Drury | B86: 47 | C86: =A86 & "_" &B86 -> Drury_47 | D86: Old Bremner Road Upgrade from Jesmond Road to Auranga Precinct | E86: 2-lane urban- new road layout with active modes on both sides (Under construction) | G86: Exclude | J86: Under Construction | N86: Assessed | T86: No | AI86: No Traffic Management | AO86: yes
A87: Drury | B87: 48 | C87: =A87 & "_" &B87 -> Drury_48 | D87: Collector road south of New Bremner/ Old Bremner intersection | E87: 2-lane urban- new road layout with active modes on both sides (Under construction) | G87: Exclude | J87: Under Construction | N87: Assessed | T87: No | AI87: No Traffic Management | AO87: yes
A88: Drury | B88: 49 | C88: =A88 & "_" &B88 -> Drury_49 | D88: SH22 improvements from GSR Intersection to Jesmond Rd | E88: 4-lane urban- upgrade 2-lane urban to 4-lane with active modes on both sides, (TDM) | G88: Exclude | I88: 2032 | J88: 2032 | L88: State Highway | N88: Assessed | Q88: =20.626476189696*1000000 -> 20626476 | R88: 1 | S88: 2020 | T88: Yes | AI88: No Traffic Management | AO88: yes
A89: Drury | B89: 50a | C89: =A89 & "_" &B89 -> Drury_50a | D89: SH22 improvements from Jesmond Rd to Oira Rd- active mode upgrades on the northern section | E89: 2-lane urban- upgrade existing road layout with active modes on northern side only | G89: Exclude | I89: 2030 | J89: 2026 | L89: State Highway | N89: Assessed | Q89: 0 | R89: 0 | T89: No | AH89: 900 | AI89: Brownfields | AO89: yes
A90: Drury | B90: 50b | C90: =A90 & "_" &B90 -> Drury_50b | D90: SH22 improvements from Jesmond Rd to Oira Rd | E90: 4-lane urban- upgrade 2-lane urban to 4-lane with active modes on both sides, (TDM) | G90: Exclude | I90: 2036 | J90: 2032 | L90: State Highway | N90: Assessed | Q90: =14.91*1000000 -> 14910000 | R90: 1 | S90: 2020 | T90: Yes | AI90: Brownfields | AO90: yes
A91: Drury | B91: 51 | C91: =A91 & "_" &B91 -> Drury_51 | D91: SH22 improvements from Oira Rd to Oira Creek - subject to design, could be incorporated with project 60 | E91: Upgrade road layout to future urban boundary + active modes on both sides | G91: Exclude | I91: 2036 | J91: 2037 | L91: State Highway | N91: Assessed | Q91: 12000000 | R91: 1 | S91: 2020 | T91: Yes | AI91: Brownfields | AO91: yes
A92: Drury | B92: 52 | C92: =A92 & "_" &B92 -> Drury_52 | D92: Intersection upgrade- on SH22/ McPherson Rd/Karaka Rd (Auranga B1) | E92: Ultimate intersection form | G92: Exclude | I92: 2030 | J92: 2024 | L92: 4-lane arterial | N92: Assessed | Q92: 0 | R92: 0 | T92: No | AA92: 1 | AI92: Brownfields | AJ92: Existing 2-lane rural corridor. | AK92: Upgrade to simple signalised intersection. | AL92: SH22 design does not include intersection, although includes 4 lanes across the location of the intersection. As the pavement and much of kerb and channel will be retained from SH22 design, assume additional works required are limited to traffic signal hardware and localised widening/works on Macpherson Road leg. Therefore assume simple signals rate is included in DC assessment, same as previous DC assumption. | AM92: No change from previous DC assumptions. | AN92: Upgrade to simple signalised intersection. | AO92: no
A93: Drury | B93: 53 | C93: =A93 & "_" &B93 -> Drury_53 | D93: New intersection east of Jesmond Rd (Auranga B1 main street) | E93: Ultimate intersection form (left-in left-out) | G93: Exclude | I93: 2030 | J93: 2024 | L93: 4-lane arterial upgrade | N93: Assessed | Q93: 0 | R93: 0 | T93: No | AA93: 1 | AI93: Greenfields | AJ93: Existing 2-lane rural corridor. | AK93: Upgrade to simple signalised intersection. | AL93: SH22 design does not include intersection, although includes 4 lanes across the location of the intersection. As the pavement and much of kerb and channel will be retained from SH22 design, assume additional works required are limited to traffic signal hardware and localised widening/works on the Auranga Development leg. Therefore assume simple signals rate is included in DC assessment, same as previous DC assumption. | AM93: No change from previous DC assumptions. | AN93: Upgrade to simple signalised intersection. | AO93: no
A94: Drury | B94: 54 | C94: =A94 & "_" &B94 -> Drury_54 | D94: New N-S collectors internal to Auranga B1 (2 links )+ Intersections | E94: 2-lane urban- new collector with active mode on both sides + intersection improvements (TDM) | G94: Exclude | I94: 2035 | J94: 2025 | L94: Greenfields Collector | N94: Assessed | Q94: 0 | R94: 0 | T94: No | Y94: 1 | AG94: 1200 | AI94: Greenfields | AO94: yes
A95: Drury | B95: 55 | C95: =A95 & "_" &B95 -> Drury_55 | D95: New E-W collector Jesmond Rd to SH22 | E95: 2-lane urban- new collector with active mode on both sides + intersection improvements (TDM) | G95: Exclude | I95: 2035 | L95: Greenfields Collector | N95: Assessed | Q95: 0 | R95: 0 | T95: No | Y95: 1 | AG95: 870 | AI95: Greenfields | AO95: yes
A96: Drury | B96: 55a | C96: =A96 & "_" &B96 -> Drury_55a | D96: New E-W collector Jesmond Rd to Burberry Rd | E96: 2-lane urban- new collector with active mode on both sides + intersection improvements (TDM) | G96: Include | I96: 2035 | J96: 2034 | L96: New Collector (AT) | N96: Assessed | Q96: 0 | R96: 0 | T96: No | Y96: 1.5 | AG96: 550 | AI96: Greenfields | AO96: yes
A97: Drury | B97: 56 | C97: =A97 & "_" &B97 -> Drury_56 | D97: Burberry Rd north connection to Auranga Precinct | E97: 2-lane collector- new collector with active mode on both sides + intersection improvements (TDM) | G97: Exclude | J97: Under construction | L97: Greenfields Collector | N97: Assessed | Q97: 0 | R97: 0 | T97: No | Y97: 1 | AG97: 500 | AI97: Greenfields | AO97: yes
A98: Drury | B98: 57 | C98: =A98 & "_" &B98 -> Drury_57 | D98: New access road to Drury West Station | E98: 2-lane urban- new road layout with active modes on both sides, (TDM) | G98: Exclude | I98: 2030 | J98: 2026 | L98: 0 | N98: Assessed | Q98: 0 | R98: 0 | T98: No | AI98: No Traffic Management | AJ98: Greenfields. | AK98: NZUP project, no rate asusmptions for previous DC assessment. | AL98: Access and parking lot included in Drury Rail Stations Drury West - Stage 1. | AM98: No change from previous DC assumptions, as whole project is included within NZUP project extents. | AN98: No cost included in DC assessment | AO98: no
A99: Drury | B99: 58 | C99: =A99 & "_" &B99 -> Drury_58 | D99: Oira Rd upgrades from SH22 to proposed east-west collector | E99: 2-lane urban- upgrade existing road layout with active modes on both sides + intersection improvements (TDM) | G99: Include | I99: 2033 | J99: 2033 | L99: Upgrade Collector | N99: Assessed | Q99: 0 | R99: 0 | T99: No | Y99: 2 | AG99: 1300 | AI99: Brownfields | AO99: yes
A100: Drury | B100: 59 | C100: =A100 & "_" &B100 -> Drury_59 | D100: New Intersection on Jesmond Rd/collector (PC61) | E100: 2-lane intersection (new intersection + active mode crossings) | G100: Include | I100: 2033 | J100: 2033 | L100: New Collector (AT) | N100: Assessed | Q100: 0 | R100: 0 | T100: No | Y100: 1 | AI100: Brownfields | AO100: yes
A101: Drury | B101: 60a | C101: =A101 & "_" &B101 -> Drury_60a | D101: SH22 Intersection upgrade - Oira Rd (3 leg) | E101: Interim Roundabout | G101: Exclude | I101: 2033 | J101: 2026 | L101: 2-lane Arterial | N101: Assessed | Q101: 0 | R101: 0 | T101: No | Y101: 1 | AI101: Brownfields | AO101: yes
...

Sheet I4 Con PW Unit Rates
A1: I4 Con Unit Rates
A2: Typical Rates for Construction Physical Works Cost (Base Estimate excluding Env compliance, TM and P&G)
A3: To be applied to
E4: Date Costs assessed: | G4: 45352
A5: Last Updated | B5: 45352 | D5: Reviewed By: | E5: JL | S5: Renewal Rates
A6: Rate Category | B6: Length of Linear Rate 1 | C6: Length of Linear Rate 2 | D6: Length of Linear Rate 3 | E6: Bridge Area (m2) | F6: Roundabout 2-lane | G6: Roundabout 4-lane | H6: New Signals simple | I6: New Signals complex | J6: 2-lane interim* | K6: E/O for future 4-lane | L6: Greenfields 4 lane rate 4 | M6: Brownfields 4-lane rate 5 | N6: 2-lane Rate 6 | O6: footpath retrofit | P6: 2-Lane collector | Q6: Urban frontage | R6: Footpath only | S6: Rural road reseal (chipseal) | T6: Rural road pavement upgrade
A7: Rate Unit | B7: $/m | C7: $/m | D7: $/m | E7: $/m2 | F7: $ | G7: $ | H7: $ | I7: $ | J7: $/m | K7: $/m | L7: $/m | M7: $/m | N7: $/m | O7: $/m | P7: $/m | Q7: $/m | R7: $/m | S7: $/m2 | T7: $/m2
A8: Rate ($) | B8: 2020 | C8: 2850 | D8: 4290 | E8: 4500 | F8: 2500000 | G8: 4500000 | H8: 2000000 | I8: 4500000 | J8: 12630 | K8: 5000 | L8: 15130 | M8: 15490 | N8: 10219.549 | O8: 480 | P8: 9550 | Q8: 4610 | R8: 370 | S8: 56 | T8: 116
A9: Year Rate Assessed: | B9: 2021 | C9: 2021 | D9: 2021 | E9: 2021 | F9: 2021 | G9: 2021 | H9: 2021 | I9: 2021 | J9: 2021 | K9: 2021 | L9: 2021 | M9: 2021 | N9: 2021 | O9: 2024 | P9: 2024 | Q9: 2024 | R9: 2024 | S9: 2024 | T9: 2024
A10: Rate Adjusted to Current Year: | B10: =IF(B9=2021,Con_2021_Escalation*B8,IF(B9=2024,B8,"Error")) -> 2501.4534 | C10: =IF(C9=2021,Con_2021_Escalation*C8,IF(C9=2024,C8,"Error")) -> 3529.2784 | D10: =IF(D9=2021,Con_2021_Escalation*D8,IF(D9=2024,D8,"Error")) -> 5312.4927 | E10: =IF(E9=2021,Con_2021_Escalation*E8,IF(E9=2024,E8,"Error")) -> 5572.5448 | F10: =IF(F9=2021,Con_2021_Escalation*F8,IF(F9=2024,F8,"Error")) -> 3095858.2 | G10: =IF(G9=2021,Con_2021_Escalation*G8,IF(G9=2024,G8,"Error")) -> 5572544.8 | H10: =IF(H9=2021,Con_2021_Escalation*H8,IF(H9=2024,H8,"Error")) -> 2476686.6 | I10: =IF(I9=2021,Con_2021_Escalation*I8,IF(I9=2024,I8,"Error")) -> 5572544.8 | ... T10: =IF(T9=2021,Con_2021_Escalation*T8,IF(T9=2024,T8,"Error")) -> 116
A11: Position in report: | B11: 5 | C11: 6 | D11: 7 | E11: 12 | F11: 13 | G11: 14 | H11: 15 | I11: 16 | J11: 2 | K11: 3 | L11: 4 | N11: 1 | O11: 11 | P11: 8 | Q11: 9 | R11: 10 | S11: 17 | T11: 18

Sheet I5 Mitigation
A4: Project number | B4: Project name | C4: % of Property costs to be delivered by AT (through DCs, grants or rates) | D4: % Construction costs to be delivered by AT (through DCs, grants or rates)
A5: 1a | B5: GSR improvements - Waihoehoe Rd to Drury Interchange | C5: 0 | D5: 0
A6: 1b | B6: GSR improvements - Waihoehoe Rd to Drury Interchange | C6: 1 | D6: 1
A7: 2a | B7: GSR improvements - From Drury School to Waihoehoe Rd | C7: 1 | D7: 1
A8: 2b | B8: GSR improvements - From Drury School to Waihoehoe Rd | C8: 1 | D8: 1
A9: 3 | B9: Intersection upgrade on GSR/Karaka Rd intersection | C9: 0 | D9: 0
A10: 4a | B10: Waihoehoe Rd East upgrades- from Fitzgerald Rd to before Cossey Rd (development boundary) | C10: 0 | D10: 0
A11: 4b | B11: Waihoehoe Rd East upgrades- from Fitzgerald Rd to before Cossey Rd (development boundary) | C11: 0.7 | D11: 0.2
A12: 4 | B12: Waihoehoe Rd East upgrades- from Fitzgerald Rd to before Cossey Rd (development boundary) | C12: 0 | D12: 0
A13: 5 | B13: Drury Central Station | C13: 0 | D13: 0
A14: 6 | B14: Drury Station Connection+ intersection | C14: 0 | D14: 0
A15: 7 | B15: Fitzgerald Rd upgrades (from Waihoehoe Rd to development boundary) | C15: 0.05 | D15: 0.05
A16: 8 | B16: Fielding Rd upgrades ( from Waihoehoe Rd to development boundary ) | C16: 0 | D16: 0.05
A17: 9a | B17: Upgrade in Norrie Rd/GSR/Waihoehoe intersection | C17: 0 | D17: 0
A18: 9b | B18: Upgrade in Norrie Rd/GSR/Waihoehoe intersection | C18: 1 | D18: 1
A19: 10a | B19: New intersection on Waihoehoe Rd/Fitzgerald Rd( including approach cross-sections) | C19: 0 | D19: 0
A20: 10b | B20: New intersection on Waihoehoe Rd/Fitzgerald Rd( including approach cross-sections) | C20: 1 | D20: 1
A21: 11 | B21: Intersection upgrade Waihoehoe Rd/Fielding Rd/Appleby Rd | C21: 0.1 | D21: 0.1
A22: 12 | B22: Interim walking, cycling and bus connections within Drury Centre (includes Bremner/Norrie/Firth Intersection upgrades, active mode on Norrie) -overlap with project 36 and 46 | C22: 1 | D22: 1
A23: 13a | B23: N-S Opaheke Arterial across development (upto Waihoehoe Stream) | C23: 0.15 | D23: 0
A24: 13b | B24: N-S Opaheke Arterial across development (upto Waihoihoi Stream) | C24: 0 | D24: 0.75
A25: 14 | B25: Upgrade Brookefield Road from Fitzgerald to Quarry Rd+ New connection + Intersections on Quarry & Fitzgerald | C25: 0 | D25: 0
A26: 14a | B26: Western end of Brookefield Road Extension tie in with Quarry Rd | C26: 1 | D26: 1
A27: 14b | B27: Brookefield Road Upgrade | C27: 0 | D27: 0.1
A28: 15 | B28: New Collector road E-W from Fitgerald Rd (collector 1) + Intersections | C28: 0 | D28: 0
A29: 16a | B29: Replace 2-lane Bremner Road Bridge over State Highway 1 | C29: 0 | D29: 0
A30: 16b | B30: Widen Bremner Road Bridge ove SH1 to 4-lanes | C30: 1 | D30: 1
A31: 17 | B31: Oira Road to Jesmond Road Collector | C31: 0 | D31: 0.1
A32: 19-1 | B32: SH1 3-laning and cycleway upgrades from Papakura to Drury Interchange | C32: 0 | D32: 0
A33: 19-2 | B33: SH1 Drury Interchange including ramps | C33: 0 | D33: 0
A34: 19-3 | B34: SH1 3-laning and cycleway upgrades from Drury Interchange To Drury South | C34: 0 | D34: 0
A35: 20a | B35: Upgrade Fitzgerald Rd from Brookefield to Cossey Rd for active modes | C35: 0 | D35: 0.2
A36: 21 | B36: Fielding Rd upgrades for active modes ( from Fitzgerald Rd to development boundary ) | C36: 0 | D36: 0.05
A37: 22 | B37: Upgrade Intersection at Quarry/ GSR | C37: 1 | D37: 1
A38: 23a | B38: Waihoehoe Rd West upgrades- between GSR & Kath Henry | C38: 0 | D38: 0
A39: 23b | B39: Waihoehoe Rd West upgrades- between GSR & Kath Henry Lane | C39: 1 | D39: 1
A40: 23c | B40: Waihoehoe Rd West upgrades- between Kath Henry Lane and Fitzgerald Rd | C40: 0 | D40: 0
A41: 23d | B41: Waihoehoe Rd West upgrades- between Kath Henry Lane and Fitzgerald Rd | C41: 0.85 | D41: 0.6
A42: 23 | B42: Waihoehoe Rd West upgrades- between GSR & Fitzgerald Rd, including bridge replacement over the rail corridor | C42: 0 | D42: 0
A43: 24 | B43: Upgrades on Waihoehoe Rd east- from project 4 to Drury Hills + Drury Hills Intersection | C43: 0.35 | D43: 0.15
A44: 25 | B44: Upgrades on Drury Hills from Waihoehoe Rd to Macwhinney Dr | C44: 0 | D44: 0.3
A45: 27a | B45: Active mode facilities from Drury hills and Fitzgerald to Quarry Rd (2 links and intersections) | C45: 0 | D45: 0.5
A46: 27b | B46: Upgrade from Drury hills and Fitzgerald to Quarry Rd (2 links and intersections) | C46: 0 | D46: 0
A47: 28 | B47: New collector in N-S direction parallel to Fitzgerald Rd | C47: 0 | D47: 0
A48: 28a | B48: Northern Section of new collector in N-S direction parallel to Fitzgerald Rd | C48: 1 | D48: 1
A49: 29 | B49: New collector in E-W direction between Flanagan & Fitzgerald Rd (collector 2) | C49: 0 | D49: 0
A50: 30 | B50: 2-lane internal collector between Fitzgerald & Drury Hills E-W direction | C50: 0 | D50: 0
A51: 30.1 | B51: 2-lane internal collector between Fitzgerald & Fielding Road E-W direction | C51: 0 | D51: 0
A52: 30.2 | B52: 2-lane internal collector between Fielding Road & Drury Hills E-W direction | C52: 0 | D52: 0
A53: 31 | B53: Upgrades on Cossey Rd between Fitzgerald & Waihoehoe Rd | C53: 0 | D53: 0.05
A54: 32 | B54: New Intersection on Cossey Rd/Waihoehoe Rd | C54: 0.1 | D54: 0.1
A55: 33 | B55: Upgrade Fitzgerald Rd from project 7 to Brookefield Rd | C55: 0.05 | D55: 0.05
A56: 34 | B56: New Drury Interchange connection to Kiwi development | C56: 0 | D56: 0
A57: 35a | B57: Mill Road : Drury South connection from Fitzgerald/Cossey intersection to SH1 + Interchange | C57: 0 | D57: 0
A58: 35b | B58: Mill Road : Drury South connection from Fitzgerald/Cossey intersection to SH1 + Interchange | C58: 0 | D58: 0
A59: 36 | B59: Complete Bremner-Norrie Road connection from SH1 upto GSR (overlap with project 12) | C59: 0 | D59: 0
A60: 36a | B60: Bremner-Norrie Road east of SH1 up to GSR (overlap with project 12) | C60: 1 | D60: 1
A61: 36b | B61: Complete Bremner-Norrie Road connection from SH1 up to GSR excluding Bridge (overlap with project 12) | C61: 1 | D61: 1
A62: 36c | B62: Complete Bremner-Norrie Road connection from SH1 up to GSR - Bridge structure (overlap with project 12) | C62: 1 | D62: 1
A63: 37a(i) | B63: N-S Opaheke Arterial from development to Ponga Rd | C63: 0.4 | D63: 0.4
A64: 37a(ii) | B64: N-S Opaheke Arterial from development to Ponga Rd | C64: 1 | D64: 1
A65: 37b(i) | B65: N-S Opaheke Arterial from development to Ponga Rd | C65: 1 | D65: 1
A66: 37b(ii) | B66: N-S Opaheke Arterial from development to Ponga Rd | C66: 1 | D66: 1
A67: 38a | B67: Mill Road: From Waihoehoe Rd to Papakura (alternative project 37) | C67: 0 | D67: 0
A68: 38b | B68: Mill Road: From Waihoehoe Rd to Papakura (alternative project 37) | C68: 0 | D68: 0
A69: 18a | B69: Mill Road: From Waihoehoe Rd to Fitzgerald Road (depends on Mill Road alignment)
A70: 18b | B70: Mill Road: From Waihoehoe Rd to Fitzgerald Road (depends on Mill Road alignment)
A71: 39a | B71: New Bremner Rd arterial from SH1 to Auranga development | C71: 0 | D71: 0
A72: 39b | B72: New Bremner Rd arterial from SH1 to Auranga development | C72: 1 | D72: 1
A73: 39c | B73: New Bremner Rd arterial from SH1 to Auranga development | C73: 1 | D73: 1
A74: 40a | B74: New intersection on Jesmond/Bremner Rd | C74: 0.4 | D74: 0.8
A75: 40b | B75: Upgrade intersection on Jesmond/Bremner Rd | C75: 1 | D75: 1
A76: 41a | B76: Jesmond Rd upgrades from SH22 to Waipupuke development boundary | C76: 0 | D76: 0.25
A77: 41b | B77: Jesmond Rd from SH22 to Waipupuke development boundary | C77: 0.85 | D77: 0.5
A78: 42a | B78: Jesmond Rd upgrades from project 41 to New Bremner Rd | C78: 0 | D78: 0
A79: 42b | B79: Jesmond Rd upgrades from project 41 to New Bremner Rd | C79: 0 | D79: 0.25
A80: 42c | B80: Jesmond Rd upgrades from project 41 to New Bremner Rd | C80: 0.85 | D80: 0.6
A81: 43a | B81: Intersection upgrade on Jesmond Rd/SH22 Rd | C81: 0 | D81: 0
A82: 43b | B82: Intersection upgrade on Jesmond Rd/SH22 Rd | C82: 0 | D82: 0
A83: 44 | B83: Intersection at SH22/Burberry Rd (likely to close entirely) | C83: 0 | D83: 0
A84: 45 | B84: Upgrade intersection at SH22/Victoria Rd | C84: 0 | D84: 0
A85: 46 | B85: Upgrades in GSR/Firth St intersection (overlap with project12) | C85: 1 | D85: 1
A86: 47 | B86: Old Bremner Road Upgrade from Jesmond Road to Auranga Precinct
A87: 48 | B87: Collector road south of New Bremner/ Old Bremner intersection
A88: 49 | B88: SH22 improvements from GSR Intersection to Jesmond Rd | C88: 0 | D88: 0
A89: 50a | B89: SH22 improvements from Jesmond Rd to Oira Rd- active mode upgrades on the northern section | C89: 0 | D89: 0
A90: 50b | B90: SH22 improvements from Jesmond Rd to Oira Rd | C90: 0 | D90: 0
A91: 51 | B91: SH22 improvements from Oira Rd to Oira Creek - subject to design, could be incorporated with project 60 | C91: 0 | D91: 0
A92: 52 | B92: Intersection upgrade- on SH22/ McPherson Rd/Karaka Rd (Auranga B1) | C92: 0 | D92: 0
A93: 53 | B93: New intersection east of Jesmond Rd (Auranga B1 main street) | C93: 0 | D93: 0
A94: 54 | B94: New N-S collectors internal to Auranga B1 (2 links )+ Intersections | C94: 0 | D94: 0.05
A95: 55 | B95: New E-W collector Jesmond Rd to SH22 | C95: 0 | D95: 0
A96: 55a | B96: New E-W collector Jesmond Rd to Burberry Rd | C96: 1 | D96: 1
A97: 56 | B97: Burberry Rd north connection to Auranga Precinct | C97: 0 | D97: 0
A98: 57 | B98: New access road to Drury West Station | C98: 0 | D98: 0
A99: 58 | B99: Oira Rd upgrades from SH22 to proposed east-west collector | C99: 0 | D99: 0.1
A100: 59 | B100: New Intersection on Jesmond Rd/collector (PC61) | C100: 1 | D100: 1
A101: 60a | B101: SH22 Intersection upgrade - Oira Rd (3 leg) | C101: 0 | D101: 0
A102: 60b | B102: SH22 Intersection upgrade - Oira Rd (4 leg) | C102: 0 | D102: 0
A103: 63 | B103: New collectors internal to Waipupuke PC61 (3 links )+ Intersections | C103: 0 | D103: 0
...

Sheet I6 Land price model
A1: For DC modelling | B1: These rates have been developed from the council observations of recent land purchases in Drury, the council valuations, and external advice.
A2: Data from Land escalation and plan zone changes methodologies for reserve, community facilities, and transport land acquistions model, based on 27 Feb 2024 o/s dataset | K2: Current Year for Unescalated data: | M2: 2024 | N2: VlookUp offset | O2: 2019
A3: Unescalated estimated average cost psm by MSM zone based on land development stage
A4: Development area | B4: MSM | C4: DC funding area | D4: CL Price | E4: 2023 | F4: 2024 | G4: 2025 | H4: 2026 | I4: 2027 | J4: 2028 | K4: 2029 | L4: 2030 | M4: =L4+1 -> 2031 | N4: =M4+1 -> 2032 | O4: =N4+1 -> 2033 | P4: =O4+1 -> 2034 | Q4: =P4+1 -> 2035 | R4: =Q4+1 -> 2036 | S4: =R4+1 -> 2037 | T4: =S4+1 -> 2038 | ... AG4: =AF4+1 -> 2051 | AH4: 2052 | AI4: 2053 | AJ4: 2054 | AK4: 2055 | AL4: 2056 | AM4: 2057 | AN4: 2058 | AO4: 2059 | AP4: 2060 | AQ4: 2061 | AR4: 2062
A5: Auranga | B5: 561a | C5: Drury West 1 | D5: Auranga Existing Development | E5: 0 | F5: 1000 | G5: 1000 | H5: 1300 | I5: 1300 | J5: 1300 | K5: 1300 | L5: 1300 | M5: 1300 | N5: 1300 | O5: 1300 | P5: 1300 | Q5: 1300 | R5: 1300 | S5: 1300 | T5: 1300 | U5: 1300 | V5: 1300 | W5: 1300 | X5: 1300 | Y5: 1300 | Z5: 1300 | AA5: 1300 | AB5: 1300 | AC5: 1300 | AD5: 1300 | AE5: 1300 | AF5: 1300 | AG5: 1300 | AH5: 1300 | AI5: 1300 | AJ5: 1300 | AK5: 1300 | AL5: 1300 | AM5: 1300 | AN5: 1300 | AO5: 1300 | AP5: 1300 | AQ5: 1300 | AR5: 1300
A6: Drury West Step1 | B6: 561 | C6: Drury West 1 | D6: Drury West (Stage 1) (remainder) | E6: 0 | F6: 130 | G6: 130 | H6: 130 | I6: 130 | J6: 130 | K6: 130 | L6: 130 | M6: 240 | N6: 240 | O6: 240 | P6: 240 | Q6: 335 | R6: 335 | S6: 335 | T6: 335 | U6: 1000 | V6: 1000 | W6: 1300 | X6: 1300 | Y6: 1300 | Z6: 1300 | AA6: 1300 | AB6: 1300 | AC6: 1300 | AD6: 1300 | AE6: 1300 | AF6: 1300 | AG6: 1300 | AH6: 1300 | AI6: 1300 | AJ6: 1300 | AK6: 1300 | AL6: 1300 | AM6: 1300 | AN6: 1300 | AO6: 1300 | AP6: 1300 | AQ6: 1300 | AR6: 1300
A7: Drury West Step1 | B7: 562 | C7: Drury West 1 | E7: 0 | F7: 130 | G7: 130 | H7: 130 | I7: 130 | J7: 130 | K7: 130 | L7: 130 | M7: 240 | N7: 240 | O7: 240 | P7: 240 | Q7: 335 | R7: 335 | S7: 335 | T7: 335 | U7: 1000 | V7: 1000 | W7: 1300 | X7: 1300 | Y7: 1300 | Z7: 1300 | AA7: 1300 | AB7: 1300 | AC7: 1300 | AD7: 1300 | AE7: 1300 | AF7: 1300 | AG7: 1300 | AH7: 1300 | AI7: 1300 | AJ7: 1300 | AK7: 1300 | AL7: 1300 | AM7: 1300 | AN7: 1300 | AO7: 1300 | AP7: 1300 | AQ7: 1300 | AR7: 1300
A8: Drury West Step2 | B8: 557 | C8: Drury West 2 | D8: Drury West (Stage 2) | E8: 0 | F8: 130 | G8: 130 | H8: 130 | I8: 130 | J8: 130 | K8: 130 | L8: 130 | M8: 240 | N8: 240 | O8: 240 | P8: 240 | Q8: 335 | R8: 335 | S8: 335 | T8: 335 | U8: 1000 | V8: 1000 | W8: 1300 | X8: 1300 | Y8: 1300 | Z8: 1300 | AA8: 1300 | AB8: 1300 | AC8: 1300 | AD8: 1300 | AE8: 1300 | AF8: 1300 | AG8: 1300 | AH8: 1300 | AI8: 1300 | AJ8: 1300 | AK8: 1300 | AL8: 1300 | AM8: 1300 | AN8: 1300 | AO8: 1300 | AP8: 1300 | AQ8: 1300 | AR8: 1300
A9: Drury West Step2 | B9: 558 | C9: Drury West 2 | D9: Drury West (Stage 2) | E9: 0 | F9: 130 | G9: 130 | H9: 130 | I9: 130 | J9: 130 | K9: 130 | L9: 130 | M9: 240 | N9: 240 | O9: 240 | P9: 240 | Q9: 335 | R9: 335 | S9: 335 | T9: 335 | U9: 1000 | V9: 1000 | W9: 1300 | X9: 1300 | Y9: 1300 | Z9: 1300 | AA9: 1300 | AB9: 1300 | AC9: 1300 | AD9: 1300 | AE9: 1300 | AF9: 1300 | AG9: 1300 | AH9: 1300 | AI9: 1300 | AJ9: 1300 | AK9: 1300 | AL9: 1300 | AM9: 1300 | AN9: 1300 | AO9: 1300 | AP9: 1300 | AQ9: 1300 | AR9: 1300
A10: Drury West Step2 | B10: 559 | C10: Drury West 2 | D10: Drury West (Stage 2) | E10: 0 | F10: 130 | G10: 130 | H10: 130 | I10: 130 | J10: 130 | K10: 130 | L10: 130 | M10: 240 | N10: 240 | O10: 240 | P10: 240 | Q10: 335 | R10: 335 | S10: 335 | T10: 335 | U10: 1000 | V10: 1000 | W10: 1300 | X10: 1300 | Y10: 1300 | Z10: 1300 | AA10: 1300 | AB10: 1300 | AC10: 1300 | AD10: 1300 | AE10: 1300 | AF10: 1300 | AG10: 1300 | AH10: 1300 | AI10: 1300 | AJ10: 1300 | AK10: 1300 | AL10: 1300 | AM10: 1300 | AN10: 1300 | AO10: 1300 | AP10: 1300 | AQ10: 1300 | AR10: 1300
A11: Drury West Step2 | B11: 560 | C11: Drury West 2 | D11: Drury West (Stage 2) | E11: 0 | F11: 130 | G11: 130 | H11: 130 | I11: 130 | J11: 130 | K11: 130 | L11: 130 | M11: 240 | N11: 240 | O11: 240 | P11: 240 | Q11: 335 | R11: 335 | S11: 335 | T11: 335 | U11: 1000 | V11: 1000 | W11: 1300 | X11: 1300 | Y11: 1300 | Z11: 1300 | AA11: 1300 | AB11: 1300 | AC11: 1300 | AD11: 1300 | AE11: 1300 | AF11: 1300 | AG11: 1300 | AH11: 1300 | AI11: 1300 | AJ11: 1300 | AK11: 1300 | AL11: 1300 | AM11: 1300 | AN11: 1300 | AO11: 1300 | AP11: 1300 | AQ11: 1300 | AR11: 1300
A12: Drury South | B12: 556 | C12: Drury South | D12: Drury South | E12: 0 | F12: 1000 | G12: 1000 | H12: 1300 | I12: 1300 | J12: 1300 | K12: 1300 | L12: 1300 | M12: 1300 | N12: 1300 | O12: 1300 | P12: 1300 | Q12: 1300 | R12: 1300 | S12: 1300 | T12: 1300 | U12: 1300 | V12: 1300 | W12: 1300 | X12: 1300 | Y12: 1300 | Z12: 1300 | AA12: 1300 | AB12: 1300 | AC12: 1300 | AD12: 1300 | AE12: 1300 | AF12: 1300 | AG12: 1300 | AH12: 1300 | AI12: 1300 | AJ12: 1300 | AK12: 1300 | AL12: 1300 | AM12: 1300 | AN12: 1300 | AO12: 1300 | AP12: 1300 | AQ12: 1300 | AR12: 1300
A13: Opaheke | B13: 550 | C13: Opaheke | D13: Opaheke | E13: 0 | F13: 130 | G13: 130 | H13: 130 | I13: 130 | J13: 130 | K13: 240 | L13: 240 | M13: 240 | N13: 240 | O13: 335 | P13: 335 | Q13: 335 | R13: 335 | S13: 1000 | T13: 1000 | U13: 1300 | V13: 1300 | W13: 1300 | X13: 1300 | Y13: 1300 | Z13: 1300 | AA13: 1300 | AB13: 1300 | AC13: 1300 | AD13: 1300 | AE13: 1300 | AF13: 1300 | AG13: 1300 | AH13: 1300 | AI13: 1300 | AJ13: 1300 | AK13: 1300 | AL13: 1300 | AM13: 1300 | AN13: 1300 | AO13: 1300 | AP13: 1300 | AQ13: 1300 | AR13: 1300
A14: Opaheke | B14: 551 | C14: Opaheke | D14: Opaheke | E14: 0 | F14: 130 | G14: 130 | H14: 130 | I14: 130 | J14: 130 | K14: 240 | L14: 240 | M14: 240 | N14: 240 | O14: 335 | P14: 335 | Q14: 335 | R14: 335 | S14: 1000 | T14: 1000 | U14: 1300 | V14: 1300 | W14: 1300 | X14: 1300 | Y14: 1300 | Z14: 1300 | AA14: 1300 | AB14: 1300 | AC14: 1300 | AD14: 1300 | AE14: 1300 | AF14: 1300 | AG14: 1300 | AH14: 1300 | AI14: 1300 | AJ14: 1300 | AK14: 1300 | AL14: 1300 | AM14: 1300 | AN14: 1300 | AO14: 1300 | AP14: 1300 | AQ14: 1300 | AR14: 1300
A15: Drury- East PC | B15: 554 | C15: Drury East | D15: Drury East PC | E15: 0 | F15: 240 | G15: 240 | H15: 240 | I15: 240 | J15: 335 | K15: 335 | L15: 335 | M15: 335 | N15: 1000 | O15: 1000 | P15: 1300 | Q15: 1300 | R15: 1300 | S15: 1300 | T15: 1300 | U15: 1300 | V15: 1300 | W15: 1300 | X15: 1300 | Y15: 1300 | Z15: 1300 | AA15: 1300 | AB15: 1300 | AC15: 1300 | AD15: 1300 | AE15: 1300 | AF15: 1300 | AG15: 1300 | AH15: 1300 | AI15: 1300 | AJ15: 1300 | AK15: 1300 | AL15: 1300 | AM15: 1300 | AN15: 1300 | AO15: 1300 | AP15: 1300 | AQ15: 1300 | AR15: 1300
A16: Drury - East | B16: 555 | C16: Drury East | E16: 0 | F16: 130 | G16: 130 | H16: 130 | I16: 130 | J16: 130 | K16: 130 | L16: 130 | M16: 240 | N16: 240 | O16: 240 | P16: 240 | Q16: 335 | R16: 335 | S16: 335 | T16: 335 | U16: 1000 | V16: 1000 | W16: 1300 | X16: 1300 | Y16: 1300 | Z16: 1300 | AA16: 1300 | AB16: 1300 | AC16: 1300 | AD16: 1300 | AE16: 1300 | AF16: 1300 | AG16: 1300 | AH16: 1300 | AI16: 1300 | AJ16: 1300 | AK16: 1300 | AL16: 1300 | AM16: 1300 | AN16: 1300 | AO16: 1300 | AP16: 1300 | AQ16: 1300 | AR16: 1300

Sheet I7 Land transaction List
A1: Land Transaction List Data Review date | C1: REDACTED FOR PUBLIC RELEASE Local Government Official Information and Meetings Act 1987 Sec 7(2)(i)
A3: Comment | B3: Transaction Ref | C3: Location | D3: Project Number | E3: Project ID | F3: Property ID | G3: Property Address | H3: Acq is Permanent/Temp | I3: Acq is full/Partial | J3: Land area required | K3: Legal desc | L3: Rate Account | M3: Comment | N3: land status

Sheet I8_PropertyData
I1: REDACTED FOR PUBLIC RELEASE Local Government Official Information and Meetings Act 1987 Sec 7(2)(i)
A4: Property Ref | B4: Property | C4: Legal desc | D4: Rate Account | E4: MSM | F4: Total property Area | G4: Land Price Basis (default, RID,Alternative Pricing) | H4: Dwelling for PWA section 72 | I4: Property_CV | J4: Property_LV | K4: Additional Cost allowance (see comment) | L4: Injurious Affection Risk (only applies to partial acquisitions) | M4: Known Acquisition Date | N4: Acquisition Status | O4: ratepayer_name | P4: Val_REF | Q4: Zoning | R4: IA Category | S4: leasehold Unit titles | T4: Comment

Sheet I9_AlternativePricing
A1: REDACTED FOR PUBLIC RELEASE Local Government Official Information and Meetings Act 1987 Sec 7(2)(i)
A4: Property Ref | B4: Ran | C4: Property | D4: % of Land to be acquired that is within flood plain, to be priced on RID value | E4: % of Developable land to be aquired, to be priced on highest price

Sheet I10_Renewals
A1: Brownfield renewal costs for relevant projects are pro rata calculated from cost and renewal rates of generic project types. This section shows the relevant generic brownfield project type information. | F1: Brownfield renewal costs for relevant projects are pro rata calculated on either a per unit or per kilometre cost of the project. | I1: Resurfacing renewal costs for rural roads on which the projects are located are calculated on a m2 basis. This section shows the area and cost of rural road renewals. | M1: Total renewal costs are calculated as the sum of the brownfield renewal rate and road resurfacing renewal rate.
K2: Rural local road renewal ($/m2) | L2: Rural collector road renewal ($/m2)
K3: 56 | L3: 116
A4: Project Number | B4: Generic brownfield project type | C4: Generic brownfield project units | D4: Generic brownfield project renewal rate | E4: Generic brownfield project cost | F4: Project length (km) | G4: PW Cost | H4: PW per unit/km | I4: Rural local road renewal area (m2) | J4: Rural collector road renewal area (m2) | K4: Rural local road renewal cost ($) | L4: Rural collector road renewal cost ($) | M4: Brownfield renewal rate | N4: Resurfacing renewal rate | O4: Total renewal rate | P4: Total renewal cost
A5: Drury_1b | B5: Midblock – Medium | C5: per km | D5: 0.086596729 | E5: 4200000 | F5: 0.81 | G5: 7631343.9 | H5: 9421412.2 | I5: 0 | J5: 0 | K5: 0 | L5: 0 | M5: 0.038604219 | N5: 0 | O5: 0.038604219 | P5: 294602.07
A6: Drury_2a | B6: Midblock – Medium | C6: per km | D6: 0.086596729 | E6: 4200000 | F6: 0.6 | G6: 2919600 | H6: 4866000 | I6: 0 | J6: 0 | K6: 0 | L6: 0 | M6: 0.074744402 | N6: 0 | O6: 0.074744402 | P6: 218223.76
A7: Drury_4b | F7: 0.9 | G7: 10578076 | H7: 10578076 | I7: 0 | J7: 6300 | K7: 0 | L7: 730800 | M7: 0 | N7: 0.069086291 | O7: 0.069086291 | P7: 730800
A8: Drury_7 | F8: 0.6 | G8: 3134000 | H8: 3134000 | I8: 0 | J8: 0 | K8: 0 | L8: 0 | M8: 0 | N8: 0 | O8: 0 | P8: 0
A9: Drury_8 | F9: 0.6 | G9: 2924000 | H9: 2924000 | I9: 0 | J9: 0 | K9: 0 | L9: 0 | M9: 0 | N9: 0 | O9: 0 | P9: 0
A10: Drury_10a | F10: 0 | G10: 2000000 | H10: 2000000 | I10: 350 | J10: 700 | K10: 19600 | L10: 81200 | M10: 0 | N10: 0.0504 | O10: 0.0504 | P10: 100800
A11: Drury_10b | F11: 0 | G11: 2500000 | H11: 2500000 | I11: 0 | J11: 0 | K11: 0 | L11: 0 | M11: 0 | N11: 0 | O11: 0 | P11: 0
A12: Drury_11 | F12: 0 | G12: 2500000 | H12: 2500000 | I12: 0 | J12: 1400 | K12: 0 | L12: 162400 | M12: 0 | N12: 0.06496 | O12: 0.06496 | P12: 162400
A13: Drury_12 | B13: Footpath/Cycle path retrofit | C13: per km | D13: 0.037372392 | E13: 960000 | F13: 0.67 | G13: 6643200 | H13: 9915223.9 | I13: 0 | J13: 0 | K13: 0 | L13: 0 | M13: 0.0036184252 | N13: 0 | O13: 0.0036184252 | P13: 24037.923
A14: Drury_13a | F14: 0.55 | G14: 8946500 | H14: 8946500 | I14: 0 | J14: 0 | K14: 0 | L14: 0 | M14: 0 | N14: 0 | O14: 0 | P14: 0
A15: Drury_13b | F15: 0.55 | G15: 4750000 | H15: 4750000 | I15: 0 | J15: 0 | K15: 0 | L15: 0 | M15: 0 | N15: 0 | O15: 0 | P15: 0
A16: Drury_14a | F16: 0.52 | G16: 7957323.4 | H16: 7957323.4 | I16: 0 | J16: 0 | K16: 0 | L16: 0 | M16: 0 | N16: 0 | O16: 0 | P16: 0
A17: Drury_14b | F17: 0.52 | G17: 7946361.1 | H17: 7946361.1 | I17: 3640 | J17: 0 | K17: 203840 | L17: 0 | M17: 0 | N17: 0.025651993 | O17: 0.025651993 | P17: 203840
A18: Drury_16b | B18: Midblock – Medium | C18: per km | D18: 0.086596729 | E18: 4200000 | F18: 0.1 | G18: 4249000 | H18: 42490000 | I18: 0 | J18: 0 | K18: 0 | L18: 0 | M18: 0.0085598085 | N18: 0 | O18: 0.0085598085 | P18: 36370.626
A19: Drury_20a | F19: 1.1 | G19: 11493000 | H19: 11493000 | I19: 0 | J19: 0 | K19: 0 | L19: 0 | M19: 0 | N19: 0 | O19: 0 | P19: 0
A20: Drury_21 | F20: 0.34 | G20: 1873600 | H20: 1873600 | I20: 0 | J20: 0 | K20: 0 | L20: 0 | M20: 0 | N20: 0 | O20: 0 | P20: 0
A21: Drury_22 | F21: 0 | G21: 2000000 | H21: 2000000 | I21: 0 | J21: 1650 | K21: 0 | L21: 191400 | M21: 0 | N21: 0.0957 | O21: 0.0957 | P21: 191400
A22: Drury_23a | F22: 0.3 | G22: 0 | H22: 0 | I22: 0 | J22: 0 | K22: 0 | L22: 0 | M22: 0 | N22: 0 | O22: 0 | P22: 0
A23: Drury_23b | F23: 0.22 | G23: 0 | H23: 0 | I23: 0 | J23: 0 | K23: 0 | L23: 0 | M23: 0 | N23: 0 | O23: 0 | P23: 0
A24: Drury_23c | F24: 0.37 | G24: 1566400 | H24: 1566400 | I24: 0 | J24: 0 | K24: 0 | L24: 0 | M24: 0 | N24: 0 | O24: 0 | P24: 0
A25: Drury_23d | F25: 0.24 | G25: 3957600 | H25: 3957600 | I25: 0 | J25: 1920 | K25: 0 | L25: 222720 | M25: 0 | N25: 0.056276531 | O25: 0.056276531 | P25: 222720
A26: Drury_24 | F26: 0.9 | G26: 21923000 | H26: 21923000 | I26: 0 | J26: 6300 | K26: 0 | L26: 730800 | M26: 0 | N26: 0.033334854 | O26: 0.033334854 | P26: 730800
A27: Drury_25 | F27: 0.95 | G27: 5408000 | H27: 5408000 | I27: 0 | J27: 0 | K27: 0 | L27: 0 | M27: 0 | N27: 0 | O27: 0 | P27: 0
A28: Drury_27a | F28: 0.85 | G28: 4001500 | H28: 4001500 | I28: 0 | J28: 0 | K28: 0 | L28: 0 | M28: 0 | N28: 0 | O28: 0 | P28: 0
A29: Drury_28a | F29: 1 | G29: 4139759.4 | H29: 4139759.4 | I29: 0 | J29: 0 | K29: 0 | L29: 0 | M29: 0 | N29: 0 | O29: 0 | P29: 0
A30: Drury_31 | F30: 0.93 | G30: 4657200 | H30: 4657200 | I30: 0 | J30: 0 | K30: 0 | L30: 0 | M30: 0 | N30: 0 | O30: 0 | P30: 0
... A32: Drury_33 | F32: 0.38 | G32: 1815200 | H32: 1815200 | I32: 0 | J32: 0 | K32: 0 | L32: 0 | M32: 0 | N32: 0 | O32: 0 | P32: 0
A33: Drury_36a | B33: Footpath/Cycle path retrofit | C33: per km | D33: 0.037372392 | E33: 960000 | F33: 0.2 | G33: 9283518.9 | H33: 46417594 | I33: 0 | J33: 0 | K33: 0 | L33: 0 | M33: 0.00077292882 | N33: 0 | O33: 0.00077292882 | P33: 7175.4993
A34: Drury_36b | B34: Midblock – Medium | C34: per km | D34: 0.086596729 | E34: 4200000 | F34: 0.28 | G34: 9237200 | H34: 32990000 | I34: 0 | J34: 0 | K34: 0 | L34: 0 | M34: 0.011024743 | N34: 0 | O34: 0.011024743 | P34: 101837.75
A35: Drury_36c | F35: 0.18 | G35: 9720000 | H35: 9720000 | I35: 0 | J35: 0 | K35: 0 | L35: 0 | M35: 0 | N35: 0 | O35: 0 | P35: 0
A36: Drury_37a(i) | F36: 1.02 | G36: 18819962 | H36: 18819962 | I36: 0 | J36: 0 | K36: 0 | L36: 0 | M36: 0 | N36: 0 | O36: 0 | P36: 0
A37: Drury_37a(ii) | F37: 0.23 | G37: 20666667 | H37: 20666667 | I37: 0 | J37: 0 | K37: 0 | L37: 0 | M37: 0 | N37: 0 | O37: 0 | P37: 0
A38: Drury_37b(i) | F38: 1.02 | G38: 9600000 | H38: 9600000 | I38: 0 | J38: 0 | K38: 0 | L38: 0 | M38: 0 | N38: 0 | O38: 0 | P38: 0
A39: Drury_37b(ii) | F39: 0.23 | G39: 12420000 | H39: 12420000 | I39: 0 | J39: 0 | K39: 0 | L39: 0 | M39: 0 | N39: 0 | O39: 0 | P39: 0
A40: Drury_39b | F40: 0.62 | G40: 3100000 | H40: 3100000 | I40: 0 | J40: 0 | K40: 0 | L40: 0 | M40: 0 | N40: 0 | O40: 0 | P40: 0
A41: Drury_39c | F41: 0.04 | G41: 2160000 | H41: 2160000 | I41: 0 | J41: 0 | K41: 0 | L41: 0 | M41: 0 | N41: 0 | O41: 0 | P41: 0
A42: Drury_40a | F42: 0 | G42: 4500000 | H42: 4500000 | I42: 0 | J42: 700 | K42: 0 | L42: 81200 | M42: 0 | N42: 0.018044444 | O42: 0.018044444 | P42: 81200
A43: Drury_40b | F43: 0 | G43: 2000000 | H43: 2000000 | I43: 0 | J43: 0 | K43: 0 | L43: 0 | M43: 0 | N43: 0 | O43: 0 | P43: 0
A44: Drury_41a | F44: 0.52 | G44: 5314165.7 | H44: 5314165.7 | I44: 0 | J44: 0 | K44: 0 | L44: 0 | M44: 0 | N44: 0 | O44: 0 | P44: 0
A45: Drury_41b | F45: 0.52 | G45: 5747000 | H45: 5747000 | I45: 0 | J45: 0 | K45: 0 | L45: 0 | M45: 0 | N45: 0 | O45: 0 | P45: 0
A46: Drury_42a | F46: 0.78 | G46: 2275600 | H46: 2275600 | I46: 0 | J46: 0 | K46: 0 | L46: 0 | M46: 0 | N46: 0 | O46: 0 | P46: 0
... A60: Drury_70 | F60: 0.27 | G60: 2059200 | H60: 2059200 | I60: 0 | J60: 0 | K60: 0 | L60: 0 | M60: 0 | N60: 0 | O60: 0 | P60: 0

Sheet P1 Date Adjustment
A1: Date Adjusted
A3: Location | B3: Project number | C3: Project ID | D3: Project name | E3: Project Description | F3: Input Date | G3: Construction Date: Finance Adjusted Modelled Construction year
A4: ='I3 Project list'!A5 -> Drury | B4: ='I3 Project list'!B5 -> 1a | C4: ='I3 Project list'!C5 -> Drury_1a | D4: ='I3 Project list'!D5 -> GSR improvements - Waihoehoe Rd to Drury Interchange | E4: ='I3 Project list'!E5 -> 2-lane urban- existing road layout with active modes on both sides + intersection improvements (TDM) | F4: ='I3 Project list'!J5 -> 2024 | G4: =IF('Total project cost for DCs'!AR4=0,F4,'Total project cost for DCs'!AR4) -> 2024
A5: ='I3 Project list'!A6 -> Drury | B5: ='I3 Project list'!B6 -> 1b | C5: ='I3 Project list'!C6 -> Drury_1b | D5: ='I3 Project list'!D6 -> GSR improvements - Waihoehoe Rd to Drury Interchange | E5: ='I3 Project list'!E6 -> 4-lane urban- existing road layout with active modes on both sides + intersection improvements (TDM) | F5: ='I3 Project list'!J6 -> 2031 | G5: =IF('Total project cost for DCs'!AR5=0,F5,'Total project cost for DCs'!AR5) -> 2031
A6: ='I3 Project list'!A7 -> Drury | B6: ='I3 Project list'!B7 -> 2a | C6: ='I3 Project list'!C7 -> Drury_2a | D6: ='I3 Project list'!D7 -> GSR improvements - From Drury School to Waihoehoe Rd | E6: ='I3 Project list'!E7 -> 2-lane urban- existing road layout with active modes on both sides + intersection improvements (TDM) | F6: ='I3 Project list'!J7 -> 2030 | G6: =IF('Total project cost for DCs'!AR6=0,F6,'Total project cost for DCs'!AR6) -> 2030
A7: ='I3 Project list'!A8 -> Drury | B7: ='I3 Project list'!B8 -> 2b | C7: ='I3 Project list'!C8 -> Drury_2b | D7: ='I3 Project list'!D8 -> GSR improvements - From Drury School to Waihoehoe Rd | E7: ='I3 Project list'!E8 -> 4-lane urban- existing road layout with active modes on both sides + intersection improvements (TDM) | F7: ='I3 Project list'!J8 -> 2040 | G7: =IF('Total project cost for DCs'!AR7=0,F7,'Total project cost for DCs'!AR7) -> 2040
A8: ='I3 Project list'!A9 -> Drury | B8: ='I3 Project list'!B9 -> 3 | C8: ='I3 Project list'!C9 -> Drury_3 | D8: ='I3 Project list'!D9 -> Intersection upgrade on GSR/Karaka Rd intersection | E8: ='I3 Project list'!E9 -> Intersection upgrades- existing intersection with active modes crossings (TDM) | F8: ='I3 Project list'!J9 -> 2026 | G8: =IF('Total project cost for DCs'!AR8=0,F8,'Total project cost for DCs'!AR8) -> 2026
A9: ='I3 Project list'!A10 -> Drury | B9: ='I3 Project list'!B10 -> 4a | C9: ='I3 Project list'!C10 -> Drury_4a | D9: ='I3 Project list'!D10 -> Waihoehoe Rd East upgrades- from Fitzgerald Rd to before Cossey Rd (development boundary) | E9: ='I3 Project list'!E10 -> 2-lane urban - upgrade existing road layout with active modes on both sides, 20m cross-section | F9: 0 | G9: =IF('Total project cost for DCs'!AR9=0,F9,'Total project cost for DCs'!AR9) -> 0
A10: ='I3 Project list'!A11 -> Drury | B10: ='I3 Project list'!B11 -> 4b | C10: ='I3 Project list'!C11 -> Drury_4b | D10: ='I3 Project list'!D11 -> Waihoehoe Rd East upgrades- from Fitzgerald Rd to before Cossey Rd (development boundary) | E10: ='I3 Project list'!E11 -> Expand to 24m cross section | F10: ='I3 Project list'!J11 -> 2029 | G10: =IF('Total project cost for DCs'!AR10=0,F10,'Total project cost for DCs'!AR10) -> 2029
A11: ='I3 Project list'!A12 -> Drury | B11: ='I3 Project list'!B12 -> 4 | C11: ='I3 Project list'!C12 -> Drury_4 | D11: ='I3 Project list'!D12 -> Waihoehoe Rd East upgrades- from Fitzgerald Rd to before Cossey Rd (development boundary) | E11: ='I3 Project list'!E12 -> Construct Ultimate 24m Cross section initially (i.e. no interim stage) | F11: 0 | G11: =IF('Total project cost for DCs'!AR11=0,F11,'Total project cost for DCs'!AR11) -> 0
A12: ='I3 Project list'!A13 -> Drury | B12: ='I3 Project list'!B13 -> 5 | C12: ='I3 Project list'!C13 -> Drury_5 | D12: ='I3 Project list'!D13 -> Drury Central Station | E12: ='I3 Project list'!E13 -> Not feasible without access. Refer to item 6 below | F12: ='I3 Project list'!J13 -> 2024 | G12: =IF('Total project cost for DCs'!AR12=0,F12,'Total project cost for DCs'!AR12) -> 2024
A13: ='I3 Project list'!A14 -> Drury | B13: ='I3 Project list'!B14 -> 6 | C13: ='I3 Project list'!C14 -> Drury_6 | D13: ='I3 Project list'!D14 -> Drury Station Connection+ intersection | E13: ='I3 Project list'!E14 -> NZUP tbc | F13: ='I3 Project list'!J14 -> 2024 | G13: =IF('Total project cost for DCs'!AR13=0,F13,'Total project cost for DCs'!AR13) -> 2024
A14: ='I3 Project list'!A15 -> Drury | B14: ='I3 Project list'!B15 -> 7 | C14: ='I3 Project list'!C15 -> Drury_7 | D14: ='I3 Project list'!D15 -> Fitzgerald Rd upgrades (from Waihoehoe Rd to development boundary) | E14: ='I3 Project list'!E15 -> 2-lane urban - upgrade existing road layout with active modes on both sides | F14: ='I3 Project list'!J15 -> 2033 | G14: =IF('Total project cost for DCs'!AR14=0,F14,'Total project cost for DCs'!AR14) -> 2036
A15: ='I3 Project list'!A16 -> Drury | B15: ='I3 Project list'!B16 -> 8 | C15: ='I3 Project list'!C16 -> Drury_8 | D15: ='I3 Project list'!D16 -> Fielding Rd upgrades ( from Waihoehoe Rd to development boundary ) | E15: ='I3 Project list'!E16 -> 2-lane urban - upgrade existing road layout with active modes on both sides | F15: ='I3 Project list'!J16 -> 2033 | G15: =IF('Total project cost for DCs'!AR15=0,F15,'Total project cost for DCs'!AR15) -> 2036
A16: ='I3 Project list'!A17 -> Drury | B16: ='I3 Project list'!B17 -> 9a | C16: ='I3 Project list'!C17 -> Drury_9a | D16: ='I3 Project list'!D17 -> Upgrade in Norrie Rd/GSR/Waihoehoe intersection | E16: ='I3 Project list'!E17 -> 2-lane signalised intersection with active mode crossings | F16: ='I3 Project list'!J17 -> 2026 | G16: =IF('Total project cost for DCs'!AR16=0,F16,'Total project cost for DCs'!AR16) -> 2026
A17: ='I3 Project list'!A18 -> Drury | B17: ='I3 Project list'!B18 -> 9b | C17: ='I3 Project list'!C18 -> Drury_9b | D17: ='I3 Project list'!D18 -> Upgrade in Norrie Rd/GSR/Waihoehoe intersection | E17: ='I3 Project list'!E18 -> multi-lane signalised intersection with active mode crossings, SGA design | F17: ='I3 Project list'!J18 -> 2031 | G17: =IF('Total project cost for DCs'!AR17=0,F17,'Total project cost for DCs'!AR17) -> 2031
A18: ='I3 Project list'!A19 -> Drury | B18: ='I3 Project list'!B19 -> 10a | C18: ='I3 Project list'!C19 -> Drury_10a | D18: ='I3 Project list'!D19 -> New intersection on Waihoehoe Rd/Fitzgerald Rd( including approach cross-sections) | E18: ='I3 Project list'!E19 -> 2-lane signalised intersection with active mode crossings | F18: ='I3 Project list'!J19 -> 2029 | G18: =IF('Total project cost for DCs'!AR18=0,F18,'Total project cost for DCs'!AR18) -> 2029
A19: ='I3 Project list'!A20 -> Drury | B19: ='I3 Project list'!B20 -> 10b | C19: ='I3 Project list'!C20 -> Drury_10b | D19: ='I3 Project list'!D20 -> New intersection on Waihoehoe Rd/Fitzgerald Rd( including approach cross-sections) | E19: ='I3 Project list'!E20 -> multi-lane roundabout with active mode crossings, SGA design | F19: ='I3 Project list'!J20 -> 2031 | G19: =IF('Total project cost for DCs'!AR19=0,F19,'Total project cost for DCs'!AR19) -> 2037
A20: ='I3 Project list'!A21 -> Drury | B20: ='I3 Project list'!B21 -> 11 | C20: ='I3 Project list'!C21 -> Drury_11 | D20: ='I3 Project list'!D21 -> Intersection upgrade Waihoehoe Rd/Fielding Rd/Appleby Rd | E20: ='I3 Project list'!E21 -> Roundabout as per SGA design | F20: ='I3 Project list'!J21 -> 2031 | G20: =IF('Total project cost for DCs'!AR20=0,F20,'Total project cost for DCs'!AR20) -> 2037
A21: ='I3 Project list'!A22 -> Drury | B21: ='I3 Project list'!B22 -> 12 | C21: ='I3 Project list'!C22 -> Drury_12 | D21: ='I3 Project list'!D22 -> Interim walking, cycling and bus connections within Drury Centre (includes Bremner/Norrie/Firth Intersection upgrades, active mode on Norrie) -overlap with project 36 and 46 | E21: ='I3 Project list'!E22 -> Intersection improvements on Bremner-Firth Rd, Norrie-Firth Rd, GSR-Firth Rd, Active mode facilities on both sides of Firth & Norrie Rd | F21: ='I3 Project list'!J22 -> 2033 | G21: =IF('Total project cost for DCs'!AR21=0,F21,'Total project cost for DCs'!AR21) -> 2036
A22: ='I3 Project list'!A23 -> Drury | B22: ='I3 Project list'!B23 -> 13a | C22: ='I3 Project list'!C23 -> Drury_13a | D22: ='I3 Project list'!D23 -> N-S Opaheke Arterial across development (upto Waihoehoe Stream) | E22: ='I3 Project list'!E23 -> 2-lane urban- new 2-lane arterial with active modes on both sides + intersection improvements (TDM) | F22: ='I3 Project list'!J23 -> 2029 | G22: =IF('Total project cost for DCs'!AR22=0,F22,'Total project cost for DCs'!AR22) -> 2037
A23: ='I3 Project list'!A24 -> Drury | B23: ='I3 Project list'!B24 -> 13b | C23: ='I3 Project list'!C24 -> Drury_13b | D23: ='I3 Project list'!D24 -> N-S Opaheke Arterial across development (upto Waihoihoi Stream) | E23: ='I3 Project list'!E24 -> 4-lane urban- upgrade 2-lane arterial with SGA design + intersection improvements (TDM) | F23: ='I3 Project list'!J24 -> 2050 | G23: =IF('Total project cost for DCs'!AR23=0,F23,'Total project cost for DCs'!AR23) -> 2050
A24: ='I3 Project list'!A25 -> Drury | B24: ='I3 Project list'!B25 -> 14 | C24: ='I3 Project list'!C25 -> Drury_14 | D24: ='I3 Project list'!D25 -> Upgrade Brookefield Road from Fitzgerald to Quarry Rd+ New connection + Intersections on Quarry & Fitzgerald | E24: ='I3 Project list'!E25 -> 2-lane urban (upgrade existing road layout with active modes on both sides + intersection improvements + new connection to Quarry Rd) | F24: 0 | G24: =IF('Total project cost for DCs'!AR24=0,F24,'Total project cost for DCs'!AR24) -> 0
A25: ='I3 Project list'!A26 -> Drury | B25: ='I3 Project list'!B26 -> 14a | C25: ='I3 Project list'!C26 -> Drury_14a | D25: ='I3 Project list'!D26 -> Western end of Brookefield Road Extension tie in with Quarry Rd | E25: ='I3 Project list'!E26 -> 2-lane urban (New Road connection to Quarry Road with active modes on both sides + intersection improvements) | F25: ='I3 Project list'!J26 -> 2035 | G25: =IF('Total project cost for DCs'!AR25=0,F25,'Total project cost for DCs'!AR25) -> 2037
A26: ='I3 Project list'!A27 -> Drury | B26: ='I3 Project list'!B27 -> 14b | C26: ='I3 Project list'!C27 -> Drury_14b | D26: ='I3 Project list'!D27 -> Brookefield Road Upgrade | E26: ='I3 Project list'!E27 -> 2-lane urban (upgrade existing road layout with active modes on both sides + intersection improvements) | F26: ='I3 Project list'!J27 -> 2033 | G26: =IF('Total project cost for DCs'!AR26=0,F26,'Total project cost for DCs'!AR26) -> 2036
A27: ='I3 Project list'!A28 -> Drury | B27: ='I3 Project list'!B28 -> 15 | C27: ='I3 Project list'!C28 -> Drury_15 | D27: ='I3 Project list'!D28 -> New Collector road E-W from Fitgerald Rd (collector 1) + Intersections | E27: ='I3 Project list'!E28 -> 2-lane collector- new collector with active mode on both sides + intersection improvements (TDM) | F27: ='I3 Project list'!J28 -> 2033 | G27: =IF('Total project cost for DCs'!AR27=0,F27,'Total project cost for DCs'!AR27) -> 2033
A28: ='I3 Project list'!A29 -> Drury | B28: ='I3 Project list'!B29 -> 16a | C28: ='I3 Project list'!C29 -> Drury_16a | D28: ='I3 Project list'!D29 -> Replace 2-lane Bremner Road Bridge over State Highway 1 | E28: ='I3 Project list'!E29 -> 2-lane urban with active modes on both sides (replacing existing bridge as part of SH1 P2D NZUP) | F28: ='I3 Project list'!J29 -> 2033 | G28: =IF('Total project cost for DCs'!AR28=0,F28,'Total project cost for DCs'!AR28) -> 2033
A29: ='I3 Project list'!A30 -> Drury | B29: ='I3 Project list'!B30 -> 16b | C29: ='I3 Project list'!C30 -> Drury_16b | D29: ='I3 Project list'!D30 -> Widen Bremner Road Bridge ove SH1 to 4-lanes | E29: ='I3 Project list'!E30 -> 4-lane urban- upgrade 2-lane urban with active modes on both sides (SGA design) | F29: ='I3 Project list'!J30 -> 2050 | G29: =IF('Total project cost for DCs'!AR29=0,F29,'Total project cost for DCs'!AR29) -> 2050
A30: ='I3 Project list'!A31 -> Drury | B30: ='I3 Project list'!B31 -> 17 | C30: ='I3 Project list'!C31 -> Drury_17 | D30: ='I3 Project list'!D31 -> Oira Road to Jesmond Road Collector | E30: ='I3 Project list'!E31 -> New 2-lane urban collector with active modes on both sides | F30: ='I3 Project list'!J31 -> 2036 | G30: =IF('Total project cost for DCs'!AR30=0,F30,'Total project cost for DCs'!AR30) -> 2036
A31: ='I3 Project list'!A32 -> Drury | B31: ='I3 Project list'!B32 -> 19-1 | C31: ='I3 Project list'!C32 -> Drury_19-1 | D31: ='I3 Project list'!D32 -> SH1 3-laning and cycleway upgrades from Papakura to Drury Interchange | E31: ='I3 Project list'!E32 -> NZUP tbc | F31: ='I3 Project list'!J32 -> Under Construction | G31: =IF('Total project cost for DCs'!AR31=0,F31,'Total project cost for DCs'!AR31) -> Under Construction
A32: ='I3 Project list'!A33 -> Drury | B32: ='I3 Project list'!B33 -> 19-2 | C32: ='I3 Project list'!C33 -> Drury_19-2 | D32: ='I3 Project list'!D33 -> SH1 Drury Interchange including ramps | E32: ='I3 Project list'!E33 -> NZUP tbc | F32: ='I3 Project list'!J33 -> Under Construction | G32: =IF('Total project cost for DCs'!AR32=0,F32,'Total project cost for DCs'!AR32) -> Under Construction
A33: ='I3 Project list'!A34 -> Drury | B33: ='I3 Project list'!B34 -> 19-3 | C33: ='I3 Project list'!C34 -> Drury_19-3 | D33: ='I3 Project list'!D34 -> SH1 3-laning and cycleway upgrades from Drury Interchange To Drury South | E33: ='I3 Project list'!E34 -> NZUP tbc | F33: ='I3 Project list'!J34 -> 2036 | G33: =IF('Total project cost for DCs'!AR33=0,F33,'Total project cost for DCs'!AR33) -> 2036
A34: ='I3 Project list'!A35 -> Drury | B34: ='I3 Project list'!B35 -> 20a | C34: ='I3 Project list'!C35 -> Drury_20a | D34: ='I3 Project list'!D35 -> Upgrade Fitzgerald Rd from Brookefield to Cossey Rd for active modes | E34: ='I3 Project list'!E35 -> Active mode upgrades- existing road layout with active modes on both sides + intersection upgrades for active mode crossing | F34: ='I3 Project list'!J35 -> 2035 | G34: =IF('Total project cost for DCs'!AR34=0,F34,'Total project cost for DCs'!AR34) -> 2036
A35: ='I3 Project list'!A36 -> Drury | B35: ='I3 Project list'!B36 -> 21 | C35: ='I3 Project list'!C36 -> Drury_21 | D35: ='I3 Project list'!D36 -> Fielding Rd upgrades for active modes ( from Fitzgerald Rd to development boundary ) | E35: ='I3 Project list'!E36 -> Active mode upgrades- existing road layout with active modes on both sides + intersection upgrades for active mode crossing | F35: ='I3 Project list'!J36 -> 2035 | G35: =IF('Total project cost for DCs'!AR35=0,F35,'Total project cost for DCs'!AR35) -> 2035
A36: ='I3 Project list'!A37 -> Drury | B36: ='I3 Project list'!B37 -> 22 | C36: ='I3 Project list'!C37 -> Drury_22 | D36: ='I3 Project list'!D37 -> Upgrade Intersection at Quarry/ GSR | E36: ='I3 Project list'!E37 -> Upgrade intersection with active modes facilities(TDM) | F36: ='I3 Project list'!J37 -> 2033 | G36: =IF('Total project cost for DCs'!AR36=0,F36,'Total project cost for DCs'!AR36) -> 2036
... A40: ='I3 Project list'!A41 -> Drury | B40: ='I3 Project list'!B41 -> 23d | C40: ='I3 Project list'!C41 -> Drury_23d | D40: ='I3 Project list'!D41 -> Waihoehoe Rd West upgrades- between Kath Henry Lane and Fitzgerald Rd | E40: ='I3 Project list'!E41 -> Final 4-lane - following interim option, upgrade Road corridor to provide four lanes with additional turning lanes at intersections where required (as indicated in SGA Design | F40: ='I3 Project list'!J41 -> 2031 | G40: =IF('Total project cost for DCs'!AR40=0,F40,'Total project cost for DCs'!AR40) -> 2037
A41: ='I3 Project list'!A42 -> Drury | B41: ='I3 Project list'!B42 -> 23 | C41: ='I3 Project list'!C42 -> Drury_23 | D41: ='I3 Project list'!D42 -> Waihoehoe Rd West upgrades- between GSR & Fitzgerald Rd, including bridge replacement over the rail corridor | E41: ='I3 Project list'!E42 -> 4-lane urban- upgrade 2-lane with active modes on both sides, SGA design | F41: 0 | G41: =IF('Total project cost for DCs'!AR41=0,F41,'Total project cost for DCs'!AR41) -> 0
A42: ='I3 Project list'!A43 -> Drury | B42: ='I3 Project list'!B43 -> 24 | C42: ='I3 Project list'!C43 -> Drury_24 | D42: ='I3 Project list'!D43 -> Upgrades on Waihoehoe Rd east- from project 4 to Drury Hills + Drury Hills Intersection | E42: ='I3 Project list'!E43 -> 2-lane urban - upgrade existing road layout with active modes on both sides, 20m cross-section | F42: ='I3 Project list'!J43 -> 2038 | G42: =IF('Total project cost for DCs'!AR42=0,F42,'Total project cost for DCs'!AR42) -> 2038
A43: ='I3 Project list'!A44 -> Drury | B43: ='I3 Project list'!B44 -> 25 | C43: ='I3 Project list'!C44 -> Drury_25 | D43: ='I3 Project list'!D44 -> Upgrades on Drury Hills from Waihoehoe Rd to Macwhinney Dr | E43: ='I3 Project list'!E44 -> 2-lane urban- upgrade existing road layout to 2-lane urban with active modes on both sides | F43: ='I3 Project list'!J44 -> 2039 | G43: =IF('Total project cost for DCs'!AR43=0,F43,'Total project cost for DCs'!AR43) -> 2039
A44: ='I3 Project list'!A45 -> Drury | B44: ='I3 Project list'!B45 -> 27a | C44: ='I3 Project list'!C45 -> Drury_27a | D44: ='I3 Project list'!D45 -> Active mode facilities from Drury hills and Fitzgerald to Quarry Rd (2 links and intersections) | E44: ='I3 Project list'!E45 -> Active mode upgrades- existing road layout with active modes on both sides + intersection upgrades for active mode crossing | F44: ='I3 Project list'!J45 -> 2039 | G44: =IF('Total project cost for DCs'!AR44=0,F44,'Total project cost for DCs'!AR44) -> 2039
A45: ='I3 Project list'!A46 -> Drury | B45: ='I3 Project list'!B46 -> 27b | C45: ='I3 Project list'!C46 -> Drury_27b | D45: ='I3 Project list'!D46 -> Upgrade from Drury hills and Fitzgerald to Quarry Rd (2 links and intersections) | E45: ='I3 Project list'!E46 -> 4-lane urban- upgrade existing road layout with active modes on both sides + intersection upgrades (TDM) | F45: ='I3 Project list'!J46 -> 2039 | G45: =IF('Total project cost for DCs'!AR45=0,F45,'Total project cost for DCs'!AR45) -> 2039
A46: ='I3 Project list'!A47 -> Drury | B46: ='I3 Project list'!B47 -> 28 | C46: ='I3 Project list'!C47 -> Drury_28 | D46: ='I3 Project list'!D47 -> New collector in N-S direction parallel to Fitzgerald Rd | E46: ='I3 Project list'!E47 -> 2-lane collector- new collector with active mode on both sides + intersection improvements (TDM) | F46: ='I3 Project list'!J47 -> 2035 | G46: =IF('Total project cost for DCs'!AR46=0,F46,'Total project cost for DCs'!AR46) -> 2035
A47: ='I3 Project list'!A48 -> Drury | B47: ='I3 Project list'!B48 -> 28a | C47: ='I3 Project list'!C48 -> Drury_28a | D47: ='I3 Project list'!D48 -> Northern Section of new collector in N-S direction parallel to Fitzgerald Rd | E47: ='I3 Project list'!E48 -> 2-lane collector to connect with Drury Central Station, including bridge over streamM) | F47: ='I3 Project list'!J48 -> 2035 | G47: =IF('Total project cost for DCs'!AR47=0,F47,'Total project cost for DCs'!AR47) -> 2035
A48: ='I3 Project list'!A49 -> Drury | B48: ='I3 Project list'!B49 -> 29 | C48: ='I3 Project list'!C49 -> Drury_29 | D48: ='I3 Project list'!D49 -> New collector in E-W direction between Flanagan & Fitzgerald Rd (collector 2) | E48: ='I3 Project list'!E49 -> 2-lane collector- new collector with active mode on both sides + intersection improvements (TDM) | F48: ='I3 Project list'!J49 -> 2035 | G48: =IF('Total project cost for DCs'!AR48=0,F48,'Total project cost for DCs'!AR48) -> 2035
A49: ='I3 Project list'!A50 -> Drury | B49: ='I3 Project list'!B50 -> 30 | C49: ='I3 Project list'!C50 -> Drury_30 | D49: ='I3 Project list'!D50 -> 2-lane internal collector between Fitzgerald & Drury Hills E-W direction | E49: ='I3 Project list'!E50 -> 2-lane collector- new collector with active mode on both sides + intersection improvements (TDM) | F49: 0 | G49: =IF('Total project cost for DCs'!AR49=0,F49,'Total project cost for DCs'!AR49) -> 0
A50: ='I3 Project list'!A51 -> Drury | B50: ='I3 Project list'!B51 -> 30.1 | C50: ='I3 Project list'!C51 -> Drury_30.1 | D50: ='I3 Project list'!D51 -> 2-lane internal collector between Fitzgerald & Fielding Road E-W direction | E50: ='I3 Project list'!E51 -> 2-lane collector- new collector with active mode on both sides + intersection improvements (TDM) | F50: ='I3 Project list'!J51 -> 2033 | G50: =IF('Total project cost for DCs'!AR50=0,F50,'Total project cost for DCs'!AR50) -> 2033
A51: ='I3 Project list'!A52 -> Drury | B51: ='I3 Project list'!B52 -> 30.2 | C51: ='I3 Project list'!C52 -> Drury_30.2 | D51: ='I3 Project list'!D52 -> 2-lane internal collector between Fielding Road & Drury Hills E-W direction | E51: ='I3 Project list'!E52 -> 2-lane collector- new collector with active mode on both sides + intersection improvements (TDM) | F51: ='I3 Project list'!J52 -> 2039 | G51: =IF('Total project cost for DCs'!AR51=0,F51,'Total project cost for DCs'!AR51) -> 2039
A52: ='I3 Project list'!A53 -> Drury | B52: ='I3 Project list'!B53 -> 31 | C52: ='I3 Project list'!C53 -> Drury_31 | D52: ='I3 Project list'!D53 -> Upgrades on Cossey Rd between Fitzgerald & Waihoehoe Rd | E52: ='I3 Project list'!E53 -> 2-lane urban - upgrade existing roadwith active modes on both sides / Mill Road design ? | F52: ='I3 Project list'!J53 -> 2039 | G52: =IF('Total project cost for DCs'!AR52=0,F52,'Total project cost for DCs'!AR52) -> 2039
A53: ='I3 Project list'!A54 -> Drury | B53: ='I3 Project list'!B54 -> 32 | C53: ='I3 Project list'!C54 -> Drury_32 | D53: ='I3 Project list'!D54 -> New Intersection on Cossey Rd/Waihoehoe Rd | E53: ='I3 Project list'!E54 -> Assume 1 simple roundabout intesection | F53: ='I3 Project list'!J54 -> 2039 | G53: =IF('Total project cost for DCs'!AR53=0,F53,'Total project cost for DCs'!AR53) -> 2039
A54: ='I3 Project list'!A55 -> Drury | B54: ='I3 Project list'!B55 -> 33 | C54: ='I3 Project list'!C55 -> Drury_33 | D54: ='I3 Project list'!D55 -> Upgrade Fitzgerald Rd from project 7 to Brookefield Rd | E54: ='I3 Project list'!E55 -> 2-lane urban- upgrade existing road layout to 2-lane urban with active modes on both sides (TDM ) | F54: ='I3 Project list'!J55 -> 2033 | G54: =IF('Total project cost for DCs'!AR54=0,F54,'Total project cost for DCs'!AR54) -> 2056
A55: ='I3 Project list'!A56 -> Drury | B55: ='I3 Project list'!B56 -> 34 | C55: ='I3 Project list'!C56 -> Drury_34 | D55: ='I3 Project list'!D56 -> New Drury Interchange connection to Kiwi development | E55: ='I3 Project list'!E56 -> 2-lane urban- new road layout with active modes on both sides (TDM) | F55: ='I3 Project list'!J56 -> 2034 | G55: =IF('Total project cost for DCs'!AR55=0,F55,'Total project cost for DCs'!AR55) -> 2034
A56: ='I3 Project list'!A57 -> Drury | B56: ='I3 Project list'!B57 -> 35a | C56: ='I3 Project list'!C57 -> Drury_35a | D56: ='I3 Project list'!D57 -> Mill Road : Drury South connection from Fitzgerald/Cossey intersection to SH1 + Interchange | E56: ='I3 Project list'!E57 -> 2-lane- new road layout with active modes on both sides (depends on Mill Road design and sequencing) | F56: ='I3 Project list'!J57 -> 2043 | G56: =IF('Total project cost for DCs'!AR56=0,F56,'Total project cost for DCs'!AR56) -> 2043
A57: ='I3 Project list'!A58 -> Drury | B57: ='I3 Project list'!B58 -> 35b | C57: ='I3 Project list'!C58 -> Drury_35b | D57: ='I3 Project list'!D58 -> Mill Road : Drury South connection from Fitzgerald/Cossey intersection to SH1 + Interchange | E57: ='I3 Project list'!E58 -> 4-lane- new road layout with active modes on both sides (depends on Mill Road design and sequencing) | F57: ='I3 Project list'!J58 -> 2050 | G57: =IF('Total project cost for DCs'!AR57=0,F57,'Total project cost for DCs'!AR57) -> 2050
A58: ='I3 Project list'!A59 -> Drury | B58: ='I3 Project list'!B59 -> 36 | C58: ='I3 Project list'!C59 -> Drury_36 | D58: ='I3 Project list'!D59 -> Complete Bremner-Norrie Road connection from SH1 upto GSR (overlap with project 12) | E58: ='I3 Project list'!E59 -> 4-lane urban- upgrade with active modes on both sides (SGA design) | F58: 0 | G58: =IF('Total project cost for DCs'!AR58=0,F58,'Total project cost for DCs'!AR58) -> 0
A59: ='I3 Project list'!A60 -> Drury | B59: ='I3 Project list'!B60 -> 36a | C59: ='I3 Project list'!C60 -> Drury_36a | D59: ='I3 Project list'!D60 -> Bremner-Norrie Road east of SH1 up to GSR (overlap with project 12) | E59: ='I3 Project list'!E60 -> 2-lane urban- upgrade existing road layout with active modes on both sides (Under construction) | F59: ='I3 Project list'!J60 -> 2033 | G59: =IF('Total project cost for DCs'!AR59=0,F59,'Total project cost for DCs'!AR59) -> 2039
A60: ='I3 Project list'!A61 -> Drury | B60: ='I3 Project list'!B61 -> 36b | C60: ='I3 Project list'!C61 -> Drury_36b | D60: ='I3 Project list'!D61 -> Complete Bremner-Norrie Road connection from SH1 up to GSR excluding Bridge (overlap with project 12) | E60: ='I3 Project list'!E61 -> 4-lane urban- upgrade interim 2-lane urban corridor to a 4-lane corridor with active modes on both sides (SGA design) | F60: ='I3 Project list'!J61 -> 2050 | G60: =IF('Total project cost for DCs'!AR60=0,F60,'Total project cost for DCs'!AR60) -> 2050
A61: ='I3 Project list'!A62 -> Drury | B61: ='I3 Project list'!B62 -> 36c | C61: ='I3 Project list'!C62 -> Drury_36c | D61: ='I3 Project list'!D62 -> Complete Bremner-Norrie Road connection from SH1 up to GSR - Bridge structure (overlap with project 12) | E61: ='I3 Project list'!E62 -> Upgrade interim 2-lane bridges (3No. to 4 lane bridges with active modes on both sides (SGA design) | F61: ='I3 Project list'!J62 -> 2050 | G61: =IF('Total project cost for DCs'!AR61=0,F61,'Total project cost for DCs'!AR61) -> 2050
A62: ='I3 Project list'!A63 -> Drury | B62: ='I3 Project list'!B63 -> 37a(i) | C62: ='I3 Project list'!C63 -> Drury_37a(i) | D62: ='I3 Project list'!D63 -> N-S Opaheke Arterial from development to Ponga Rd | E62: ='I3 Project list'!E63 -> 2-lane urban- new road layout with active modes on both sides (TDM) | F62: ='I3 Project list'!J63 -> 2044 | G62: =IF('Total project cost for DCs'!AR62=0,F62,'Total project cost for DCs'!AR62) -> 2044
A63: ='I3 Project list'!A64 -> Drury | B63: ='I3 Project list'!B64 -> 37a(ii) | C63: ='I3 Project list'!C64 -> Drury_37a(ii) | D63: ='I3 Project list'!D64 -> N-S Opaheke Arterial from development to Ponga Rd | E63: ='I3 Project list'!E64 -> 2-lane urban- bridge construction | F63: ='I3 Project list'!J64 -> 2044 | G63: =IF('Total project cost for DCs'!AR63=0,F63,'Total project cost for DCs'!AR63) -> 2044
A64: ='I3 Project list'!A65 -> Drury | B64: ='I3 Project list'!B65 -> 37b(i) | C64: ='I3 Project list'!C65 -> Drury_37b(i) | D64: ='I3 Project list'!D65 -> N-S Opaheke Arterial from development to Ponga Rd | E64: ='I3 Project list'!E65 -> 4-lane urban- upgrade 2-lane urban with active modes on both sides (SGA design) | F64: ='I3 Project list'!J65 -> 2049 | G64: =IF('Total project cost for DCs'!AR64=0,F64,'Total project cost for DCs'!AR64) -> 2049
A65: ='I3 Project list'!A66 -> Drury | B65: ='I3 Project list'!B66 -> 37b(ii) | C65: ='I3 Project list'!C66 -> Drury_37b(ii) | D65: ='I3 Project list'!D66 -> N-S Opaheke Arterial from development to Ponga Rd | E65: ='I3 Project list'!E66 -> 4-lane urban- Bridge Widening | F65: ='I3 Project list'!J66 -> 2049 | G65: =IF('Total project cost for DCs'!AR65=0,F65,'Total project cost for DCs'!AR65) -> 2049
A66: ='I3 Project list'!A67 -> Drury | B66: ='I3 Project list'!B67 -> 38a | C66: ='I3 Project list'!C67 -> Drury_38a | D66: ='I3 Project list'!D67 -> Mill Road: From Waihoehoe Rd to Papakura (alternative project 37) | E66: ='I3 Project list'!E67 -> 2-lane urban- new road layout with active modes on both sides, TDM , (depends on Mill Rd) | F66: ='I3 Project list'!J67 -> 2046 | G66: =IF('Total project cost for DCs'!AR66=0,F66,'Total project cost for DCs'!AR66) -> 2046
A67: ='I3 Project list'!A68 -> Drury | B67: ='I3 Project list'!B68 -> 38b | C67: ='I3 Project list'!C68 -> Drury_38b | D67: ='I3 Project list'!D68 -> Mill Road: From Waihoehoe Rd to Papakura (alternative project 37) | E67: ='I3 Project list'!E68 -> 4-lane urban- with active modes on both sides, TDM , (depends on Mill Rd) | F67: ='I3 Project list'!J68 -> 2055 | G67: =IF('Total project cost for DCs'!AR67=0,F67,'Total project cost for DCs'!AR67) -> 2055
A68: ='I3 Project list'!A69 -> Drury | B68: ='I3 Project list'!B69 -> 18a | C68: ='I3 Project list'!C69 -> Drury_18a | D68: ='I3 Project list'!D69 -> Mill Road: From Waihoehoe Rd to Fitzgerald Road (depends on Mill Road alignment) | E68: ='I3 Project list'!E69 -> 2-lane urban- new road layout with active modes on both sides, TDM , (depends on Mill Rd) | F68: ='I3 Project list'!J69 -> 2036 | G68: =IF('Total project cost for DCs'!AR68=0,F68,'Total project cost for DCs'!AR68) -> 2036
A69: ='I3 Project list'!A70 -> Drury | B69: ='I3 Project list'!B70 -> 18b | C69: ='I3 Project list'!C70 -> Drury_18b | D69: ='I3 Project list'!D70 -> Mill Road: From Waihoehoe Rd to Fitzgerald Road (depends on Mill Road alignment) | E69: ='I3 Project list'!E70 -> 4-lane urban- with active modes on both sides, TDM , (depends on Mill Rd) | F69: ='I3 Project list'!J70 -> 2052 | G69: =IF('Total project cost for DCs'!AR69=0,F69,'Total project cost for DCs'!AR69) -> 2052
A70: ='I3 Project list'!A71 -> Drury | B70: ='I3 Project list'!B71 -> 39a | C70: ='I3 Project list'!C71 -> Drury_39a | D70: ='I3 Project list'!D71 -> New Bremner Rd arterial from SH1 to Auranga development | E70: ='I3 Project list'!E71 -> 2-lane urban- new road layout with active modes on both sides (Under construction) | F70: ='I3 Project list'!J71 -> Under Construction | G70: =IF('Total project cost for DCs'!AR70=0,F70,'Total project cost for DCs'!AR70) -> Under Construction
... A79: ='I3 Project list'!A80 -> Drury | B79: ='I3 Project list'!B80 -> 42c | C79: ='I3 Project list'!C80 -> Drury_42c | D79: ='I3 Project list'!D80 -> Jesmond Rd upgrades from project 41 to New Bremner Rd | E79: ='I3 Project list'!E80 -> 4-lane urban FTN- upgrade 2-lane urban to 4-lane with active modes on both sides, (TDM) | F79: ='I3 Project list'!J80 -> 2047 | G79: =IF('Total project cost for DCs'!AR79=0,F79,'Total project cost for DCs'!AR79) -> 2047
A80: ='I3 Project list'!A81 -> Drury | B80: ='I3 Project list'!B81 -> 43a | C80: ='I3 Project list'!C81 -> Drury_43a | D80: ='I3 Project list'!D81 -> Intersection upgrade on Jesmond Rd/SH22 Rd | E80: ='I3 Project list'!E81 -> 2-lane intersection (Intersection upgrade + active mode crossings) | F80: 0 | G80: =IF('Total project cost for DCs'!AR80=0,F80,'Total project cost for DCs'!AR80) -> 0
A81: ='I3 Project list'!A82 -> Drury | B81: ='I3 Project list'!B82 -> 43b | C81: ='I3 Project list'!C82 -> Drury_43b | D81: ='I3 Project list'!D82 -> Intersection upgrade on Jesmond Rd/SH22 Rd | E81: ='I3 Project list'!E82 -> Multi-lane signalised intersection (Intersection upgrade + active mode crossings) | F81: ='I3 Project list'!J82 -> 2024 | G81: =IF('Total project cost for DCs'!AR81=0,F81,'Total project cost for DCs'!AR81) -> 2024
A82: ='I3 Project list'!A83 -> Drury | B82: ='I3 Project list'!B83 -> 44 | C82: ='I3 Project list'!C83 -> Drury_44 | D82: ='I3 Project list'!D83 -> Intersection at SH22/Burberry Rd (likely to close entirely) | E82: ='I3 Project list'!E83 -> Interim design and likely to close - subject to Auranga assessment | F82: ='I3 Project list'!J83 -> 2023 | G82: =IF('Total project cost for DCs'!AR82=0,F82,'Total project cost for DCs'!AR82) -> 2023
A83: ='I3 Project list'!A84 -> Drury | B83: ='I3 Project list'!B84 -> 45 | C83: ='I3 Project list'!C84 -> Drury_45 | D83: ='I3 Project list'!D84 -> Upgrade intersection at SH22/Victoria Rd | E83: ='I3 Project list'!E84 -> subject to Auranga assessment | F83: ='I3 Project list'!J84 -> 2024 | G83: =IF('Total project cost for DCs'!AR83=0,F83,'Total project cost for DCs'!AR83) -> 2024
A84: ='I3 Project list'!A85 -> Drury | B84: ='I3 Project list'!B85 -> 46 | C84: ='I3 Project list'!C85 -> Drury_46 | D84: ='I3 Project list'!D85 -> Upgrades in GSR/Firth St intersection (overlap with project12) | E84: ='I3 Project list'!E85 -> Possible signals(subject to Auranga assessment) | F84: ='I3 Project list'!J85 -> 2031 | G84: =IF('Total project cost for DCs'!AR84=0,F84,'Total project cost for DCs'!AR84) -> 2035
A85: ='I3 Project list'!A86 -> Drury | B85: ='I3 Project list'!B86 -> 47 | C85: ='I3 Project list'!C86 -> Drury_47 | D85: ='I3 Project list'!D86 -> Old Bremner Road Upgrade from Jesmond Road to Auranga Precinct | E85: ='I3 Project list'!E86 -> 2-lane urban- new road layout with active modes on both sides (Under construction) | F85: ='I3 Project list'!J86 -> Under Construction | G85: =IF('Total project cost for DCs'!AR85=0,F85,'Total project cost for DCs'!AR85) -> Under Construction
A86: ='I3 Project list'!A87 -> Drury | B86: ='I3 Project list'!B87 -> 48 | C86: ='I3 Project list'!C87 -> Drury_48 | D86: ='I3 Project list'!D87 -> Collector road south of New Bremner/ Old Bremner intersection | E86: ='I3 Project list'!E87 -> 2-lane urban- new road layout with active modes on both sides (Under construction) | F86: ='I3 Project list'!J87 -> Under Construction | G86: =IF('Total project cost for DCs'!AR86=0,F86,'Total project cost for DCs'!AR86) -> Under Construction
A87: ='I3 Project list'!A88 -> Drury | B87: ='I3 Project list'!B88 -> 49 | C87: ='I3 Project list'!C88 -> Drury_49 | D87: ='I3 Project list'!D88 -> SH22 improvements from GSR Intersection to Jesmond Rd | E87: ='I3 Project list'!E88 -> 4-lane urban- upgrade 2-lane urban to 4-lane with active modes on both sides, (TDM) | F87: ='I3 Project list'!J88 -> 2032 | G87: =IF('Total project cost for DCs'!AR87=0,F87,'Total project cost for DCs'!AR87) -> 2032
A88: ='I3 Project list'!A89 -> Drury | B88: ='I3 Project list'!B89 -> 50a | C88: ='I3 Project list'!C89 -> Drury_50a | D88: ='I3 Project list'!D89 -> SH22 improvements from Jesmond Rd to Oira Rd- active mode upgrades on the northern section | E88: ='I3 Project list'!E89 -> 2-lane urban- upgrade existing road layout with active modes on northern side only | F88: ='I3 Project list'!J89 -> 2026 | G88: =IF('Total project cost for DCs'!AR88=0,F88,'Total project cost for DCs'!AR88) -> 2026
A89: ='I3 Project list'!A90 -> Drury | B89: ='I3 Project list'!B90 -> 50b | C89: ='I3 Project list'!C90 -> Drury_50b | D89: ='I3 Project list'!D90 -> SH22 improvements from Jesmond Rd to Oira Rd | E89: ='I3 Project list'!E90 -> 4-lane urban- upgrade 2-lane urban to 4-lane with active modes on both sides, (TDM) | F89: ='I3 Project list'!J90 -> 2032 | G89: =IF('Total project cost for DCs'!AR89=0,F89,'Total project cost for DCs'!AR89) -> 2032
A90: ='I3 Project list'!A91 -> Drury | B90: ='I3 Project list'!B91 -> 51 | C90: ='I3 Project list'!C91 -> Drury_51 | D90: ='I3 Project list'!D91 -> SH22 improvements from Oira Rd to Oira Creek - subject to design, could be incorporated with project 60 | E90: ='I3 Project list'!E91 -> Upgrade road layout to future urban boundary + active modes on both sides | F90: ='I3 Project list'!J91 -> 2037 | G90: =IF('Total project cost for DCs'!AR90=0,F90,'Total project cost for DCs'!AR90) -> 2037
A91: ='I3 Project list'!A92 -> Drury | B91: ='I3 Project list'!B92 -> 52 | C91: ='I3 Project list'!C92 -> Drury_52 | D91: ='I3 Project list'!D92 -> Intersection upgrade- on SH22/ McPherson Rd/Karaka Rd (Auranga B1) | E91: ='I3 Project list'!E92 -> Ultimate intersection form | F91: ='I3 Project list'!J92 -> 2024 | G91: =IF('Total project cost for DCs'!AR91=0,F91,'Total project cost for DCs'!AR91) -> 2024
A92: ='I3 Project list'!A93 -> Drury | B92: ='I3 Project list'!B93 -> 53 | C92: ='I3 Project list'!C93 -> Drury_53 | D92: ='I3 Project list'!D93 -> New intersection east of Jesmond Rd (Auranga B1 main street) | E92: ='I3 Project list'!E93 -> Ultimate intersection form (left-in left-out) | F92: ='I3 Project list'!J93 -> 2024 | G92: =IF('Total project cost for DCs'!AR92=0,F92,'Total project cost for DCs'!AR92) -> 2024
A93: ='I3 Project list'!A94 -> Drury | B93: ='I3 Project list'!B94 -> 54 | C93: ='I3 Project list'!C94 -> Drury_54 | D93: ='I3 Project list'!D94 -> New N-S collectors internal to Auranga B1 (2 links )+ Intersections | E93: ='I3 Project list'!E94 -> 2-lane urban- new collector with active mode on both sides + intersection improvements (TDM) | F93: ='I3 Project list'!J94 -> 2025 | G93: =IF('Total project cost for DCs'!AR93=0,F93,'Total project cost for DCs'!AR93) -> 2025
A94: ='I3 Project list'!A95 -> Drury | B94: ='I3 Project list'!B95 -> 55 | C94: ='I3 Project list'!C95 -> Drury_55 | D94: ='I3 Project list'!D95 -> New E-W collector Jesmond Rd to SH22 | E94: ='I3 Project list'!E95 -> 2-lane urban- new collector with active mode on both sides + intersection improvements (TDM) | F94: 0 | G94: =IF('Total project cost for DCs'!AR94=0,F94,'Total project cost for DCs'!AR94) -> 0
A95: ='I3 Project list'!A96 -> Drury | B95: ='I3 Project list'!B96 -> 55a | C95: ='I3 Project list'!C96 -> Drury_55a | D95: ='I3 Project list'!D96 -> New E-W collector Jesmond Rd to Burberry Rd | E95: ='I3 Project list'!E96 -> 2-lane urban- new collector with active mode on both sides + intersection improvements (TDM) | F95: ='I3 Project list'!J96 -> 2034 | G95: =IF('Total project cost for DCs'!AR95=0,F95,'Total project cost for DCs'!AR95) -> 2037
A96: ='I3 Project list'!A97 -> Drury | B96: ='I3 Project list'!B97 -> 56 | C96: ='I3 Project list'!C97 -> Drury_56 | D96: ='I3 Project list'!D97 -> Burberry Rd north connection to Auranga Precinct | E96: ='I3 Project list'!E97 -> 2-lane collector- new collector with active mode on both sides + intersection improvements (TDM) | F96: ='I3 Project list'!J97 -> Under construction | G96: =IF('Total project cost for DCs'!AR96=0,F96,'Total project cost for DCs'!AR96) -> Under construction
A97: ='I3 Project list'!A98 -> Drury | B97: ='I3 Project list'!B98 -> 57 | C97: ='I3 Project list'!C98 -> Drury_57 | D97: ='I3 Project list'!D98 -> New access road to Drury West Station | E97: ='I3 Project list'!E98 -> 2-lane urban- new road layout with active modes on both sides, (TDM) | F97: ='I3 Project list'!J98 -> 2026 | G97: =IF('Total project cost for DCs'!AR97=0,F97,'Total project cost for DCs'!AR97) -> 2026
A98: ='I3 Project list'!A99 -> Drury | B98: ='I3 Project list'!B99 -> 58 | C98: ='I3 Project list'!C99 -> Drury_58 | D98: ='I3 Project list'!D99 -> Oira Rd upgrades from SH22 to proposed east-west collector | E98: ='I3 Project list'!E99 -> 2-lane urban- upgrade existing road layout with active modes on both sides + intersection improvements (TDM) | F98: ='I3 Project list'!J99 -> 2033 | G98: =IF('Total project cost for DCs'!AR98=0,F98,'Total project cost for DCs'!AR98) -> 2036
A99: ='I3 Project list'!A100 -> Drury | B99: ='I3 Project list'!B100 -> 59 | C99: ='I3 Project list'!C100 -> Drury_59 | D99: ='I3 Project list'!D100 -> New Intersection on Jesmond Rd/collector (PC61) | E99: ='I3 Project list'!E100 -> 2-lane intersection (new intersection + active mode crossings) | F99: ='I3 Project list'!J100 -> 2033 | G99: =IF('Total project cost for DCs'!AR99=0,F99,'Total project cost for DCs'!AR99) -> 2038
A100: ='I3 Project list'!A101 -> Drury | B100: ='I3 Project list'!B101 -> 60a | C100: ='I3 Project list'!C101 -> Drury_60a | D100: ='I3 Project list'!D101 -> SH22 Intersection upgrade - Oira Rd (3 leg) | E100: ='I3 Project list'!E101 -> Interim Roundabout | F100: ='I3 Project list'!J101 -> 2026 | G100: =IF('Total project cost for DCs'!AR100=0,F100,'Total project cost for DCs'!AR100) -> 2026
A101: ='I3 Project list'!A102 -> Drury | B101: ='I3 Project list'!B102 -> 60b | C101: ='I3 Project list'!C102 -> Drury_60b | D101: ='I3 Project list'!D102 -> SH22 Intersection upgrade - Oira Rd (4 leg) | E101: ='I3 Project list'!E102 -> Ultimate intersection form | F101: ='I3 Project list'!J102 -> 2037 | G101: =IF('Total project cost for DCs'!AR101=0,F101,'Total project cost for DCs'!AR101) -> 2037
A102: ='I3 Project list'!A103 -> Drury | B102: ='I3 Project list'!B103 -> 63 | C102: ='I3 Project list'!C103 -> Drury_63 | D102: ='I3 Project list'!D103 -> New collectors internal to Waipupuke PC61 (3 links )+ Intersections | E102: ='I3 Project list'!E103 -> 2-lane urban - new collector with active mode on both sides + intersection improvements (TDM) | F102: ='I3 Project list'!J103 -> 2026 | G102: =IF('Total project cost for DCs'!AR102=0,F102,'Total project cost for DCs'!AR102) -> 2026
A103: ='I3 Project list'!A104 -> Drury | B103: ='I3 Project list'!B104 -> 65a(i) | C103: ='I3 Project list'!C104 -> Drury_65a(i) | D103: ='I3 Project list'!D104 -> New Bremner Rd arterial from Auranga development to Jesmond Rd (excl bridge) | E103: ='I3 Project list'!E104 -> 2-lane urban- new road layout with active modes on both sides (TDM) | F103: ='I3 Project list'!J104 -> 2036 | G103: =IF('Total project cost for DCs'!AR103=0,F103,'Total project cost for DCs'!AR103) -> 2036
A104: ='I3 Project list'!A105 -> Drury | B104: ='I3 Project list'!B105 -> 65a(ii) | C104: ='I3 Project list'!C105 -> Drury_65a(ii) | D104: ='I3 Project list'!D105 -> New Bremner Rd arterial from Auranga development to Jesmond Rd (bridge only) | E104: ='I3 Project list'!E105 -> 2-lane urban- new road layout with active modes on both sides (TDM) | F104: ='I3 Project list'!J105 -> 2036 | G104: =IF('Total project cost for DCs'!AR104=0,F104,'Total project cost for DCs'!AR104) -> 2036
A105: ='I3 Project list'!A106 -> Drury | B105: ='I3 Project list'!B106 -> 65b(i) | C105: ='I3 Project list'!C106 -> Drury_65b(i) | D105: ='I3 Project list'!D106 -> New Bremner Rd arterial from Auranga development to Jesmond Rd (excl bridge) | E105: ='I3 Project list'!E106 -> 4-lane urban- upgrade 2-lane urban to 4-lane with active modes on both sides, (TDM) | F105: ='I3 Project list'!J106 -> 2047 | G105: =IF('Total project cost for DCs'!AR105=0,F105,'Total project cost for DCs'!AR105) -> 2047
A106: ='I3 Project list'!A107 -> Drury | B106: ='I3 Project list'!B107 -> 65b(ii) | C106: ='I3 Project list'!C107 -> Drury_65b(ii) | D106: ='I3 Project list'!D107 -> New Bremner Rd arterial from Auranga development to Jesmond Rd (bridge widening) | E106: ='I3 Project list'!E107 -> 4-lane urban- upgrade 2-lane urban to 4-lane with active modes on both sides, (TDM) | F106: ='I3 Project list'!J107 -> 2047 | G106: =IF('Total project cost for DCs'!AR106=0,F106,'Total project cost for DCs'!AR106) -> 2047
... A111: ='I3 Project list'!A112 -> Drury | B111: ='I3 Project list'!B112 -> 70 | C111: ='I3 Project list'!C112 -> Drury_70 | D111: ='I3 Project list'!D112 -> walk/cycle bridges on GSR Road bridge over the rail corridor | E111: ='I3 Project list'!E112 -> New cycle bridge 5m wide, 80m long, approach lengths 270m total for both sides. No property required | F111: ='I3 Project list'!J112 -> 2031 | G111: =IF('Total project cost for DCs'!AR111=0,F111,'Total project cost for DCs'!AR111) -> 2031

Sheet Lnd1_AquisDate
A1: Lnd1_AquisDate
A2: Model assumes that where mutliple projects require land from the same property, all of the land will be aquired in a single transaction. This page maps property aqusition to project construction dates, to enable identification of the earliest date land is required
A3: REDACTED FOR PUBLIC RELEASE Local Government Official Information and Meetings Act 1987 Sec 7(2)(i)
A4: Overall project | B4: Property ID | C4: Acq is Perm/Temp | D4: Project is Included in Dcs? | E4: Construction Year

Sheet Lnd2_LandPriceForAcq
A1: Lnd2_LandPriceForAcq
A2: Calcs escalated land price per sqm from RID, LPM and alternate price and selects alternate price (if provided) or the higher of RID/LPM. Costs are split into unescalated, unescalated but adjusted for expected land development stage in year of aqusition and escalated, to show the impact of shifting project dates
M3: REDACTED FOR PUBLIC RELEASE Local Government Official Information and Meetings Act 1987 Sec 7(2)(i)
A4: Property Ref | B4: Property | C4: Legal desc | D4: Rate Account | E4: MSM | F4: Total property Area | G4: Known Acquisition Date | H4: Earliest Construction year | I4: ="Assumed Acquition Year is "&'I1 Assumptions'!C23&" years before earliest construction date" -> Assumed Acquition Year is 2 years before earliest construction date | J4: Total Land for Partial Aquistion | K4: Total Land for Full Acquistion | L4: Land Price Basis (default, RID,Alternative Pricing) | M4: Land Value from RID | N4: RID LV Escalated to current year | O4: Current Year RID Land Rate $/sqm | P4: Land Price Model price$/psm current year | Q4: Land Price Model current year price$/psm for development stage at year of acquisition | R4: Proportion on Alternative pricing % | S4: Alternative pricing standard price % | T4: Unescalated land price used for modelling no development stage adj | U4: Unescalated land price used for modelling with development stage adj | V4: Current Year RID Land Rate $/sqm Escalated | W4: Land Price Model current year price$/psm for development stage at year of acquisition Escalated | X4: Escalated Land Price for modelling

Sheet Lnd2a_LandCostAqc
A1: Lnd2a_LandCostAqc
A2: Calculates the land cost of full and partial acquisitions using the land price from Lnd2_LandPriceForAcq. Assumes where multiple projects require land from the property land will be aquired in one transaction for the earliest project date
A3: REDACTED FOR PUBLIC RELEASE Local Government Official Information and Meetings Act 1987 Sec 7(2)(i)
A4: Property Ref | B4: Property | C4: Legal desc | D4: Rate Account | E4: MSM | F4: Total property Area | G4: Known Acquisition Date | H4: Earliest Construction year | I4: ="Assumed Acquition Year is "&'I1 Assumptions'!C23&" years before earliest construction date" -> Assumed Acquition Year is 2 years before earliest construction date | J4: Total Land for Partial Aquistion | K4: Total Land for Full Aquistion | L4: =Lnd2_LandPriceForAcq!T4 -> Unescalated land price used for modelling no development stage adj | M4: =Lnd2_LandPriceForAcq!U4 -> Unescalated land price used for modelling with development stage adj | N4: =Lnd2_LandPriceForAcq!X4 -> Escalated Land Price for modelling | O4: Partial Land Acquisition Cost Unescalated, No Dev stage adjustment | P4: Partial Land Aquisition Cost Unescalated, Adjusted for Dev stage | Q4: Partial Land Acquisition Cost Escalated in Dev Stage Adjustment | R4: Full Land Acquisition Cost Unescalated, No Dev stage adjustment | S4: Full Land Aquisition Cost Unescalated, Adjusted for Dev stage | T4: Full Land Acquisition Cost Escalated in Dev Stage Adjustment

Sheet Lnd3_LeaseCost
A1: Lnd3_LeaseCost
A2: Calculates Cost of leasing land using the same land pricing methdology as Lnd2a_LandCostAqc. Land will be leased in the year of construction, so costs are calculated per project property transaction
A3: REDACTED FOR PUBLIC RELEASE Local Government Official Information and Meetings Act 1987 Sec 7(2)(i)
A4: Project ID | B4: Property ID | C4: Property Address | D4: MSM Zone | E4: Acq is Permanent/Temp | F4: Acq is full/Partial | G4: Land area required | H4: Total Property Land Area | I4: Land Price basis | J4: Construction Year/Lease Year | K4: Lease Cost as % of Land Cost | L4: Land Value from RID | M4: RID LV Escalated to current year | N4: Current Year RID Land Rate $/sqm | O4: Land Price Model price$/psm current year | P4: Land Price Model current year price$/psm for development stage at year of acquisition | Q4: Proportion on Alternative pricing % | R4: Proportion standard price % | S4: Unescalated land price used for modelling no development stage adj | T4: Unescalated land price used for modelling with development stage adj | U4: Current Year RID Land Rate $/sqm Escalated | V4: Land Price Model current year price$/psm for development stage at year of acquisition Escalated | W4: Escalated Land Price for modelling | X4: Land Lease Cost Unescalated, No Dev stage adjustment | Y4: Land Lease Cost Unescalated, Adjusted for Dev stage | Z4: Land Lease Cost Escalated inc Dev Stage Adjustment

Sheet Lnd4_TransCost
A1: Lnd4_TransCost
A2: Calculates Transaction Costs for Land acquisitions and leases, as well as the cost of improvements for full aqusitions
A3: REDACTED FOR PUBLIC RELEASE Local Government Official Information and Meetings Act 1987 Sec 7(2)(i) | V3: Transaction Cost Allowances for Partial Acqusitions | AF3: Transaction Cost Allowances for Full Aqusitions | AK3: Transaction Cost Allowances for Temp Aqusitions
A4: Property Ref | B4: Property | C4: Legal desc | D4: Rate Account | E4: MSM | F4: Total property Area | G4: =Lnd2_LandPriceForAcq!J4 -> Total Land for Partial Aquistion | H4: =Lnd2_LandPriceForAcq!K4 -> Total Land for Full Acquistion | I4: Total Land for temporary Acquistion | J4: Land Price Basis (default, RID,Alternative Pricing) | K4: Dwelling for PWA section 72 | L4: Property_CV | M4: Property_LV | N4: Additional Cost allowance (see comment) | O4: Injurious Affection Risk (only applies to partial acquisitions) | P4: Earliest Construction Date (for leases) | Q4: Assumed Acquisition Date | R4: Earliest Date for Tempoary Lease | S4: Partial Acquisition Unescalated no dev stage adj | T4: Partial Acquisition Unescalated with dev stage adj | U4: Partial Acquisititon Cost Escalated | V4: Partial Acquisition Transaction Cost Unescalated | W4: Partial Acquisition Transaction Cost Escalated | X4: Partial Aquistion Section 72 Not Escalated | Y4: Injurious Affection (Unscalated No Dev stage adj) | Z4: Injurious Affection (Unscalated with Dev stage adj) | AA4: Injurious Affection (Escalated) | AB4: Total Partial Transaction Costs Unescalated | AC4: Total Partial Transactions Costs Unescalated, adjusted for dev stage | AD4: Total Partial Transaction Costs Escalated | AE4: Full Acquisition Transaction Cost Unescalated | AF4: Full Acquisition Transaction Cost Escalated | AG4: Full Aquistion Section 72 Not Escalated | AH4: Allowance for Improvements on Land (not escalated) | AI4: Total Full Transaction Costs Unescalated | AJ4: Total Full Transaction Costs Escalated | AK4: Temp Acquisition Transaction Cost Unescalated | AL4: Temp Acquisition Transaction Cost Escalated

Sheet Lnd5_TotalPropertyCost
A1: Lnd5_TotalPropertyCost
A2: Adds together land costs from Lnd2a_LandCostAqc Lnd3_LeaseCost Lnd4_TransCost
A3: REDACTED FOR PUBLIC RELEASE Local Government Official Information and Meetings Act 1987 Sec 7(2)(i)
A4: Property Ref | B4: Property | C4: Legal desc | D4: Earliest Construction Year | E4: Contigency | F4: Partial Acquisition Cost Unescalated, Not Adjusted for Dev stage | G4: Partial Acquisition Cost Unescalated, Adjusted for Dev stage | H4: Partial Acquisition Cost Escalated | I4: Full Acquisition Cost Unescalated, Not Adjusted for Dev stage | J4: Full Acquisition Cost Unescalated, Adjusted for Dev stage | K4: Full Acquisition Cost Escalated | L4: Temp Lease Cost Unescalated, Not Adjusted for Dev stage | M4: Temp Lease Cost Unescalated, Adjusted for Dev stage | N4: Temp Lease Cost Escalated | O4: Total Property Cost, Unescalated | P4: Land Development Stage Adjustment | Q4: Escalation | R4: Total Property Cost, Escalated

Sheet Lnd6_Proj_Prop_map
A1: Lnd6_Proj_Prop_map
A2: Apportions share of land aqusition cost to projects based on the share of land required for the project for each transaction
D3: REDACTED FOR PUBLIC RELEASE Local Government Official Information and Meetings Act 1987 Sec 7(2)(i)
A4: Project ID | B4: Property ID | C4: Property Address | D4: Acq is Permanent/Temp | E4: Acq is full/Partial | F4: Land area required | G4: Construction Date | H4: Aqusition Date | I4: Share Partial on Property | J4: Share Full acquisition on Property | K4: Share Temp on property | L4: Check Partial total | M4: Check Full total | N4: Check Temp | O4: Contigency | P4: Partial Acquisition Cost Unescalated, Not Adjusted for Dev stage | Q4: Partial Acquisition Cost Unescalated, Adjusted for Dev stage | R4: Partial Acquisition Cost Escalated | S4: Full Acquisition Cost Unescalated, Not Adjusted for Dev stage | T4: Full Acquisition Cost Unescalated, Adjusted for Dev stage | U4: Full Acquisition Cost Escalated | V4: Total Full and Partial escalated | W4: Temp Lease Cost Unescalated, Not Adjusted for Dev stage | X4: Temp Lease Cost Unescalated, Adjusted for Dev stage | Y4: Temp Lease Cost Escalated | Z4: Total Property Cost, Unescalated | AA4: Land Development Stage Adjustment | AB4: Escalation | AC4: Total Property Cost, Escalated | AD4: =AD5*1.3 -> 0

Sheet Lnd7_Total_Proj_Prop_Cost
A1: Lnd7_Total_Proj_Prop_Cost
A2: Sums up all the land transaction costs on Lnd7_Total_Proj_Prop_Cost for each project for projects to be included in the DCs,
G3: Phasing
A4: Project ID | B4: Project name | C4: Project Description | D4: Include in DC model | E4: Construction Date: Finance Adjusted Modelled Construction year | F4: Total Cost | G4: 2021 | H4: 2022 | I4: 2023 | J4: 2024 | K4: 2025 | L4: 2026 | M4: 2027 | N4: 2028 | O4: 2029 | P4: 2030 | Q4: 2031 | R4: 2032 | S4: 2033 | T4: 2034 | U4: 2035 | V4: 2036 | W4: 2037 | X4: 2038 | Y4: 2039 | Z4: 2040 | AA4: 2041 | AB4: 2042 | AC4: 2043 | AD4: 2044 | AE4: 2045 | AF4: 2046 | AG4: 2047 | AH4: 2048 | AI4: 2049 | AJ4: 2050 | AK4: 2051 | AL4: 2052 | AM4: 2053 | AN4: 2054 | AO4: 2055 | AP4: Total
A5: Drury_1a | B5: GSR improvements - Waihoehoe Rd to Drury Interchange | C5: 2-lane urban- existing road layout with active modes on both sides + intersection improvements (TDM) | D5: Exclude | E5: 2024 | F5: 0 | G5: 0 | H5: 0 | I5: 0 | J5: 0 | K5: 0 | L5: 0 | M5: 0 | N5: 0 | O5: 0 | P5: 0 | Q5: 0 | R5: 0 | S5: 0 | T5: 0 | U5: 0 | V5: 0 | W5: 0 | X5: 0 | Y5: 0 | Z5: 0 | AA5: 0 | AB5: 0 | AC5: 0 | AD5: 0 | AE5: 0 | AF5: 0 | AG5: 0 | AH5: 0 | AI5: 0 | AJ5: 0 | AK5: 0 | AL5: 0 | AM5: 0 | AN5: 0 | AO5: 0 | AP5: 0 | AQ5: 0
A6: Drury_1b | B6: GSR improvements - Waihoehoe Rd to Drury Interchange | C6: 4-lane urban- existing road layout with active modes on both sides + intersection improvements (TDM) | D6: Include | E6: 2031 | F6: 0 | G6: 0 | H6: 0 | I6: 0 | J6: 0 | K6: 0 | L6: 0 | M6: 0 | N6: 0 | O6: 0 | P6: 0 | Q6: 0 | R6: 0 | S6: 0 | T6: 0 | U6: 0 | V6: 0 | W6: 0 | X6: 0 | Y6: 0 | Z6: 0 | AA6: 0 | AB6: 0 | AC6: 0 | AD6: 0 | AE6: 0 | AF6: 0 | AG6: 0 | AH6: 0 | AI6: 0 | AJ6: 0 | AK6: 0 | AL6: 0 | AM6: 0 | AN6: 0 | AO6: 0 | AP6: 0 | AQ6: 0
A7: Drury_2a | B7: GSR improvements - From Drury School to Waihoehoe Rd | C7: 2-lane urban- existing road layout with active modes on both sides + intersection improvements (TDM) | D7: Include | E7: 2030 | F7: 0 | G7: 0 | H7: 0 | I7: 0 | J7: 0 | K7: 0 | L7: 0 | M7: 0 | N7: 0 | O7: 0 | P7: 0 | Q7: 0 | R7: 0 | S7: 0 | T7: 0 | U7: 0 | V7: 0 | W7: 0 | X7: 0 | Y7: 0 | Z7: 0 | AA7: 0 | AB7: 0 | AC7: 0 | AD7: 0 | AE7: 0 | AF7: 0 | AG7: 0 | AH7: 0 | AI7: 0 | AJ7: 0 | AK7: 0 | AL7: 0 | AM7: 0 | AN7: 0 | AO7: 0 | AP7: 0 | AQ7: 0
A8: Drury_2b | B8: GSR improvements - From Drury School to Waihoehoe Rd | C8: 4-lane urban- existing road layout with active modes on both sides + intersection improvements (TDM) | D8: Exclude - NZTA | E8: 2040 | F8: 0 | G8: 0 | H8: 0 | I8: 0 | J8: 0 | K8: 0 | L8: 0 | M8: 0 | N8: 0 | O8: 0 | P8: 0 | Q8: 0 | R8: 0 | S8: 0 | T8: 0 | U8: 0 | V8: 0 | W8: 0 | X8: 0 | Y8: 0 | Z8: 0 | AA8: 0 | AB8: 0 | AC8: 0 | AD8: 0 | AE8: 0 | AF8: 0 | AG8: 0 | AH8: 0 | AI8: 0 | AJ8: 0 | AK8: 0 | AL8: 0 | AM8: 0 | AN8: 0 | AO8: 0 | AP8: 0 | AQ8: 0
A9: Drury_3 | B9: Intersection upgrade on GSR/Karaka Rd intersection | C9: Intersection upgrades- existing intersection with active modes crossings (TDM) | D9: Exclude - NZTA | E9: 2026 | F9: 0 | G9: 0 | H9: 0 | I9: 0 | J9: 0 | K9: 0 | L9: 0 | M9: 0 | N9: 0 | O9: 0 | P9: 0 | Q9: 0 | R9: 0 | S9: 0 | T9: 0 | U9: 0 | V9: 0 | W9: 0 | X9: 0 | Y9: 0 | Z9: 0 | AA9: 0 | AB9: 0 | AC9: 0 | AD9: 0 | AE9: 0 | AF9: 0 | AG9: 0 | AH9: 0 | AI9: 0 | AJ9: 0 | AK9: 0 | AL9: 0 | AM9: 0 | AN9: 0 | AO9: 0 | AP9: 0 | AQ9: 0
A10: Drury_4a | B10: Waihoehoe Rd East upgrades- from Fitzgerald Rd to before Cossey Rd (development boundary) | C10: 2-lane urban - upgrade existing road layout with active modes on both sides, 20m cross-section | D10: Exclude | E10: 0 | F10: 0 | G10: 0 | H10: 0 | I10: 0 | J10: 0 | K10: 0 | L10: 0 | M10: 0 | N10: 0 | O10: 0 | P10: 0 | Q10: 0 | R10: 0 | S10: 0 | T10: 0 | U10: 0 | V10: 0 | W10: 0 | X10: 0 | Y10: 0 | Z10: 0 | AA10: 0 | AB10: 0 | AC10: 0 | AD10: 0 | AE10: 0 | AF10: 0 | AG10: 0 | AH10: 0 | AI10: 0 | AJ10: 0 | AK10: 0 | AL10: 0 | AM10: 0 | AN10: 0 | AO10: 0 | AP10: 0 | AQ10: 0
A11: Drury_4b | B11: Waihoehoe Rd East upgrades- from Fitzgerald Rd to before Cossey Rd (development boundary) | C11: Expand to 24m cross section | D11: Include | E11: 2029 | F11: 3925177.7 | G11: 0 | H11: 0 | I11: 0 | J11: 0 | K11: 0 | L11: 0 | M11: 3207426.2 | N11: 0 | O11: 717751.45 | P11: 0 | Q11: 0 | R11: 0 | S11: 0 | T11: 0 | U11: 0 | V11: 0 | W11: 0 | X11: 0 | Y11: 0 | Z11: 0 | AA11: 0 | AB11: 0 | AC11: 0 | AD11: 0 | AE11: 0 | AF11: 0 | AG11: 0 | AH11: 0 | AI11: 0 | AJ11: 0 | AK11: 0 | AL11: 0 | AM11: 0 | AN11: 0 | AO11: 0 | AP11: 3925177.7 | AQ11: 0.33534875
A12: Drury_4 | B12: Waihoehoe Rd East upgrades- from Fitzgerald Rd to before Cossey Rd (development boundary) | C12: Construct Ultimate 24m Cross section initially (i.e. no interim stage) | D12: Exclude | E12: 0 | F12: 0 | G12: 0 | H12: 0 | I12: 0 | J12: 0 | K12: 0 | L12: 0 | M12: 0 | N12: 0 | O12: 0 | P12: 0 | Q12: 0 | R12: 0 | S12: 0 | T12: 0 | U12: 0 | V12: 0 | W12: 0 | X12: 0 | Y12: 0 | Z12: 0 | AA12: 0 | AB12: 0 | AC12: 0 | AD12: 0 | AE12: 0 | AF12: 0 | AG12: 0 | AH12: 0 | AI12: 0 | AJ12: 0 | AK12: 0 | AL12: 0 | AM12: 0 | AN12: 0 | AO12: 0 | AP12: 0 | AQ12: 0
A13: Drury_5 | B13: Drury Central Station | C13: Not feasible without access. Refer to item 6 below | D13: Exclude | E13: 2024 | F13: 0 | G13: 0 | H13: 0 | I13: 0 | J13: 0 | K13: 0 | L13: 0 | M13: 0 | N13: 0 | O13: 0 | P13: 0 | Q13: 0 | R13: 0 | S13: 0 | T13: 0 | U13: 0 | V13: 0 | W13: 0 | X13: 0 | Y13: 0 | Z13: 0 | AA13: 0 | AB13: 0 | AC13: 0 | AD13: 0 | AE13: 0 | AF13: 0 | AG13: 0 | AH13: 0 | AI13: 0 | AJ13: 0 | AK13: 0 | AL13: 0 | AM13: 0 | AN13: 0 | AO13: 0 | AP13: 0 | AQ13: 0
A14: Drury_6 | B14: Drury Station Connection+ intersection | C14: NZUP tbc | D14: Exclude | E14: 2024 | F14: 0 | G14: 0 | H14: 0 | I14: 0 | J14: 0 | K14: 0 | L14: 0 | M14: 0 | N14: 0 | O14: 0 | P14: 0 | Q14: 0 | R14: 0 | S14: 0 | T14: 0 | U14: 0 | V14: 0 | W14: 0 | X14: 0 | Y14: 0 | Z14: 0 | AA14: 0 | AB14: 0 | AC14: 0 | AD14: 0 | AE14: 0 | AF14: 0 | AG14: 0 | AH14: 0 | AI14: 0 | AJ14: 0 | AK14: 0 | AL14: 0 | AM14: 0 | AN14: 0 | AO14: 0 | AP14: 0 | AQ14: 0
A15: Drury_7 | B15: Fitzgerald Rd upgrades (from Waihoehoe Rd to development boundary) | C15: 2-lane urban - upgrade existing road layout with active modes on both sides | D15: Include | E15: 2036 | F15: 0 | G15: 0 | H15: 0 | I15: 0 | J15: 0 | K15: 0 | L15: 0 | M15: 0 | N15: 0 | O15: 0 | P15: 0 | Q15: 0 | R15: 0 | S15: 0 | T15: 0 | U15: 0 | V15: 0 | W15: 0 | X15: 0 | Y15: 0 | Z15: 0 | AA15: 0 | AB15: 0 | AC15: 0 | AD15: 0 | AE15: 0 | AF15: 0 | AG15: 0 | AH15: 0 | AI15: 0 | AJ15: 0 | AK15: 0 | AL15: 0 | AM15: 0 | AN15: 0 | AO15: 0 | AP15: 0 | AQ15: 0
A16: Drury_8 | B16: Fielding Rd upgrades ( from Waihoehoe Rd to development boundary ) | C16: 2-lane urban - upgrade existing road layout with active modes on both sides | D16: Include | E16: 2036 | F16: 0 | G16: 0 | H16: 0 | I16: 0 | J16: 0 | K16: 0 | L16: 0 | M16: 0 | N16: 0 | O16: 0 | P16: 0 | Q16: 0 | R16: 0 | S16: 0 | T16: 0 | U16: 0 | V16: 0 | W16: 0 | X16: 0 | Y16: 0 | Z16: 0 | AA16: 0 | AB16: 0 | AC16: 0 | AD16: 0 | AE16: 0 | AF16: 0 | AG16: 0 | AH16: 0 | AI16: 0 | AJ16: 0 | AK16: 0 | AL16: 0 | AM16: 0 | AN16: 0 | AO16: 0 | AP16: 0 | AQ16: 0
... A31: Drury_17 | B31: Oira Road to Jesmond Road Collector | C31: New 2-lane urban collector with active modes on both sides | D31: Exclude | E31: 2036 | F31: 0 | G31: 0 | H31: 0 | I31: 0 | J31: 0 | K31: 0 | L31: 0 | M31: 0 | N31: 0 | O31: 0 | P31: 0 | Q31: 0 | R31: 0 | S31: 0 | T31: 0 | U31: 0 | V31: 0 | W31: 0 | X31: 0 | Y31: 0 | Z31: 0 | AA31: 0 | AB31: 0 | AC31: 0 | AD31: 0 | AE31: 0 | AF31: 0 | AG31: 0 | AH31: 0 | AI31: 0 | AJ31: 0 | AK31: 0 | AL31: 0 | AM31: 0 | AN31: 0 | AO31: 0 | AP31: 0 | AQ31: 0
A32: Drury_19-1 | B32: SH1 3-laning and cycleway upgrades from Papakura to Drury Interchange | C32: NZUP tbc | D32: Exclude | E32: Under Construction | F32: 0 | G32: 0 | H32: 0 | I32: 0 | J32: 0 | K32: 0 | L32: 0 | M32: 0 | N32: 0 | O32: 0 | P32: 0 | Q32: 0 | R32: 0 | S32: 0 | T32: 0 | U32: 0 | V32: 0 | W32: 0 | X32: 0 | Y32: 0 | Z32: 0 | AA32: 0 | AB32: 0 | AC32: 0 | AD32: 0 | AE32: 0 | AF32: 0 | AG32: 0 | AH32: 0 | AI32: 0 | AJ32: 0 | AK32: 0 | AL32: 0 | AM32: 0 | AN32: 0 | AO32: 0 | AP32: 0 | AQ32: 0
A33: Drury_19-2 | B33: SH1 Drury Interchange including ramps | C33: NZUP tbc | D33: Exclude | E33: Under Construction | F33: 0 | G33: 0 | H33: 0 | I33: 0 | J33: 0 | K33: 0 | L33: 0 | M33: 0 | N33: 0 | O33: 0 | P33: 0 | Q33: 0 | R33: 0 | S33: 0 | T33: 0 | U33: 0 | V33: 0 | W33: 0 | X33: 0 | Y33: 0 | Z33: 0 | AA33: 0 | AB33: 0 | AC33: 0 | AD33: 0 | AE33: 0 | AF33: 0 | AG33: 0 | AH33: 0 | AI33: 0 | AJ33: 0 | AK33: 0 | AL33: 0 | AM33: 0 | AN33: 0 | AO33: 0 | AP33: 0 | AQ33: 0
A34: Drury_19-3 | B34: SH1 3-laning and cycleway upgrades from Drury Interchange To Drury South | C34: NZUP tbc | D34: Exclude | E34: 2036 | F34: 0 | G34: 0 | H34: 0 | I34: 0 | J34: 0 | K34: 0 | L34: 0 | M34: 0 | N34: 0 | O34: 0 | P34: 0 | Q34: 0 | R34: 0 | S34: 0 | T34: 0 | U34: 0 | V34: 0 | W34: 0 | X34: 0 | Y34: 0 | Z34: 0 | AA34: 0 | AB34: 0 | AC34: 0 | AD34: 0 | AE34: 0 | AF34: 0 | AG34: 0 | AH34: 0 | AI34: 0 | AJ34: 0 | AK34: 0 | AL34: 0 | AM34: 0 | AN34: 0 | AO34: 0 | AP34: 0 | AQ34: 0
A35: Drury_20a | B35: Upgrade Fitzgerald Rd from Brookefield to Cossey Rd for active modes | C35: Active mode upgrades- existing road layout with active modes on both sides + intersection upgrades for active mode crossing | D35: Include | E35: 2036 | F35: 0 | G35: 0 | H35: 0 | I35: 0 | J35: 0 | K35: 0 | L35: 0 | M35: 0 | N35: 0 | O35: 0 | P35: 0 | Q35: 0 | R35: 0 | S35: 0 | T35: 0 | U35: 0 | V35: 0 | W35: 0 | X35: 0 | Y35: 0 | Z35: 0 | AA35: 0 | AB35: 0 | AC35: 0 | AD35: 0 | AE35: 0 | AF35: 0 | AG35: 0 | AH35: 0 | AI35: 0 | AJ35: 0 | AK35: 0 | AL35: 0 | AM35: 0 | AN35: 0 | AO35: 0 | AP35: 0 | AQ35: 0
A36: Drury_21 | B36: Fielding Rd upgrades for active modes ( from Fitzgerald Rd to development boundary ) | C36: Active mode upgrades- existing road layout with active modes on both sides + intersection upgrades for active mode crossing | D36: Include | E36: 2035 | F36: 0 | G36: 0 | H36: 0 | I36: 0 | J36: 0 | K36: 0 | L36: 0 | M36: 0 | N36: 0 | O36: 0 | P36: 0 | Q36: 0 | R36: 0 | S36: 0 | T36: 0 | U36: 0 | V36: 0 | W36: 0 | X36: 0 | Y36: 0 | Z36: 0 | AA36: 0 | AB36: 0 | AC36: 0 | AD36: 0 | AE36: 0 | AF36: 0 | AG36: 0 | AH36: 0 | AI36: 0 | AJ36: 0 | AK36: 0 | AL36: 0 | AM36: 0 | AN36: 0 | AO36: 0 | AP36: 0 | AQ36: 0
A37: Drury_22 | B37: Upgrade Intersection at Quarry/ GSR | C37: Upgrade intersection with active modes facilities(TDM) | D37: Include | E37: 2036 | F37: 0 | G37: 0 | H37: 0 | I37: 0 | J37: 0 | K37: 0 | L37: 0 | M37: 0 | N37: 0 | O37: 0 | P37: 0 | Q37: 0 | R37: 0 | S37: 0 | T37: 0 | U37: 0 | V37: 0 | W37: 0 | X37: 0 | Y37: 0 | Z37: 0 | AA37: 0 | AB37: 0 | AC37: 0 | AD37: 0 | AE37: 0 | AF37: 0 | AG37: 0 | AH37: 0 | AI37: 0 | AJ37: 0 | AK37: 0 | AL37: 0 | AM37: 0 | AN37: 0 | AO37: 0 | AP37: 0 | AQ37: 0
A38: Drury_23a | B38: Waihoehoe Rd West upgrades- between GSR & Kath Henry | C38: Interim 2-lane – install kerb and channel within existing road corridor with provision of active modes on both sides, 20m cross-section | D38: Exclude | E38: 2025 | F38: 0 | G38: 0 | H38: 0 | I38: 0 | J38: 0 | K38: 0 | L38: 0 | M38: 0 | N38: 0 | O38: 0 | P38: 0 | Q38: 0 | R38: 0 | S38: 0 | T38: 0 | U38: 0 | V38: 0 | W38: 0 | X38: 0 | Y38: 0 | Z38: 0 | AA38: 0 | AB38: 0 | AC38: 0 | AD38: 0 | AE38: 0 | AF38: 0 | AG38: 0 | AH38: 0 | AI38: 0 | AJ38: 0 | AK38: 0 | AL38: 0 | AM38: 0 | AN38: 0 | AO38: 0 | AP38: 0 | AQ38: 0
A39: Drury_23b | B39: Waihoehoe Rd West upgrades- between GSR & Kath Henry Lane | C39: Final 4-lane - following interim option, upgrade Road corridor to provide four lanes with additional turning lanes at intersections where required (as indicated in SGA Design | D39: Exclude | E39: 2031 | F39: 0 | G39: 0 | H39: 0 | I39: 0 | J39: 0 | K39: 0 | L39: 0 | M39: 0 | N39: 0 | O39: 0 | P39: 0 | Q39: 0 | R39: 0 | S39: 0 | T39: 0 | U39: 0 | V39: 0 | W39: 0 | X39: 0 | Y39: 0 | Z39: 0 | AA39: 0 | AB39: 0 | AC39: 0 | AD39: 0 | AE39: 0 | AF39: 0 | AG39: 0 | AH39: 0 | AI39: 0 | AJ39: 0 | AK39: 0 | AL39: 0 | AM39: 0 | AN39: 0 | AO39: 0 | AP39: 0 | AQ39: 0
A40: Drury_23c | B40: Waihoehoe Rd West upgrades- between Kath Henry Lane and Fitzgerald Rd | C40: Interim 2-lane – install kerb and channel within existing road corridor with provision of active modes on both sides, 20m cross-section | D40: Include | E40: 2025 | F40: 0 | G40: 0 | H40: 0 | I40: 0 | J40: 0 | K40: 0 | L40: 0 | M40: 0 | N40: 0 | O40: 0 | P40: 0 | Q40: 0 | R40: 0 | S40: 0 | T40: 0 | U40: 0 | V40: 0 | W40: 0 | X40: 0 | Y40: 0 | Z40: 0 | AA40: 0 | AB40: 0 | AC40: 0 | AD40: 0 | AE40: 0 | AF40: 0 | AG40: 0 | AH40: 0 | AI40: 0 | AJ40: 0 | AK40: 0 | AL40: 0 | AM40: 0 | AN40: 0 | AO40: 0 | AP40: 0 | AQ40: 0
A41: Drury_23d | B41: Waihoehoe Rd West upgrades- between Kath Henry Lane and Fitzgerald Rd | C41: Final 4-lane - following interim option, upgrade Road corridor to provide four lanes with additional turning lanes at intersections where required (as indicated in SGA Design | D41: Include | E41: 2037 | F41: 5179640.7 | G41: 0 | H41: 0 | I41: 0 | J41: 0 | K41: 0 | L41: 0 | M41: 0 | N41: 0 | O41: 0 | P41: 0 | Q41: 0 | R41: 0 | S41: 0 | T41: 0 | U41: 4435142.6 | V41: 0 | W41: 744498.01 | X41: 0 | Y41: 0 | Z41: 0 | AA41: 0 | AB41: 0 | AC41: 0 | AD41: 0 | AE41: 0 | AF41: 0 | AG41: 0 | AH41: 0 | AI41: 0 | AJ41: 0 | AK41: 0 | AL41: 0 | AM41: 0 | AN41: 0 | AO41: 0 | AP41: 5179640.7 | AQ41: -0.69037435
A42: Drury_23 | B42: Waihoehoe Rd West upgrades- between GSR & Fitzgerald Rd, including bridge replacement over the rail corridor | C42: 4-lane urban- upgrade 2-lane with active modes on both sides, SGA design | D42: Exclude | E42: 0 | F42: 0 | G42: 0 | H42: 0 | I42: 0 | J42: 0 | K42: 0 | L42: 0 | M42: 0 | N42: 0 | O42: 0 | P42: 0 | Q42: 0 | R42: 0 | S42: 0 | T42: 0 | U42: 0 | V42: 0 | W42: 0 | X42: 0 | Y42: 0 | Z42: 0 | AA42: 0 | AB42: 0 | AC42: 0 | AD42: 0 | AE42: 0 | AF42: 0 | AG42: 0 | AH42: 0 | AI42: 0 | AJ42: 0 | AK42: 0 | AL42: 0 | AM42: 0 | AN42: 0 | AO42: 0 | AP42: 0 | AQ42: 0
A43: Drury_24 | B43: Upgrades on Waihoehoe Rd east- from project 4 to Drury Hills + Drury Hills Intersection | C43: 2-lane urban - upgrade existing road layout with active modes on both sides, 20m cross-section | D43: Include | E43: 2038 | F43: 5010043.6 | G43: 0 | H43: 0 | I43: 0 | J43: 0 | K43: 0 | L43: 0 | M43: 431750.09 | N43: 0 | O43: 0 | P43: 0 | Q43: 0 | R43: 0 | S43: 0 | T43: 0 | U43: 0 | V43: 4578293.5 | W43: 0 | X43: 0 | Y43: 0 | Z43: 0 | AA43: 0 | AB43: 0 | AC43: 0 | AD43: 0 | AE43: 0 | AF43: 0 | AG43: 0 | AH43: 0 | AI43: 0 | AJ43: 0 | AK43: 0 | AL43: 0 | AM43: 0 | AN43: 0 | AO43: 0 | AP43: 5010043.6 | AQ43: -0.40991971
A44: Drury_25 | B44: Upgrades on Drury Hills from Waihoehoe Rd to Macwhinney Dr | C44: 2-lane urban- upgrade existing road layout to 2-lane urban with active modes on both sides | D44: Include | E44: 2039 | F44: 0 | G44: 0 | H44: 0 | I44: 0 | J44: 0 | K44: 0 | L44: 0 | M44: 0 | N44: 0 | O44: 0 | P44: 0 | Q44: 0 | R44: 0 | S44: 0 | T44: 0 | U44: 0 | V44: 0 | W44: 0 | X44: 0 | Y44: 0 | Z44: 0 | AA44: 0 | AB44: 0 | AC44: 0 | AD44: 0 | AE44: 0 | AF44: 0 | AG44: 0 | AH44: 0 | AI44: 0 | AJ44: 0 | AK44: 0 | AL44: 0 | AM44: 0 | AN44: 0 | AO44: 0 | AP44: 0 | AQ44: 0
A45: Drury_27a | B45: Active mode facilities from Drury hills and Fitzgerald to Quarry Rd (2 links and intersections) | C45: Active mode upgrades- existing road layout with active modes on both sides + intersection upgrades for active mode crossing | D45: Include | E45: 2039 | F45: 0 | G45: 0 | H45: 0 | I45: 0 | J45: 0 | K45: 0 | L45: 0 | M45: 0 | N45: 0 | O45: 0 | P45: 0 | Q45: 0 | R45: 0 | S45: 0 | T45: 0 | U45: 0 | V45: 0 | W45: 0 | X45: 0 | Y45: 0 | Z45: 0 | AA45: 0 | AB45: 0 | AC45: 0 | AD45: 0 | AE45: 0 | AF45: 0 | AG45: 0 | AH45: 0 | AI45: 0 | AJ45: 0 | AK45: 0 | AL45: 0 | AM45: 0 | AN45: 0 | AO45: 0 | AP45: 0 | AQ45: 0
... A70: Drury_18b | B70: Mill Road: From Waihoehoe Rd to Fitzgerald Road (depends on Mill Road alignment) | C70: 4-lane urban- with active modes on both sides, TDM , (depends on Mill Rd) | D70: Exclude | E70: 2052 | F70: 0 | G70: 0 | H70: 0 | I70: 0 | J70: 0 | K70: 0 | L70: 0 | M70: 0 | N70: 0 | O70: 0 | P70: 0 | Q70: 0 | R70: 0 | S70: 0 | T70: 0 | U70: 0 | V70: 0 | W70: 0 | X70: 0 | Y70: 0 | Z70: 0 | AA70: 0 | AB70: 0 | AC70: 0 | AD70: 0 | AE70: 0 | AF70: 0 | AG70: 0 | AH70: 0 | AI70: 0 | AJ70: 0 | AK70: 0 | AL70: 0 | AM70: 0 | AN70: 0 | AO70: 0 | AP70: 0 | AQ70: 0
A71: Drury_39a | B71: New Bremner Rd arterial from SH1 to Auranga development | C71: 2-lane urban- new road layout with active modes on both sides (Under construction) | D71: Exclude | E71: Under Construction | F71: 0 | G71: 0 | H71: 0 | I71: 0 | J71: 0 | K71: 0 | L71: 0 | M71: 0 | N71: 0 | O71: 0 | P71: 0 | Q71: 0 | R71: 0 | S71: 0 | T71: 0 | U71: 0 | V71: 0 | W71: 0 | X71: 0 | Y71: 0 | Z71: 0 | AA71: 0 | AB71: 0 | AC71: 0 | AD71: 0 | AE71: 0 | AF71: 0 | AG71: 0 | AH71: 0 | AI71: 0 | AJ71: 0 | AK71: 0 | AL71: 0 | AM71: 0 | AN71: 0 | AO71: 0 | AP71: 0 | AQ71: 0
A72: Drury_39b | B72: New Bremner Rd arterial from SH1 to Auranga development | C72: 4-lane urban- upgrade 2-lane urban excl bridge | D72: Include | E72: 2047 | F72: 0 | G72: 0 | H72: 0 | I72: 0 | J72: 0 | K72: 0 | L72: 0 | M72: 0 | N72: 0 | O72: 0 | P72: 0 | Q72: 0 | R72: 0 | S72: 0 | T72: 0 | U72: 0 | V72: 0 | W72: 0 | X72: 0 | Y72: 0 | Z72: 0 | AA72: 0 | AB72: 0 | AC72: 0 | AD72: 0 | AE72: 0 | AF72: 0 | AG72: 0 | AH72: 0 | AI72: 0 | AJ72: 0 | AK72: 0 | AL72: 0 | AM72: 0 | AN72: 0 | AO72: 0 | AP72: 0 | AQ72: 0
A73: Drury_39c | B73: New Bremner Rd arterial from SH1 to Auranga development | C73: 4-lane urban- upgrade 2-lane bridge widening | D73: Include | E73: 2047 | F73: 0 | G73: 0 | H73: 0 | I73: 0 | J73: 0 | K73: 0 | L73: 0 | M73: 0 | N73: 0 | O73: 0 | P73: 0 | Q73: 0 | R73: 0 | S73: 0 | T73: 0 | U73: 0 | V73: 0 | W73: 0 | X73: 0 | Y73: 0 | Z73: 0 | AA73: 0 | AB73: 0 | AC73: 0 | AD73: 0 | AE73: 0 | AF73: 0 | AG73: 0 | AH73: 0 | AI73: 0 | AJ73: 0 | AK73: 0 | AL73: 0 | AM73: 0 | AN73: 0 | AO73: 0 | AP73: 0 | AQ73: 0
A74: Drury_40a | B74: New intersection on Jesmond/Bremner Rd | C74: 2-lane signalised intersection (new intersection with active mode crossings) | D74: Include | E74: 2037 | F74: 13945363 | G74: 0 | H74: 0 | I74: 0 | J74: 0 | K74: 0 | L74: 0 | M74: 0 | N74: 0 | O74: 0 | P74: 0 | Q74: 0 | R74: 0 | S74: 0 | T74: 0 | U74: 13466763 | V74: 0 | W74: 478599.66 | X74: 0 | Y74: 0 | Z74: 0 | AA74: 0 | AB74: 0 | AC74: 0 | AD74: 0 | AE74: 0 | AF74: 0 | AG74: 0 | AH74: 0 | AI74: 0 | AJ74: 0 | AK74: 0 | AL74: 0 | AM74: 0 | AN74: 0 | AO74: 0 | AP74: 13945363 | AQ74: -0.68773139
